Workbook

Sheet Смета 12 гр. по ФЕР
A1: =Source!B1 -> Smeta.RU (495) 974-1589 | H1: ПРИЛОЖЕНИЕ 1 к ФОРМЕ 7
B4: СМЕТА
B8: Капитальный ремонт столовой в учебном корпусе Димитровградского инженерно-технологического института-филиала НИЯУ МИФИ (ДИТИ НИЯУ МИФИ) по адресу: Ульяновская область, г. Димитровград, , пр-т Димитрова, д.5
G11: базовая цена | I11: текущая цена
C12: Сметная стоимость | G12: =SUM(O1:O319)/1000 -> 143.36207 | I12: =(Source!P280/1000) -> 1013.8722 | K12: тыс. руб.
C13: Строительные работы | G13: =SUM(W1:W319)/1000 -> 130.99243 | I13: =(Source!P267)/1000 -> 785.11947 | K13: тыс. руб.
C14: Монтажные работы | G14: =SUM(X1:X319)/1000 -> 12.36964 | I14: =(Source!P268)/1000 -> 74.09423 | K14: тыс. руб.
C15: Оборудование | G15: =SUM(Y1:Y319)/1000 -> 0 | I15: =(Source!P259)/1000 -> 0 | K15: тыс. руб.
C16: Прочие работы | G16: =SUM(Z1:Z319)/1000 -> 0 | I16: =(Source!P269+Source!P270)/1000 -> 0 | K16: тыс. руб.
C17: Нормативная трудоемкость | G17: =I17 -> 1975.5439 | I17: =(Source!P272+Source!P273) -> 1975.5439 | K17: чел. -ч.
C18: Средства на оплату труда | G18: =SUM(R1:R319)/1000 -> 17.7126 | I18: =((Source!P265 + Source!P264)/1000) -> 106.09847 | K18: тыс. руб.
A20: Составлена в ценах IV квартал 2017 года
A21: № п/п | B21: Шифр расценки и коды ресурсов | C21: Наименование работ и затрат | D21: Ед. изм. | E21: Кол-во единиц | F21: Цена на ед. изм. | G21: Попра-вочные коэфф. | H21: Стоимость в ценах 2001г. | I21: Пункт коэфф. пересчета | J21: Коэфф. пересчета | K21: Стоимость в текущих ценах | L21: ЗТР всего чел.-час
A22: 1 | B22: 2 | C22: 3 | D22: 4 | E22: 5 | F22: 6 | G22: 7 | H22: 8 | I22: 9 | J22: 10 | K22: 11 | L22: 12
A24: =CONCATENATE("Локальная смета: ",IF(Source!G20<>"Новая локальная смета", Source!G20, "")) -> Локальная смета:
A26: =CONCATENATE("Раздел: ",IF(Source!G24<>"Новый раздел", Source!G24, "")) -> Раздел: Раздел Общестроительные работы
A27: =Source!E29 -> 1 | B27: =Source!F29 -> 46-04-012-01 | C27: =Source!G29 -> Разборка деревянных заполнений проемов оконных с подоконными досками | D27: =Source!H29 -> 100 м2 | E27: =Source!I29 -> 0.2808 | F27: =Source!AL29+Source!AM29+Source!AO29 -> 1767.24 | I27: =Source!BO29 | S27: =ROUND((Source!FX29/100)*((ROUND(Source!AF29*Source!I29, 2)+ROUND(Source!AE29*Source!I29, 2))), 2) -> 453.06 | T27: =Source!X29 -> 2713.87 | U27: =ROUND((Source!FY29/100)*((ROUND(Source!AF29*Source!I29, 2)+ROUND(Source!AE29*Source!I29, 2))), 2) -> 272.3 | V27: =Source!Y29 -> 1644.77
C28: ="Объем: "&Source!I29&"=28,08/"&"100" -> Объем: 0,2808=28,08/100
C29: Зарплата | F29: =Source!AO29 -> 1525.29 | G29: =Source!DG29 | H29: =ROUND(Source!AF29*Source!I29, 2) -> 428.3 | J29: =IF(Source!BA29<> 0, Source!BA29, 1) -> 5.99 | K29: =Source!S29 -> 2565.53 | R29: =H29 -> 428.3
C30: Эксплуатация машин | F30: =Source!AM29 -> 241.95 | G30: =Source!DE29 | H30: =ROUND(Source!AD29*Source!I29, 2) -> 67.94 | J30: =IF(Source!BB29<> 0, Source!BB29, 1) -> 5.99 | K30: =Source!Q29 -> 406.96
C31: в т.ч. зарплата машинистов | F31: =Source!AN29 -> 104.49 | G31: =Source!DF29 | H31: =ROUND(Source!AE29*Source!I29, 2) -> 29.34 | J31: =IF(Source!BS29<> 0, Source!BS29, 1) -> 5.99 | K31: =Source!R29 -> 175.75 | R31: =H31 -> 29.34
C32: НР от ФОТ | D32: % | E32: =Source!BZ29 -> 110 | F32: =CONCATENATE(" )", Source!DL29, Source!FT29, "=", Source!FX29) -> )*0,9=99 | H32: =SUM(S27:S34) -> 453.06 | J32: =Source!AT29 -> 99 | K32: =SUM(T27:T34) -> 2713.87
C33: СП от ФОТ | D33: % | E33: =Source!CA29 -> 70 | F33: =CONCATENATE(" )", Source!DM29, Source!FU29, "=", Source!FY29) -> )*0,85=59,5 | H33: =SUM(U27:U34) -> 272.3 | J33: =Source!AU29 -> 60 | K33: =SUM(V27:V34) -> 1644.77
C34: Затраты труда | D34: чел-ч | E34: =Source!AQ29 -> 188.54 | G34: =Source!DI29 | L34: =Source!U29 -> 52.942032
G35: =H29+H30+H32+H33 -> 1221.6 | J35: =K29+K30+K32+K33 -> 7331.13 | L35: =Source!U29 -> 52.942032 | O35: =G35 -> 1221.6 | P35: =J35 -> 7331.13 | Q35: =L35 -> 52.942032 | W35: =IF(Source!BI29<=1,H29+H30+H32+H33, 0) -> 1221.6 | X35: =IF(Source!BI29=2,H29+H30+H32+H33, 0) -> 0 | Y35: =IF(Source!BI29=3,H29+H30+H32+H33, 0) -> 0 | Z35: =IF(Source!BI29=4,H29+H30+H32+H33, 0) -> 0
A36: =Source!E31 -> 2 | B36: =Source!F31 -> 46-04-012-03 | C36: =Source!G31 -> Разборка деревянных заполнений проемов дверных и воротных | D36: =Source!H31 -> 100 м2 | E36: =Source!I31 -> 0.0608 | F36: =Source!AL31+Source!AM31+Source!AO31 -> 1082.58 | I36: =Source!BO31 | S36: =ROUND((Source!FX31/100)*((ROUND(Source!AF31*Source!I31, 2)+ROUND(Source!AE31*Source!I31, 2))), 2) -> 56.89 | T36: =Source!X31 -> 340.76 | U36: =ROUND((Source!FY31/100)*((ROUND(Source!AF31*Source!I31, 2)+ROUND(Source!AE31*Source!I31, 2))), 2) -> 34.19 | V36: =Source!Y31 -> 206.52
C37: ="Объем: "&Source!I31&"=6,08/"&"100" -> Объем: 0,0608=6,08/100
C38: Зарплата | F38: =Source!AO31 -> 840.63 | G38: =Source!DG31 | H38: =ROUND(Source!AF31*Source!I31, 2) -> 51.11 | J38: =IF(Source!BA31<> 0, Source!BA31, 1) -> 5.99 | K38: =Source!S31 -> 306.15 | R38: =H38 -> 51.11
C39: Эксплуатация машин | F39: =Source!AM31 -> 241.95 | G39: =Source!DE31 | H39: =ROUND(Source!AD31*Source!I31, 2) -> 14.71 | J39: =IF(Source!BB31<> 0, Source!BB31, 1) -> 5.99 | K39: =Source!Q31 -> 88.12
C40: в т.ч. зарплата машинистов | F40: =Source!AN31 -> 104.49 | G40: =Source!DF31 | H40: =ROUND(Source!AE31*Source!I31, 2) -> 6.35 | J40: =IF(Source!BS31<> 0, Source!BS31, 1) -> 5.99 | K40: =Source!R31 -> 38.05 | R40: =H40 -> 6.35
C41: НР от ФОТ | D41: % | E41: =Source!BZ31 -> 110 | F41: =CONCATENATE(" )", Source!DL31, Source!FT31, "=", Source!FX31) -> )*0,9=99 | H41: =SUM(S36:S43) -> 56.89 | J41: =Source!AT31 -> 99 | K41: =SUM(T36:T43) -> 340.76
C42: СП от ФОТ | D42: % | E42: =Source!CA31 -> 70 | F42: =CONCATENATE(" )", Source!DM31, Source!FU31, "=", Source!FY31) -> )*0,85=59,5 | H42: =SUM(U36:U43) -> 34.19 | J42: =Source!AU31 -> 60 | K42: =SUM(V36:V43) -> 206.52
C43: Затраты труда | D43: чел-ч | E43: =Source!AQ31 -> 103.91 | G43: =Source!DI31 | L43: =Source!U31 -> 6.317728
G44: =H38+H39+H41+H42 -> 156.9 | J44: =K38+K39+K41+K42 -> 941.55 | L44: =Source!U31 -> 6.317728 | O44: =G44 -> 156.9 | P44: =J44 -> 941.55 | Q44: =L44 -> 6.317728 | W44: =IF(Source!BI31<=1,H38+H39+H41+H42, 0) -> 156.9 | X44: =IF(Source!BI31=2,H38+H39+H41+H42, 0) -> 0 | Y44: =IF(Source!BI31=3,H38+H39+H41+H42, 0) -> 0 | Z44: =IF(Source!BI31=4,H38+H39+H41+H42, 0) -> 0
A45: =Source!E33 -> 3 | B45: =Source!F33 -> 20-02-002-04 | C45: =Source!G33 -> Демонтаж решеток жалюзийных площадью в свету до 2,5 м2 | D45: =Source!H33 -> ШТ | E45: =Source!I33 -> 18 | F45: =Source!AL33+Source!AM33+Source!AO33 -> 44.01 | I45: =Source!BO33 | S45: =ROUND((Source!FX33/100)*((ROUND(Source!AF33*Source!I33, 2)+ROUND(Source!AE33*Source!I33, 2))), 2) -> 200.22 | T45: =Source!X33 -> 1197.28 | U45: =ROUND((Source!FY33/100)*((ROUND(Source!AF33*Source!I33, 2)+ROUND(Source!AE33*Source!I33, 2))), 2) -> 122.62 | V45: =Source!Y33 -> 739.19
C46: Зарплата | F46: =Source!AO33 -> 23.77 | G46: =Source!DG33 -> )*0,4 | H46: =ROUND(Source!AF33*Source!I33, 2) -> 171.14 | J46: =IF(Source!BA33<> 0, Source!BA33, 1) -> 5.99 | K46: =Source!S33 -> 1025.15 | R46: =H46 -> 171.14
C47: Эксплуатация машин | F47: =Source!AM33 -> 4.29 | G47: =Source!DE33 -> )*0,4 | H47: =ROUND(Source!AD33*Source!I33, 2) -> 30.89 | J47: =IF(Source!BB33<> 0, Source!BB33, 1) -> 5.99 | K47: =Source!Q33 -> 185.02
C48: в т.ч. зарплата машинистов | F48: =Source!AN33 -> 0.37 | G48: =Source!DF33 -> )*0,4 | H48: =ROUND(Source!AE33*Source!I33, 2) -> 2.66 | J48: =IF(Source!BS33<> 0, Source!BS33, 1) -> 5.99 | K48: =Source!R33 -> 15.96 | R48: =H48 -> 2.66
C49: НР от ФОТ | D49: % | E49: =Source!BZ33 -> 128 | F49: =CONCATENATE(" )", Source!DL33, Source!FT33, "=", Source!FX33) -> )*0,9=115,2 | H49: =SUM(S45:S51) -> 200.22 | J49: =Source!AT33 -> 115 | K49: =SUM(T45:T51) -> 1197.28
C50: СП от ФОТ | D50: % | E50: =Source!CA33 -> 83 | F50: =CONCATENATE(" )", Source!DM33, Source!FU33, "=", Source!FY33) -> )*0,85=70,55 | H50: =SUM(U45:U51) -> 122.62 | J50: =Source!AU33 -> 71 | K50: =SUM(V45:V51) -> 739.19
C51: Затраты труда | D51: чел-ч | E51: =Source!AQ33 -> 2.65 | G51: =Source!DI33 -> )*0,4 | L51: =Source!U33 -> 19.08
G52: =H46+H47+H49+H50 -> 524.87 | J52: =K46+K47+K49+K50 -> 3146.64 | L52: =Source!U33 -> 19.08 | O52: =G52 -> 524.87 | P52: =J52 -> 3146.64 | Q52: =L52 -> 19.08 | W52: =IF(Source!BI33<=1,H46+H47+H49+H50, 0) -> 524.87 | X52: =IF(Source!BI33=2,H46+H47+H49+H50, 0) -> 0 | Y52: =IF(Source!BI33=3,H46+H47+H49+H50, 0) -> 0 | Z52: =IF(Source!BI33=4,H46+H47+H49+H50, 0) -> 0
A53: =Source!E35 -> 4 | B53: =Source!F35 -> 57-2-2 | C53: =Source!G35 -> Разборка покрытий полов из плиток поливинилхлоридных | D53: =Source!H35 -> 100 м2 | E53: =Source!I35 -> 0.6173 | F53: =Source!AL35+Source!AM35+Source!AO35 -> 280.88 | I53: =Source!BO35 | S53: =ROUND((Source!FX35/100)*((ROUND(Source!AF35*Source!I35, 2)+ROUND(Source!AE35*Source!I35, 2))), 2) -> 137.58 | T53: =Source!X35 -> 824.07 | U53: =ROUND((Source!FY35/100)*((ROUND(Source!AF35*Source!I35, 2)+ROUND(Source!AE35*Source!I35, 2))), 2) -> 116.94 | V53: =Source!Y35 -> 700.46
C54: ="Объем: "&Source!I35&"=61,73/"&"100" -> Объем: 0,6173=61,73/100
C55: Зарплата | F55: =Source!AO35 -> 276.82 | G55: =Source!DG35 | H55: =ROUND(Source!AF35*Source!I35, 2) -> 170.88 | J55: =IF(Source!BA35<> 0, Source!BA35, 1) -> 5.99 | K55: =Source!S35 -> 1023.58 | R55: =H55 -> 170.88
C56: Эксплуатация машин | F56: =Source!AM35 -> 4.06 | G56: =Source!DE35 | H56: =ROUND(Source!AD35*Source!I35, 2) -> 2.51 | J56: =IF(Source!BB35<> 0, Source!BB35, 1) -> 5.99 | K56: =Source!Q35 -> 15.01
C57: в т.ч. зарплата машинистов | F57: =Source!AN35 -> 1.76 | G57: =Source!DF35 | H57: =ROUND(Source!AE35*Source!I35, 2) -> 1.09 | J57: =IF(Source!BS35<> 0, Source!BS35, 1) -> 5.99 | K57: =Source!R35 -> 6.51 | R57: =H57 -> 1.09
C58: НР от ФОТ | D58: % | E58: =Source!BZ35 -> 80 | H58: =SUM(S53:S60) -> 137.58 | J58: =Source!AT35 -> 80 | K58: =SUM(T53:T60) -> 824.07
C59: СП от ФОТ | D59: % | E59: =Source!CA35 -> 68 | H59: =SUM(U53:U60) -> 116.94 | J59: =Source!AU35 -> 68 | K59: =SUM(V53:V60) -> 700.46
C60: Затраты труда | D60: чел-ч | E60: =Source!AQ35 -> 35.49 | G60: =Source!DI35 | L60: =Source!U35 -> 21.907977
G61: =H55+H56+H58+H59 -> 427.91 | J61: =K55+K56+K58+K59 -> 2563.12 | L61: =Source!U35 -> 21.907977 | O61: =G61 -> 427.91 | P61: =J61 -> 2563.12 | Q61: =L61 -> 21.907977 | W61: =IF(Source!BI35<=1,H55+H56+H58+H59, 0) -> 427.91 | X61: =IF(Source!BI35=2,H55+H56+H58+H59, 0) -> 0 | Y61: =IF(Source!BI35=3,H55+H56+H58+H59, 0) -> 0 | Z61: =IF(Source!BI35=4,H55+H56+H58+H59, 0) -> 0
A62: =Source!E37 -> 5 | B62: =Source!F37 -> 57-2-3 | C62: =Source!G37 -> Разборка покрытий полов из керамических плиток | D62: =Source!H37 -> 100 м2 | E62: =Source!I37 -> 1.3585 | F62: =Source!AL37+Source!AM37+Source!AO37 -> 641 | I62: =Source!BO37 | S62: =ROUND((Source!FX37/100)*((ROUND(Source!AF37*Source!I37, 2)+ROUND(Source!AE37*Source!I37, 2))), 2) -> 668.85 | T62: =Source!X37 -> 4006.41 | U62: =ROUND((Source!FY37/100)*((ROUND(Source!AF37*Source!I37, 2)+ROUND(Source!AE37*Source!I37, 2))), 2) -> 568.52 | V62: =Source!Y37 -> 3405.45
C63: ="Объем: "&Source!I37&"=135,85/"&"100" -> Объем: 1,3585=135,85/100
C64: Зарплата | F64: =Source!AO37 -> 595.99 | G64: =Source!DG37 | H64: =ROUND(Source!AF37*Source!I37, 2) -> 809.65 | J64: =IF(Source!BA37<> 0, Source!BA37, 1) -> 5.99 | K64: =Source!S37 -> 4849.82 | R64: =H64 -> 809.65
C65: Эксплуатация машин | F65: =Source!AM37 -> 45.01 | G65: =Source!DE37 | H65: =ROUND(Source!AD37*Source!I37, 2) -> 61.15 | J65: =IF(Source!BB37<> 0, Source!BB37, 1) -> 5.99 | K65: =Source!Q37 -> 366.27
C66: в т.ч. зарплата машинистов | F66: =Source!AN37 -> 19.44 | G66: =Source!DF37 | H66: =ROUND(Source!AE37*Source!I37, 2) -> 26.41 | J66: =IF(Source!BS37<> 0, Source!BS37, 1) -> 5.99 | K66: =Source!R37 -> 158.19 | R66: =H66 -> 26.41
C67: НР от ФОТ | D67: % | E67: =Source!BZ37 -> 80 | H67: =SUM(S62:S69) -> 668.85 | J67: =Source!AT37 -> 80 | K67: =SUM(T62:T69) -> 4006.41
C68: СП от ФОТ | D68: % | E68: =Source!CA37 -> 68 | H68: =SUM(U62:U69) -> 568.52 | J68: =Source!AU37 -> 68 | K68: =SUM(V62:V69) -> 3405.45
C69: Затраты труда | D69: чел-ч | E69: =Source!AQ37 -> 69.87 | G69: =Source!DI37 | L69: =Source!U37 -> 94.918395
G70: =H64+H65+H67+H68 -> 2108.17 | J70: =K64+K65+K67+K68 -> 12627.95 | L70: =Source!U37 -> 94.918395 | O70: =G70 -> 2108.17 | P70: =J70 -> 12627.95 | Q70: =L70 -> 94.918395 | W70: =IF(Source!BI37<=1,H64+H65+H67+H68, 0) -> 2108.17 | X70: =IF(Source!BI37=2,H64+H65+H67+H68, 0) -> 0 | Y70: =IF(Source!BI37=3,H64+H65+H67+H68, 0) -> 0 | Z70: =IF(Source!BI37=4,H64+H65+H67+H68, 0) -> 0
A71: =Source!E39 -> 6 | B71: =Source!F39 -> 55-5-1 | C71: =Source!G39 -> Разборка кирпичных перегородок на отдельные кирпичи | D71: =Source!H39 -> 100 м2 | E71: =Source!I39 -> 0.0734 | F71: =Source!AL39+Source!AM39+Source!AO39 -> 1443.4 | I71: =Source!BO39 | S71: =ROUND((Source!FX39/100)*((ROUND(Source!AF39*Source!I39, 2)+ROUND(Source!AE39*Source!I39, 2))), 2) -> 78.68 | T71: =Source!X39 -> 471.3 | U71: =ROUND((Source!FY39/100)*((ROUND(Source!AF39*Source!I39, 2)+ROUND(Source!AE39*Source!I39, 2))), 2) -> 57.47 | V71: =Source!Y39 -> 344.21
C72: ="Объем: "&Source!I39&"=7,34/"&"100" -> Объем: 0,0734=7,34/100
C73: Зарплата | F73: =Source!AO39 -> 1204.44 | G73: =Source!DG39 | H73: =ROUND(Source!AF39*Source!I39, 2) -> 88.41 | J73: =IF(Source!BA39<> 0, Source!BA39, 1) -> 5.99 | K73: =Source!S39 -> 529.55 | R73: =H73 -> 88.41
C74: Эксплуатация машин | F74: =Source!AM39 -> 238.96 | G74: =Source!DE39 | H74: =ROUND(Source!AD39*Source!I39, 2) -> 17.54 | J74: =IF(Source!BB39<> 0, Source!BB39, 1) -> 5.99 | K74: =Source!Q39 -> 105.06
C75: НР от ФОТ | D75: % | E75: =Source!BZ39 -> 89 | H75: =SUM(S71:S77) -> 78.68 | J75: =Source!AT39 -> 89 | K75: =SUM(T71:T77) -> 471.3
C76: СП от ФОТ | D76: % | E76: =Source!CA39 -> 65 | H76: =SUM(U71:U77) -> 57.47 | J76: =Source!AU39 -> 65 | K76: =SUM(V71:V77) -> 344.21
C77: Затраты труда | D77: чел-ч | E77: =Source!AQ39 -> 141.2 | G77: =Source!DI39 | L77: =Source!U39 -> 10.36408
G78: =H73+H74+H75+H76 -> 242.1 | J78: =K73+K74+K75+K76 -> 1450.12 | L78: =Source!U39 -> 10.36408 | O78: =G78 -> 242.1 | P78: =J78 -> 1450.12 | Q78: =L78 -> 10.36408 | W78: =IF(Source!BI39<=1,H73+H74+H75+H76, 0) -> 242.1 | X78: =IF(Source!BI39=2,H73+H74+H75+H76, 0) -> 0 | Y78: =IF(Source!BI39=3,H73+H74+H75+H76, 0) -> 0 | Z78: =IF(Source!BI39=4,H73+H74+H75+H76, 0) -> 0
A79: =Source!E41 -> 7 | B79: =Source!F41 -> 15-01-049-03 | C79: =Source!G41 -> Демонтаж: Облицовка стен по готовому каркасу щитами-картинами из древесностружечных плит облицованных слоистым пластиком | D79: =Source!H41 -> 100 м2 | E79: =Source!I41 -> 1.9463 | F79: =Source!AL41+Source!AM41+Source!AO41 -> 4542.95 | I79: =Source!BO41 | S79: =ROUND((Source!FX41/100)*((ROUND(Source!AF41*Source!I41, 2)+ROUND(Source!AE41*Source!I41, 2))), 2) -> 4339.19 | T79: =Source!X41 -> 26129.3 | U79: =ROUND((Source!FY41/100)*((ROUND(Source!AF41*Source!I41, 2)+ROUND(Source!AE41*Source!I41, 2))), 2) -> 2146.64 | V79: =Source!Y41 -> 12927.13
C80: ="Объем: "&Source!I41&"=194,63/"&"100" -> Объем: 1,9463=194,63/100
C81: Зарплата | F81: =Source!AO41 -> 2929.08 | G81: =Source!DG41 -> )*0,8 | H81: =ROUND(Source!AF41*Source!I41, 2) -> 4560.69 | J81: =IF(Source!BA41<> 0, Source!BA41, 1) -> 5.99 | K81: =Source!S41 -> 27318.56 | R81: =H81 -> 4560.69
C82: Эксплуатация машин | F82: =Source!AM41 -> 99.4 | G82: =Source!DE41 -> )*0,8 | H82: =ROUND(Source!AD41*Source!I41, 2) -> 154.77 | J82: =IF(Source!BB41<> 0, Source!BB41, 1) -> 5.99 | K82: =Source!Q41 -> 927.07
C83: в т.ч. зарплата машинистов | F83: =Source!AN41 -> 19.94 | G83: =Source!DF41 -> )*0,8 | H83: =ROUND(Source!AE41*Source!I41, 2) -> 31.05 | J83: =IF(Source!BS41<> 0, Source!BS41, 1) -> 5.99 | K83: =Source!R41 -> 185.97 | R83: =H83 -> 31.05
C84: НР от ФОТ | D84: % | E84: =Source!BZ41 -> 105 | F84: =CONCATENATE(" )", Source!DL41, Source!FT41, "=", Source!FX41) -> )*0,9=94,5 | H84: =SUM(S79:S86) -> 4339.19 | J84: =Source!AT41 -> 95 | K84: =SUM(T79:T86) -> 26129.3
C85: СП от ФОТ | D85: % | E85: =Source!CA41 -> 55 | F85: =CONCATENATE(" )", Source!DM41, Source!FU41, "=", Source!FY41) -> )*0,85=46,75 | H85: =SUM(U79:U86) -> 2146.64 | J85: =Source!AU41 -> 47 | K85: =SUM(V79:V86) -> 12927.13
C86: Затраты труда | D86: чел-ч | E86: =Source!AQ41 -> 308 | G86: =Source!DI41 -> )*0,8 | L86: =Source!U41 -> 479.56832
G87: =H81+H82+H84+H85 -> 11201.29 | J87: =K81+K82+K84+K85 -> 67302.06 | L87: =Source!U41 -> 479.56832 | O87: =G87 -> 11201.29 | P87: =J87 -> 67302.06 | Q87: =L87 -> 479.56832 | W87: =IF(Source!BI41<=1,H81+H82+H84+H85, 0) -> 11201.29 | X87: =IF(Source!BI41=2,H81+H82+H84+H85, 0) -> 0 | Y87: =IF(Source!BI41=3,H81+H82+H84+H85, 0) -> 0 | Z87: =IF(Source!BI41=4,H81+H82+H84+H85, 0) -> 0
A88: =Source!E43 -> 8 | B88: =Source!F43 -> 10-01-047-01 | C88: =Source!G43 -> Установка блоков из ПВХ в наружных и внутренних дверных проемах в каменных стенах площадью проема до 3 м2 | D88: =Source!H43 -> 100 м2 | E88: =Source!I43 -> 0.026 | F88: =Source!AL43+Source!AM43+Source!AO43 -> 15965.86 | I88: =Source!BO43 | S88: =ROUND((Source!FX43/100)*((ROUND(Source!AF43*Source!I43, 2)+ROUND(Source!AE43*Source!I43, 2))), 2) -> 58.47 | T88: =Source!X43 -> 349.56 | U88: =ROUND((Source!FY43/100)*((ROUND(Source!AF43*Source!I43, 2)+ROUND(Source!AE43*Source!I43, 2))), 2) -> 29.48 | V88: =Source!Y43 -> 178.08
C89: ="Объем: "&Source!I43&"=2,6/"&"100" -> Объем: 0,026=2,6/100
C90: Зарплата | F90: =Source!AO43 -> 1780.86 | G90: =Source!DG43 -> )*1,15 | H90: =ROUND(Source!AF43*Source!I43, 2) -> 53.25 | J90: =IF(Source!BA43<> 0, Source!BA43, 1) -> 5.99 | K90: =Source!S43 -> 318.95 | R90: =H90 -> 53.25
C91: Эксплуатация машин | F91: =Source!AM43 -> 267.4 | G91: =Source!DE43 -> )*1,25 | H91: =ROUND(Source!AD43*Source!I43, 2) -> 8.69 | J91: =IF(Source!BB43<> 0, Source!BB43, 1) -> 5.99 | K91: =Source!Q43 -> 52.06
C92: в т.ч. зарплата машинистов | F92: =Source!AN43 -> 55.59 | G92: =Source!DF43 -> )*1,25 | H92: =ROUND(Source!AE43*Source!I43, 2) -> 1.81 | J92: =IF(Source!BS43<> 0, Source!BS43, 1) -> 5.99 | K92: =Source!R43 -> 10.82 | R92: =H92 -> 1.81
C93: Материальные ресурсы | F93: =Source!AL43 -> 13917.6 | G93: =Source!DD43 | H93: =ROUND(Source!AC43*Source!I43, 2) -> 361.86 | J93: =IF(Source!BC43<> 0, Source!BC43, 1) -> 5.99 | K93: =Source!P43 -> 2167.53
C94: НР от ФОТ | D94: % | E94: =Source!BZ43 -> 118 | F94: =CONCATENATE(" )", Source!DL43, Source!FT43, "=", Source!FX43) -> )*0,9=106,2 | H94: =SUM(S88:S97) -> 58.47 | J94: =Source!AT43 -> 106 | K94: =SUM(T88:T97) -> 349.56
C95: СП от ФОТ | D95: % | E95: =Source!CA43 -> 63 | F95: =CONCATENATE(" )", Source!DM43, Source!FU43, "=", Source!FY43) -> )*0,85=53,55 | H95: =SUM(U88:U97) -> 29.48 | J95: =Source!AU43 -> 54 | K95: =SUM(V88:V97) -> 178.08
C96: Затраты труда | D96: чел-ч | E96: =Source!AQ43 -> 201 | G96: =Source!DI43 -> )*1,15 | L96: =Source!U43 -> 6.0099
A97: =Source!E45 -> 8,1 | B97: =Source!F45 -> 11.3.01.01-0015 | C97: =Source!G45 -> Блоки дверные входные пластиковые с простой коробкой, двупольная с офисной фурнитурой, без стеклопакета по типу сэндвич, площадь от 2,5-3 м2 | D97: =Source!H45 -> м2 | E97: =Source!I45 -> 2.6 | F97: =Source!AL45+Source!AM45+Source!AO45 -> 1486.03 | H97: =ROUND(Source!AC45*Source!I45, 2)+ROUND(Source!AD45*Source!I45, 2)+ROUND(Source!AF45*Source!I45, 2) -> 3863.68 | J97: =IF(Source!BC45<> 0, Source!BC45, 1) -> 5.99 | K97: =Source!O45 -> 23143.43 | S97: =ROUND((Source!FX45/100)*((ROUND(Source!AF45*Source!I45, 2)+ROUND(Source!AE45*Source!I45, 2))), 2) -> 0 | T97: =Source!X45 -> 0 | U97: =ROUND((Source!FY45/100)*((ROUND(Source!AF45*Source!I45, 2)+ROUND(Source!AE45*Source!I45, 2))), 2) -> 0 | V97: =Source!Y45 -> 0 | W97: =IF(Source!BI45<=1,H97, 0) -> 3863.68 | X97: =IF(Source!BI45=2,H97, 0) -> 0 | Y97: =IF(Source!BI45=3,H97, 0) -> 0 | Z97: =IF(Source!BI45=4,H97, 0) -> 0
G98: =H90+H91+H93+H94+H95+SUM(H97:H97) -> 4375.43 | J98: =K90+K91+K93+K94+K95+SUM(K97:K97) -> 26209.61 | L98: =Source!U43 -> 6.0099 | O98: =G98 -> 4375.43 | P98: =J98 -> 26209.61 | Q98: =L98 -> 6.0099 | W98: =IF(Source!BI43<=1,H90+H91+H93+H94+H95, 0) -> 511.75 | X98: =IF(Source!BI43=2,H90+H91+H93+H94+H95, 0) -> 0 | Y98: =IF(Source!BI43=3,H90+H91+H93+H94+H95, 0) -> 0 | Z98: =IF(Source!BI43=4,H90+H91+H93+H94+H95, 0) -> 0
A99: =Source!E47 -> 9 | B99: =Source!F47 -> 10-01-039-01 | C99: =Source!G47 -> Установка блоков в наружных и внутренних дверных проемах в каменных стенах, площадь проема до 3 м2 | D99: =Source!H47 -> 100 м2 | E99: =Source!I47 -> 0.0722 | F99: =Source!AL47+Source!AM47+Source!AO47 -> 3493.69 | I99: =Source!BO47 | S99: =ROUND((Source!FX47/100)*((ROUND(Source!AF47*Source!I47, 2)+ROUND(Source!AE47*Source!I47, 2))), 2) -> 87.22 | T99: =Source!X47 -> 521.49 | U99: =ROUND((Source!FY47/100)*((ROUND(Source!AF47*Source!I47, 2)+ROUND(Source!AE47*Source!I47, 2))), 2) -> 43.98 | V99: =Source!Y47 -> 265.66
C100: ="Объем: "&Source!I47&"=7,22/"&"100" -> Объем: 0,0722=7,22/100
C101: Зарплата | F101: =Source!AO47 -> 821.89 | G101: =Source!DG47 -> )*1,15 | H101: =ROUND(Source!AF47*Source!I47, 2) -> 68.24 | J101: =IF(Source!BA47<> 0, Source!BA47, 1) -> 5.99 | K101: =Source!S47 -> 408.77 | R101: =H101 -> 68.24
C102: Эксплуатация машин | F102: =Source!AM47 -> 967.98 | G102: =Source!DE47 -> )*1,25 | H102: =ROUND(Source!AD47*Source!I47, 2) -> 87.36 | J102: =IF(Source!BB47<> 0, Source!BB47, 1) -> 5.99 | K102: =Source!Q47 -> 523.29
C103: в т.ч. зарплата машинистов | F103: =Source!AN47 -> 153.9 | G103: =Source!DF47 -> )*1,25 | H103: =ROUND(Source!AE47*Source!I47, 2) -> 13.89 | J103: =IF(Source!BS47<> 0, Source!BS47, 1) -> 5.99 | K103: =Source!R47 -> 83.2 | R103: =H103 -> 13.89
C104: Материальные ресурсы | F104: =Source!AL47 -> 1703.82 | G104: =Source!DD47 | H104: =ROUND(Source!AC47*Source!I47, 2) -> 123.02 | J104: =IF(Source!BC47<> 0, Source!BC47, 1) -> 5.99 | K104: =Source!P47 -> 736.86
C105: НР от ФОТ | D105: % | E105: =Source!BZ47 -> 118 | F105: =CONCATENATE(" )", Source!DL47, Source!FT47, "=", Source!FX47) -> )*0,9=106,2 | H105: =SUM(S99:S110) -> 87.22 | J105: =Source!AT47 -> 106 | K105: =SUM(T99:T110) -> 521.49
C106: СП от ФОТ | D106: % | E106: =Source!CA47 -> 63 | F106: =CONCATENATE(" )", Source!DM47, Source!FU47, "=", Source!FY47) -> )*0,85=53,55 | H106: =SUM(U99:U110) -> 43.98 | J106: =Source!AU47 -> 54 | K106: =SUM(V99:V110) -> 265.66
C107: Затраты труда | D107: чел-ч | E107: =Source!AQ47 -> 89.53 | G107: =Source!DI47 -> )*1,15 | L107: =Source!U47 -> 7.4336759
A108: =Source!E49 -> 9,1 | B108: =Source!F49 -> 01.7.04.07-0003 | C108: =Source!G49 -> Скобяные изделия для блоков входных дверей в помещение однопольных | D108: =Source!H49 -> компл. | E108: =Source!I49 -> 4 | F108: =Source!AL49+Source!AM49+Source!AO49 -> 94.68 | H108: =ROUND(Source!AC49*Source!I49, 2)+ROUND(Source!AD49*Source!I49, 2)+ROUND(Source!AF49*Source!I49, 2) -> 378.72 | J108: =IF(Source!BC49<> 0, Source!BC49, 1) -> 5.99 | K108: =Source!O49 -> 2268.53 | S108: =ROUND((Source!FX49/100)*((ROUND(Source!AF49*Source!I49, 2)+ROUND(Source!AE49*Source!I49, 2))), 2) -> 0 | T108: =Source!X49 -> 0 | U108: =ROUND((Source!FY49/100)*((ROUND(Source!AF49*Source!I49, 2)+ROUND(Source!AE49*Source!I49, 2))), 2) -> 0 | V108: =Source!Y49 -> 0 | W108: =IF(Source!BI49<=1,H108, 0) -> 378.72 | X108: =IF(Source!BI49=2,H108, 0) -> 0 | Y108: =IF(Source!BI49=3,H108, 0) -> 0 | Z108: =IF(Source!BI49=4,H108, 0) -> 0
A109: =Source!E51 -> 9,2 | B109: =Source!F51 -> 11.2.02.01-0072 | C109: =Source!G51 -> Блоки дверные однопольные с полотном глухим ДГ- 08, размер 2000х870 мм | D109: =Source!H51 -> м2 | E109: =Source!I51 -> 5.22 | F109: =Source!AL51+Source!AM51+Source!AO51 -> 214.7 | H109: =ROUND(Source!AC51*Source!I51, 2)+ROUND(Source!AD51*Source!I51, 2)+ROUND(Source!AF51*Source!I51, 2) -> 1120.73 | J109: =IF(Source!BC51<> 0, Source!BC51, 1) -> 5.99 | K109: =Source!O51 -> 6713.2 | S109: =ROUND((Source!FX51/100)*((ROUND(Source!AF51*Source!I51, 2)+ROUND(Source!AE51*Source!I51, 2))), 2) -> 0 | T109: =Source!X51 -> 0 | U109: =ROUND((Source!FY51/100)*((ROUND(Source!AF51*Source!I51, 2)+ROUND(Source!AE51*Source!I51, 2))), 2) -> 0 | V109: =Source!Y51 -> 0 | W109: =IF(Source!BI51<=1,H109, 0) -> 1120.73 | X109: =IF(Source!BI51=2,H109, 0) -> 0 | Y109: =IF(Source!BI51=3,H109, 0) -> 0 | Z109: =IF(Source!BI51=4,H109, 0) -> 0
A110: =Source!E53 -> 9,3 | B110: =Source!F53 -> 11.2.02.01-0073 | C110: =Source!G53 -> Блоки дверные однопольные с полотном глухим ДГ -10, размер 2000х1000 мм | D110: =Source!H53 -> м2 | E110: =Source!I53 -> 2 | F110: =Source!AL53+Source!AM53+Source!AO53 -> 209.05 | H110: =ROUND(Source!AC53*Source!I53, 2)+ROUND(Source!AD53*Source!I53, 2)+ROUND(Source!AF53*Source!I53, 2) -> 418.1 | J110: =IF(Source!BC53<> 0, Source!BC53, 1) -> 5.99 | K110: =Source!O53 -> 2504.42 | S110: =ROUND((Source!FX53/100)*((ROUND(Source!AF53*Source!I53, 2)+ROUND(Source!AE53*Source!I53, 2))), 2) -> 0 | T110: =Source!X53 -> 0 | U110: =ROUND((Source!FY53/100)*((ROUND(Source!AF53*Source!I53, 2)+ROUND(Source!AE53*Source!I53, 2))), 2) -> 0 | V110: =Source!Y53 -> 0 | W110: =IF(Source!BI53<=1,H110, 0) -> 418.1 | X110: =IF(Source!BI53=2,H110, 0) -> 0 | Y110: =IF(Source!BI53=3,H110, 0) -> 0 | Z110: =IF(Source!BI53=4,H110, 0) -> 0
...

Sheet Акт КС-2 c НР и СП
A1: =Source!B1 -> Smeta.RU (495) 974-1589
E2: Унифицированная форма № КС-2
E3: Утверждена постановлением Госкомстата России
E4: от 11.11.99. № 100
G6: Код
F7: Форма по ОКУД | G7: 0322005
G8: =IF(Source!AT15 <> "", Source!AT15, "")
A9: Инвестор | C9: =IF(Source!BA15 <> "", Source!BA15, IF(Source!AU15 <> "", Source!AU15, "")) | F9: по ОКПО
C10: организация, адрес, телефон, факс | G10: =IF(Source!AK15 <> "", Source!AK15, "")
A11: Заказчик | C11: =IF(Source!AX12<> "", Source!AX12, IF(Source!AJ12 <> "", Source!AJ12, "")) | F11: по ОКПО
C12: организация, адрес, телефон, факс | G12: =IF(Source!AO15 <> "", Source!AO15, "")
A13: Подрядчик | C13: =IF(Source!AY12<> "", Source!AY12, IF(Source!AN12 <> "", Source!AN12, "")) | F13: по ОКПО
C14: организация, адрес, телефон, факс | G14: =IF(Source!CO15 <> "", Source!CO15, "")
A15: Стройка | C15: Капитальный ремонт столовой в учебном корпусе ДИТИ НИЯУ МИФИ_РОСАТОМ | AE15: Капитальный ремонт столовой в учебном корпусе ДИТИ НИЯУ МИФИ_РОСАТОМ
C16: наименование, адрес | G16: =IF(Source!CP15 <> "", Source!CP15, "")
A17: Объект | C17: =IF(Source!G12<>"Новый объект", Source!G12, "") -> Капитальный ремонт столовой в учебном корпусе ДИТИ НИЯУ МИФИ_РОСАТОМ | AE17: =IF(Source!G12<>"Новый объект", Source!G12, "") -> Капитальный ремонт столовой в учебном корпусе ДИТИ НИЯУ МИФИ_РОСАТОМ
C18: наименование
D19: Вид деятельности по ОКДП | G19: =IF(Source!CQ15 <> "", Source!CQ15, "")
D20: Договор подряда | F20: номер | G20: =IF(Source!CR15 <> "", Source!CR15, "")
F21: дата | G21: =IF(Source!CS15 <> 0, Source!CS15, "")
F22: Вид операции | G22: =IF(Source!CT15 <> "", Source!CT15, "")
D24: Номер документа | E24: Дата составления | F24: Отчетный период
F25: с | G25: по
D26: =IF(Source!CN15 <> "", Source!CN15, "") | E26: 43230.626
A28: AKT
A29: О ПРИЕМКЕ ВЫПОЛНЕННЫХ РАБОТ
A31: Сметная (договорная) стоимость в соответствии с договором подряда (субподряда) | F31: =(Source!P280/1000) -> 1013.8722 | H31: тыс.руб
A33: Номер | C33: Наименование работ | D33: Номер единичной расценки | E33: Единица измерения | F33: Выполнено работ
A34: по порядку | B34: поз. по смете | F34: Количество | G34: цена за единицу, руб | H34: стоимость, руб
A35: 1 | B35: 2 | C35: 3 | D35: 4 | E35: 5 | F35: 6 | G35: 7 | H35: 8
A37: =CONCATENATE("Локальная смета: ",IF(Source!G20<>"Новая локальная смета", Source!G20, "")) -> Локальная смета:
A39: =CONCATENATE("Раздел: ",IF(Source!G24<>"Новый раздел", Source!G24, "")) -> Раздел: Раздел Общестроительные работы
A40: 1 | B40: =Source!E29 -> 1 | C40: =Source!G29 -> Разборка деревянных заполнений проемов оконных с подоконными досками | D40: =Source!F29 -> 46-04-012-01 | E40: =Source!H29 -> 100 м2 | F40: =Source!I29 -> 0.2808 | G40: =Source!AB29 -> 1767.24 | H40: =Source!O29 -> 2972.49 | T40: =Source!O29+Source!X29+Source!Y29 -> 7331.13 | U40: =Source!P29 -> 0 | V40: =Source!S29 -> 2565.53 | W40: =Source!Q29 -> 406.96 | X40: =Source!R29 -> 175.75 | Y40: =Source!U29 -> 52.942032 | Z40: =Source!V29 -> 2.173392 | AA40: =Source!X29 -> 2713.87 | AB40: =Source!Y29 -> 1644.77
C41: ="Объем: "&Source!I29&"=28,08/"&"100" -> Объем: 0,2808=28,08/100
C42: Коэфф. к ОЗП | D42: =Source!BA29 -> 5.99
C43: Коэфф. к эксплуатации машин | D43: =Source!BB29 -> 5.99
C44: Коэфф. к материалам | D44: =Source!BC29 -> 5.99
C45: Коэфф. к ЗПМ | D45: =Source!BS29 -> 5.99
C46: % НР | F46: =Source!BZ29 -> 110 | G46: =(Source!AF29+Source!AE29)*Source!FX29/100 -> 1613.4822 | H46: =Source!X29 -> 2713.87
C47: % НР с поправкой | G47: =CONCATENATE(Source!DL29,Source!FT29, "=", Source!FX29, "%") -> *0,9=99% | H47: =CONCATENATE(Source!AT29) -> 99
C48: % СП | F48: =Source!CA29 -> 70 | G48: =(Source!AF29+Source!AE29)*Source!FY29/100 -> 969.7191 | H48: =Source!Y29 -> 1644.77
C49: СП с поправкой | G49: =CONCATENATE(Source!DM29,Source!FU29, "=", Source!FY29, "%") -> *0,85=59,5% | H49: =CONCATENATE(Source!AU29) -> 60
C50: Итого с НР и СП | G50: =((Source!AF29+Source!AE29)*Source!FX29/100)+((Source!AF29+Source!AE29)*Source!FY29/100)+Source!AB29 -> 4350.4413 | H50: =Source!O29+Source!X29+Source!Y29 -> 7331.13
A51: 2 | B51: =Source!E31 -> 2 | C51: =Source!G31 -> Разборка деревянных заполнений проемов дверных и воротных | D51: =Source!F31 -> 46-04-012-03 | E51: =Source!H31 -> 100 м2 | F51: =Source!I31 -> 0.0608 | G51: =Source!AB31 -> 1082.58 | H51: =Source!O31 -> 394.27 | T51: =Source!O31+Source!X31+Source!Y31 -> 941.55 | U51: =Source!P31 -> 0 | V51: =Source!S31 -> 306.15 | W51: =Source!Q31 -> 88.12 | X51: =Source!R31 -> 38.05 | Y51: =Source!U31 -> 6.317728 | Z51: =Source!V31 -> 0.470592 | AA51: =Source!X31 -> 340.76 | AB51: =Source!Y31 -> 206.52
C52: ="Объем: "&Source!I31&"=6,08/"&"100" -> Объем: 0,0608=6,08/100
C53: Коэфф. к ОЗП | D53: =Source!BA31 -> 5.99
C54: Коэфф. к эксплуатации машин | D54: =Source!BB31 -> 5.99
C55: Коэфф. к материалам | D55: =Source!BC31 -> 5.99
C56: Коэфф. к ЗПМ | D56: =Source!BS31 -> 5.99
C57: % НР | F57: =Source!BZ31 -> 110 | G57: =(Source!AF31+Source!AE31)*Source!FX31/100 -> 935.6688 | H57: =Source!X31 -> 340.76
C58: % НР с поправкой | G58: =CONCATENATE(Source!DL31,Source!FT31, "=", Source!FX31, "%") -> *0,9=99% | H58: =CONCATENATE(Source!AT31) -> 99
C59: % СП | F59: =Source!CA31 -> 70 | G59: =(Source!AF31+Source!AE31)*Source!FY31/100 -> 562.3464 | H59: =Source!Y31 -> 206.52
C60: СП с поправкой | G60: =CONCATENATE(Source!DM31,Source!FU31, "=", Source!FY31, "%") -> *0,85=59,5% | H60: =CONCATENATE(Source!AU31) -> 60
C61: Итого с НР и СП | G61: =((Source!AF31+Source!AE31)*Source!FX31/100)+((Source!AF31+Source!AE31)*Source!FY31/100)+Source!AB31 -> 2580.5952 | H61: =Source!O31+Source!X31+Source!Y31 -> 941.55
A62: 3 | B62: =Source!E33 -> 3 | C62: =Source!G33 -> Демонтаж решеток жалюзийных площадью в свету до 2,5 м2 | D62: =Source!F33 -> 20-02-002-04 | E62: =Source!H33 -> ШТ | F62: =Source!I33 -> 18 | G62: =Source!AB33 -> 11.224 | H62: =Source!O33 -> 1210.17 | T62: =Source!O33+Source!X33+Source!Y33 -> 3146.64 | U62: =Source!P33 -> 0 | V62: =Source!S33 -> 1025.15 | W62: =Source!Q33 -> 185.02 | X62: =Source!R33 -> 15.96 | Y62: =Source!U33 -> 19.08 | Z62: =Source!V33 -> 0.216 | AA62: =Source!X33 -> 1197.28 | AB62: =Source!Y33 -> 739.19
C63: Коэфф. к ОЗП | D63: =Source!BA33 -> 5.99
C64: Коэфф. к эксплуатации машин | D64: =Source!BB33 -> 5.99
C65: Коэфф. к материалам | D65: =Source!BC33 -> 5.99
C66: Коэфф. к ЗПМ | D66: =Source!BS33 -> 5.99
C67: Стоимость материалов | D67: )*0
C68: Эксплуатация машин | D68: )*0,4
C69: Оплата труда машинистов | D69: )*0,4
C70: Оплата труда рабочих | D70: )*0,4
C71: Затраты труда рабочих | D71: )*0,4
C72: Затраты труда машинистов | D72: )*0,4
C73: % НР | F73: =Source!BZ33 -> 128 | G73: =(Source!AF33+Source!AE33)*Source!FX33/100 -> 11.123712 | H73: =Source!X33 -> 1197.28
C74: % НР с поправкой | G74: =CONCATENATE(Source!DL33,Source!FT33, "=", Source!FX33, "%") -> *0,9=115,2% | H74: =CONCATENATE(Source!AT33) -> 115
C75: % СП | F75: =Source!CA33 -> 83 | G75: =(Source!AF33+Source!AE33)*Source!FY33/100 -> 6.812308 | H75: =Source!Y33 -> 739.19
C76: СП с поправкой | G76: =CONCATENATE(Source!DM33,Source!FU33, "=", Source!FY33, "%") -> *0,85=70,55% | H76: =CONCATENATE(Source!AU33) -> 71
C77: Итого с НР и СП | G77: =((Source!AF33+Source!AE33)*Source!FX33/100)+((Source!AF33+Source!AE33)*Source!FY33/100)+Source!AB33 -> 29.16002 | H77: =Source!O33+Source!X33+Source!Y33 -> 3146.64
A78: 4 | B78: =Source!E35 -> 4 | C78: =Source!G35 -> Разборка покрытий полов из плиток поливинилхлоридных | D78: =Source!F35 -> 57-2-2 | E78: =Source!H35 -> 100 м2 | F78: =Source!I35 -> 0.6173 | G78: =Source!AB35 -> 280.88 | H78: =Source!O35 -> 1038.59 | T78: =Source!O35+Source!X35+Source!Y35 -> 2563.12 | U78: =Source!P35 -> 0 | V78: =Source!S35 -> 1023.58 | W78: =Source!Q35 -> 15.01 | X78: =Source!R35 -> 6.51 | Y78: =Source!U35 -> 21.907977 | Z78: =Source!V35 -> 0.080249 | AA78: =Source!X35 -> 824.07 | AB78: =Source!Y35 -> 700.46
C79: ="Объем: "&Source!I35&"=61,73/"&"100" -> Объем: 0,6173=61,73/100
C80: Коэфф. к ОЗП | D80: =Source!BA35 -> 5.99
C81: Коэфф. к эксплуатации машин | D81: =Source!BB35 -> 5.99
C82: Коэфф. к материалам | D82: =Source!BC35 -> 5.99
C83: Коэфф. к ЗПМ | D83: =Source!BS35 -> 5.99
C84: % НР | F84: =Source!BZ35 -> 80 | G84: =(Source!AF35+Source!AE35)*Source!FX35/100 -> 222.864 | H84: =Source!X35 -> 824.07
C85: % СП | F85: =Source!CA35 -> 68 | G85: =(Source!AF35+Source!AE35)*Source!FY35/100 -> 189.4344 | H85: =Source!Y35 -> 700.46
C86: Итого с НР и СП | G86: =((Source!AF35+Source!AE35)*Source!FX35/100)+((Source!AF35+Source!AE35)*Source!FY35/100)+Source!AB35 -> 693.1784 | H86: =Source!O35+Source!X35+Source!Y35 -> 2563.12
A87: 5 | B87: =Source!E37 -> 5 | C87: =Source!G37 -> Разборка покрытий полов из керамических плиток | D87: =Source!F37 -> 57-2-3 | E87: =Source!H37 -> 100 м2 | F87: =Source!I37 -> 1.3585 | G87: =Source!AB37 -> 641 | H87: =Source!O37 -> 5216.09 | T87: =Source!O37+Source!X37+Source!Y37 -> 12627.95 | U87: =Source!P37 -> 0 | V87: =Source!S37 -> 4849.82 | W87: =Source!Q37 -> 366.27 | X87: =Source!R37 -> 158.19 | Y87: =Source!U37 -> 94.918395 | Z87: =Source!V37 -> 1.95624 | AA87: =Source!X37 -> 4006.41 | AB87: =Source!Y37 -> 3405.45
C88: ="Объем: "&Source!I37&"=135,85/"&"100" -> Объем: 1,3585=135,85/100
C89: Коэфф. к ОЗП | D89: =Source!BA37 -> 5.99
C90: Коэфф. к эксплуатации машин | D90: =Source!BB37 -> 5.99
C91: Коэфф. к материалам | D91: =Source!BC37 -> 5.99
C92: Коэфф. к ЗПМ | D92: =Source!BS37 -> 5.99
C93: % НР | F93: =Source!BZ37 -> 80 | G93: =(Source!AF37+Source!AE37)*Source!FX37/100 -> 492.344 | H93: =Source!X37 -> 4006.41
C94: % СП | F94: =Source!CA37 -> 68 | G94: =(Source!AF37+Source!AE37)*Source!FY37/100 -> 418.4924 | H94: =Source!Y37 -> 3405.45
C95: Итого с НР и СП | G95: =((Source!AF37+Source!AE37)*Source!FX37/100)+((Source!AF37+Source!AE37)*Source!FY37/100)+Source!AB37 -> 1551.8364 | H95: =Source!O37+Source!X37+Source!Y37 -> 12627.95
A96: 6 | B96: =Source!E39 -> 6 | C96: =Source!G39 -> Разборка кирпичных перегородок на отдельные кирпичи | D96: =Source!F39 -> 55-5-1 | E96: =Source!H39 -> 100 м2 | F96: =Source!I39 -> 0.0734 | G96: =Source!AB39 -> 1443.4 | H96: =Source!O39 -> 634.61 | T96: =Source!O39+Source!X39+Source!Y39 -> 1450.12 | U96: =Source!P39 -> 0 | V96: =Source!S39 -> 529.55 | W96: =Source!Q39 -> 105.06 | X96: =Source!R39 -> 0 | Y96: =Source!U39 -> 10.36408 | Z96: =Source!V39 -> 0 | AA96: =Source!X39 -> 471.3 | AB96: =Source!Y39 -> 344.21
C97: ="Объем: "&Source!I39&"=7,34/"&"100" -> Объем: 0,0734=7,34/100
C98: Коэфф. к ОЗП | D98: =Source!BA39 -> 5.99
C99: Коэфф. к эксплуатации машин | D99: =Source!BB39 -> 5.99
C100: Коэфф. к материалам | D100: =Source!BC39 -> 5.99
C101: Коэфф. к ЗПМ | D101: =Source!BS39 -> 5.99
C102: % НР | F102: =Source!BZ39 -> 89 | G102: =(Source!AF39+Source!AE39)*Source!FX39/100 -> 1071.9516 | H102: =Source!X39 -> 471.3
C103: % СП | F103: =Source!CA39 -> 65 | G103: =(Source!AF39+Source!AE39)*Source!FY39/100 -> 782.886 | H103: =Source!Y39 -> 344.21
C104: Итого с НР и СП | G104: =((Source!AF39+Source!AE39)*Source!FX39/100)+((Source!AF39+Source!AE39)*Source!FY39/100)+Source!AB39 -> 3298.2376 | H104: =Source!O39+Source!X39+Source!Y39 -> 1450.12
A105: 7 | B105: =Source!E41 -> 7 | C105: =Source!G41 -> Демонтаж: Облицовка стен по готовому каркасу щитами-картинами из древесностружечных плит облицованных слоистым пластиком | D105: =Source!F41 -> 15-01-049-03 | E105: =Source!H41 -> 100 м2 | F105: =Source!I41 -> 1.9463 | G105: =Source!AB41 -> 2422.784 | H105: =Source!O41 -> 28245.63 | T105: =Source!O41+Source!X41+Source!Y41 -> 67302.06 | U105: =Source!P41 -> 0 | V105: =Source!S41 -> 27318.56 | W105: =Source!Q41 -> 927.07 | X105: =Source!R41 -> 185.97 | Y105: =Source!U41 -> 479.56832 | Z105: =Source!V41 -> 2.6002568 | AA105: =Source!X41 -> 26129.3 | AB105: =Source!Y41 -> 12927.13
C106: ="Объем: "&Source!I41&"=194,63/"&"100" -> Объем: 1,9463=194,63/100
C107: Коэфф. к ОЗП | D107: =Source!BA41 -> 5.99
...

Sheet Source
A1: 0 | B1: Smeta.RU (495) 974-1589 | D1: _PS_ | F1: 0 | G1: 0 | H1: 0 | I1: Smeta.RU | J1: НИЯУ МИФИ Доп. раб. место MCCS-0027251 | K1: 0 | L1: 27251 | M1: 10
A12: 1 | B12: 311 | C12: 0 | D12: =ROW(A250) -> 250 | E12: 0 | F12: Новый объект_(Копия) | G12: Капитальный ремонт столовой в учебном корпусе ДИТИ НИЯУ МИФИ_РОСАТОМ | I12: 0 | K12: 0 | O12: 0 | P12: 0 | Q12: 0 | R12: 0 | S12: 0 | V12: 0 | BH12: Сметные нормы списания | BI12: Коды ценников | BJ12: 1 | BK12: 1 | BL12: 0 | BM12: 0 | BN12: 1 | BO12: 0 | BP12: 6 | BQ12: 2 | BR12: 1 | BS12: 1 | BT12: 0 | BU12: 0 | BV12: 0 | BW12: 0 | BX12: 0 | BY12: ФЕР-2017 | BZ12: ТР для Версии 10: Центральные регионы (с учетом п-ма 2536-ИП/12/ГС от 22.03.2017 г | CA12: ФЕР-2017 | CB12: ФЕР-2017 | CC12: ФЕР-2017 | CD12: ФЕР-2017 | CE12: Поправки для ГСН 2017 от 31.03.2017 г | CF12: 0 | CG12: 0 | CH12: 524296 | CK12: 4 | EC12: 0
A15: 15 | B15: 1
A18: 52 | B18: =B250 -> 311 | C18: =C250 -> 1 | D18: =D250 -> 12 | E18: =E250 -> 0 | F18: =F250 -> Новый объект_(Копия) | G18: =G250 -> Капитальный ремонт столовой в учебном корпусе ДИТИ НИЯУ МИФИ_РОСАТОМ | O18: =O250 -> 116161.03 | P18: =P250 -> 97597.58 | Q18: =Q250 -> 1434.72 | R18: =R250 -> 583.87 | S18: =S250 -> 17128.73 | T18: =T250 -> 0 | U18: =U250 -> 1921.6369 | V18: =V250 -> 53.90702 | ... GX18: =GX250 -> 0
A20: 3 | B20: 1 | D20: =ROW(A218) -> 218 | F20: Новая локальная смета | G20: Новая локальная смета | I20: 0 | K20: 0 | V20: 0 | BX20: 0 | CF20: 0 | CG20: 0
A22: 52 | B22: =B218 -> 1 | C22: =C218 -> 3 | D22: =D218 -> 20 | E22: =E218 -> 0 | F22: =F218 -> Новая локальная смета | G22: =G218 -> Новая локальная смета | O22: =O218 -> 116161.03 | P22: =P218 -> 97597.58 | Q22: =Q218 -> 1434.72 | R22: =R218 -> 583.87 | S22: =S218 -> 17128.73 | T22: =T218 -> 0 | U22: =U218 -> 1921.6369 | V22: =V218 -> 53.90702 | ... GX22: =GX218 -> 0
A24: 4 | B24: 1 | D24: =ROW(A129) -> 129 | F24: Новый раздел | G24: Раздел Общестроительные работы | I24: 0 | K24: 0 | V24: 0 | BX24: 0 | CJ24: 0
A26: 52 | B26: =B129 -> 1 | C26: =C129 -> 4 | D26: =D129 -> 24 | E26: =E129 -> 0 | F26: =F129 -> Новый раздел | G26: =G129 -> Раздел Общестроительные работы | O26: =O129 -> 104504.71 | P26: =P129 -> 86484.39 | Q26: =Q129 -> 1407.99 | R26: =R129 -> 580.01 | S26: =S129 -> 16612.33 | T26: =T129 -> 0 | U26: =U129 -> 1868.4899 | V26: =V129 -> 53.60052 | ... GX26: =GX129 -> 0
A28: 17 | B28: 1 | C28: =ROW(SmtRes!A3) -> 3 | D28: =ROW(EtalonRes!A3) -> 3 | E28: 1 | F28: 46-04-012-01 | G28: Разборка деревянных заполнений проемов оконных с подоконными досками | H28: 100 м2 | I28: =ROUND(28.08/100,9) -> 0.2808 | J28: 0 | O28: =ROUND(CP28,2) -> 496.24 | P28: =ROUND(CQ28*I28,2) -> 0 | Q28: =ROUND(CR28*I28,2) -> 67.94 | R28: =ROUND(CS28*I28,2) -> 29.34 | S28: =ROUND(CT28*I28,2) -> 428.3 | T28: =ROUND(CU28*I28,2) -> 0 | U28: =CV28*I28 -> 52.942032 | V28: =CW28*I28 -> 2.173392 | W28: =ROUND(CX28*I28,2) -> 0 | X28: =ROUND(CY28,2) -> 453.06 | Y28: =ROUND(CZ28,2) -> 274.58 | AA28: 16671550 | AB28: =ROUND((AC28+AD28+AF28),6) -> 1767.24 | AC28: =ROUND((ES28),6) -> 0 | AD28: =ROUND((((ET28)-(EU28))+AE28),6) -> 241.95 | AE28: =ROUND((EU28),6) -> 104.49 | AF28: =ROUND((EV28),6) -> 1525.29 | AG28: =ROUND((AP28),6) -> 0 | AH28: =(EW28) -> 188.54 | AI28: =(EX28) -> 7.74 | AJ28: =ROUND((AS28),6) -> 0 | AK28: 1767.24 | AL28: 0 | AM28: 241.95 | AN28: 104.49 | AO28: 1525.29 | AP28: 0 | AQ28: 188.54 | AR28: 7.74 | AS28: 0 | AT28: 99 | AU28: 60 | AV28: 1 | AW28: 1 | AZ28: 1 | BA28: 1 | BB28: 1 | BC28: 1 | BH28: 0 | BI28: 1 | BJ28: ФЕР-2001, 46-04-012-01, приказ Минстроя России №1039/пр от 30.12.2016г. | BM28: 46001 | BN28: 0 | BP28: 0 | BQ28: 2 | BR28: 0 | BS28: 1 | BT28: 1 | BU28: 1 | BV28: 1 | BW28: 1 | BX28: 1 | BZ28: 110 | CA28: 70 | CF28: 0 | CG28: 0 | CM28: 0 | CO28: 0 | CP28: =(P28+Q28+S28) -> 496.24 | CQ28: =AC28*BC28 -> 0 | CR28: =AD28*BB28 -> 241.95 | CS28: =AE28*BS28 -> 104.49 | CT28: =AF28*BA28 -> 1525.29 | CU28: =AG28 -> 0 | CV28: =AH28 -> 188.54 | CW28: =AI28 -> 7.74 | CX28: =AJ28 -> 0 | CY28: =(((S28+R28)*AT28)/100) -> 453.0636 | CZ28: =(((S28+R28)*AU28)/100) -> 274.584 | DN28: 0 | DO28: 0 | DP28: 1 | DQ28: 1 | DU28: 1005 | DV28: 100 м2 | DW28: 100 м2 | DX28: 100 | EE28: 16510555 | EF28: 2 | EG28: Общестроительные работы | EH28: 0 | EJ28: 1 | EK28: 46001 | EL28: Реконструкция зданий и сооружений | EM28: ФЕР-46 | EQ28: 0 | ER28: 1767.24 | ES28: 0 | ET28: 241.95 | EU28: 104.49 | EV28: 1525.29 | EW28: 188.54 | EX28: 7.74 | EY28: 0 | FQ28: 0 | FR28: =ROUND(IF(AND(BH28=3,BI28=3),P28,0),2) -> 0 | FS28: 0 | FT28: *0,9 | FU28: *0,85 | FX28: 99 | FY28: 59.5 | GD28: 0 | GF28: 1630687704 | GG28: 2 | GH28: 1 | GI28: -2 | GJ28: 0 | GK28: =ROUND(R28*(R12)/100,2) -> 0 | GL28: =ROUND(IF(AND(BH28=3,BI28=3,FS28<>0),P28,0),2) -> 0 | GM28: =ROUND(O28+X28+Y28+GK28,2)+GX28 -> 1223.88 | GN28: =IF(OR(BI28=0,BI28=1),ROUND(O28+X28+Y28+GK28,2),0) -> 1223.88 | GO28: =IF(BI28=2,ROUND(O28+X28+Y28+GK28,2),0) -> 0 | GP28: =IF(BI28=4,ROUND(O28+X28+Y28+GK28,2)+GX28,0) -> 0 | GR28: 0 | GS28: 3 | GT28: 0 | GV28: =ROUND(GT28,6) -> 0 | GW28: 1 | GX28: =ROUND(GV28*GW28*I28,2) -> 0 | HA28: 0 | HB28: 0 | IK28: 0
A29: 17 | B29: 1 | C29: =ROW(SmtRes!A6) -> 6 | D29: =ROW(EtalonRes!A6) -> 6 | E29: 1 | F29: 46-04-012-01 | G29: Разборка деревянных заполнений проемов оконных с подоконными досками | H29: 100 м2 | I29: =ROUND(28.08/100,9) -> 0.2808 | J29: 0 | O29: =ROUND(CP29,2) -> 2972.49 | P29: =ROUND(CQ29*I29,2) -> 0 | Q29: =ROUND(CR29*I29,2) -> 406.96 | R29: =ROUND(CS29*I29,2) -> 175.75 | S29: =ROUND(CT29*I29,2) -> 2565.53 | T29: =ROUND(CU29*I29,2) -> 0 | U29: =CV29*I29 -> 52.942032 | V29: =CW29*I29 -> 2.173392 | W29: =ROUND(CX29*I29,2) -> 0 | X29: =ROUND(CY29,2) -> 2713.87 | Y29: =ROUND(CZ29,2) -> 1644.77 | AA29: 16671551 | AB29: =ROUND((AC29+AD29+AF29),6) -> 1767.24 | AC29: =ROUND((ES29),6) -> 0 | AD29: =ROUND((((ET29)-(EU29))+AE29),6) -> 241.95 | AE29: =ROUND((EU29),6) -> 104.49 | AF29: =ROUND((EV29),6) -> 1525.29 | AG29: =ROUND((AP29),6) -> 0 | AH29: =(EW29) -> 188.54 | AI29: =(EX29) -> 7.74 | AJ29: =ROUND((AS29),6) -> 0 | AK29: 1767.24 | AL29: 0 | AM29: 241.95 | AN29: 104.49 | AO29: 1525.29 | AP29: 0 | AQ29: 188.54 | AR29: 7.74 | AS29: 0 | AT29: 99 | AU29: 60 | AV29: 1 | AW29: 1 | AZ29: 5.99 | BA29: 5.99 | BB29: 5.99 | BC29: 5.99 | BH29: 0 | BI29: 1 | BJ29: ФЕР-2001, 46-04-012-01, приказ Минстроя России №1039/пр от 30.12.2016г. | BM29: 46001 | BN29: 0 | BP29: 0 | BQ29: 2 | BR29: 0 | BS29: 5.99 | BT29: 1 | BU29: 1 | BV29: 1 | BW29: 1 | BX29: 1 | BZ29: 110 | CA29: 70 | CF29: 0 | CG29: 0 | CM29: 0 | CO29: 0 | CP29: =(P29+Q29+S29) -> 2972.49 | CQ29: =AC29*BC29 -> 0 | CR29: =AD29*BB29 -> 1449.2805 | CS29: =AE29*BS29 -> 625.8951 | CT29: =AF29*BA29 -> 9136.4871 | CU29: =AG29 -> 0 | CV29: =AH29 -> 188.54 | CW29: =AI29 -> 7.74 | CX29: =AJ29 -> 0 | CY29: =(((S29+R29)*AT29)/100) -> 2713.8672 | CZ29: =(((S29+R29)*AU29)/100) -> 1644.768 | DN29: 0 | DO29: 0 | DP29: 1 | DQ29: 1 | DU29: 1005 | DV29: 100 м2 | DW29: 100 м2 | DX29: 100 | EE29: 16510555 | EF29: 2 | EG29: Общестроительные работы | EH29: 0 | EJ29: 1 | EK29: 46001 | EL29: Реконструкция зданий и сооружений | EM29: ФЕР-46 | EQ29: 0 | ER29: 1767.24 | ES29: 0 | ET29: 241.95 | EU29: 104.49 | EV29: 1525.29 | EW29: 188.54 | EX29: 7.74 | EY29: 0 | FQ29: 0 | FR29: =ROUND(IF(AND(BH29=3,BI29=3),P29,0),2) -> 0 | FS29: 0 | FT29: *0,9 | FU29: *0,85 | FX29: 99 | FY29: 59.5 | GD29: 0 | GF29: 1630687704 | GG29: 1 | GH29: 1 | GI29: 4 | GJ29: 0 | GK29: =ROUND(R29*(S12)/100,2) -> 0 | GL29: =ROUND(IF(AND(BH29=3,BI29=3,FS29<>0),P29,0),2) -> 0 | GM29: =ROUND(O29+X29+Y29+GK29,2)+GX29 -> 7331.13 | GN29: =IF(OR(BI29=0,BI29=1),ROUND(O29+X29+Y29+GK29,2),0) -> 7331.13 | GO29: =IF(BI29=2,ROUND(O29+X29+Y29+GK29,2),0) -> 0 | GP29: =IF(BI29=4,ROUND(O29+X29+Y29+GK29,2)+GX29,0) -> 0 | GR29: 0 | GS29: 3 | GT29: 0 | GV29: =ROUND(GT29,6) -> 0 | GW29: 1 | GX29: =ROUND(GV29*GW29*I29,2) -> 0 | HA29: 0 | HB29: 0 | IK29: 0
A30: 17 | B30: 1 | C30: =ROW(SmtRes!A9) -> 9 | D30: =ROW(EtalonRes!A9) -> 9 | E30: 2 | F30: 46-04-012-03 | G30: Разборка деревянных заполнений проемов дверных и воротных | H30: 100 м2 | I30: =ROUND(6.08/100,9) -> 0.0608 | J30: 0 | O30: =ROUND(CP30,2) -> 65.82 | P30: =ROUND(CQ30*I30,2) -> 0 | Q30: =ROUND(CR30*I30,2) -> 14.71 | R30: =ROUND(CS30*I30,2) -> 6.35 | S30: =ROUND(CT30*I30,2) -> 51.11 | T30: =ROUND(CU30*I30,2) -> 0 | U30: =CV30*I30 -> 6.317728 | V30: =CW30*I30 -> 0.470592 | W30: =ROUND(CX30*I30,2) -> 0 | X30: =ROUND(CY30,2) -> 56.89 | Y30: =ROUND(CZ30,2) -> 34.48 | AA30: 16671550 | AB30: =ROUND((AC30+AD30+AF30),6) -> 1082.58 | AC30: =ROUND((ES30),6) -> 0 | AD30: =ROUND((((ET30)-(EU30))+AE30),6) -> 241.95 | AE30: =ROUND((EU30),6) -> 104.49 | AF30: =ROUND((EV30),6) -> 840.63 | AG30: =ROUND((AP30),6) -> 0 | AH30: =(EW30) -> 103.91 | AI30: =(EX30) -> 7.74 | AJ30: =ROUND((AS30),6) -> 0 | AK30: 1082.58 | AL30: 0 | AM30: 241.95 | AN30: 104.49 | AO30: 840.63 | AP30: 0 | AQ30: 103.91 | AR30: 7.74 | AS30: 0 | AT30: 99 | AU30: 60 | AV30: 1 | AW30: 1 | AZ30: 1 | BA30: 1 | BB30: 1 | BC30: 1 | BH30: 0 | BI30: 1 | BJ30: ФЕР-2001, 46-04-012-03, приказ Минстроя России №1039/пр от 30.12.2016г. | BM30: 46001 | BN30: 0 | BP30: 0 | BQ30: 2 | BR30: 0 | BS30: 1 | BT30: 1 | BU30: 1 | BV30: 1 | BW30: 1 | BX30: 1 | BZ30: 110 | CA30: 70 | CF30: 0 | CG30: 0 | CM30: 0 | CO30: 0 | CP30: =(P30+Q30+S30) -> 65.82 | CQ30: =AC30*BC30 -> 0 | CR30: =AD30*BB30 -> 241.95 | CS30: =AE30*BS30 -> 104.49 | CT30: =AF30*BA30 -> 840.63 | CU30: =AG30 -> 0 | CV30: =AH30 -> 103.91 | CW30: =AI30 -> 7.74 | CX30: =AJ30 -> 0 | CY30: =(((S30+R30)*AT30)/100) -> 56.8854 | CZ30: =(((S30+R30)*AU30)/100) -> 34.476 | DN30: 0 | DO30: 0 | DP30: 1 | DQ30: 1 | DU30: 1005 | DV30: 100 м2 | DW30: 100 м2 | DX30: 100 | EE30: 16510555 | EF30: 2 | EG30: Общестроительные работы | EH30: 0 | EJ30: 1 | EK30: 46001 | EL30: Реконструкция зданий и сооружений | EM30: ФЕР-46 | EQ30: 0 | ER30: 1082.58 | ES30: 0 | ET30: 241.95 | EU30: 104.49 | EV30: 840.63 | EW30: 103.91 | EX30: 7.74 | EY30: 0 | FQ30: 0 | FR30: =ROUND(IF(AND(BH30=3,BI30=3),P30,0),2) -> 0 | FS30: 0 | FT30: *0,9 | FU30: *0,85 | FX30: 99 | FY30: 59.5 | GD30: 0 | GF30: 309229644 | GG30: 2 | GH30: 1 | GI30: -2 | GJ30: 0 | GK30: =ROUND(R30*(R12)/100,2) -> 0 | GL30: =ROUND(IF(AND(BH30=3,BI30=3,FS30<>0),P30,0),2) -> 0 | GM30: =ROUND(O30+X30+Y30+GK30,2)+GX30 -> 157.19 | GN30: =IF(OR(BI30=0,BI30=1),ROUND(O30+X30+Y30+GK30,2),0) -> 157.19 | GO30: =IF(BI30=2,ROUND(O30+X30+Y30+GK30,2),0) -> 0 | GP30: =IF(BI30=4,ROUND(O30+X30+Y30+GK30,2)+GX30,0) -> 0 | GR30: 0 | GS30: 3 | GT30: 0 | GV30: =ROUND(GT30,6) -> 0 | GW30: 1 | GX30: =ROUND(GV30*GW30*I30,2) -> 0 | HA30: 0 | HB30: 0 | IK30: 0
A31: 17 | B31: 1 | C31: =ROW(SmtRes!A12) -> 12 | D31: =ROW(EtalonRes!A12) -> 12 | E31: 2 | F31: 46-04-012-03 | G31: Разборка деревянных заполнений проемов дверных и воротных | H31: 100 м2 | I31: =ROUND(6.08/100,9) -> 0.0608 | J31: 0 | O31: =ROUND(CP31,2) -> 394.27 | P31: =ROUND(CQ31*I31,2) -> 0 | Q31: =ROUND(CR31*I31,2) -> 88.12 | R31: =ROUND(CS31*I31,2) -> 38.05 | S31: =ROUND(CT31*I31,2) -> 306.15 | T31: =ROUND(CU31*I31,2) -> 0 | U31: =CV31*I31 -> 6.317728 | V31: =CW31*I31 -> 0.470592 | W31: =ROUND(CX31*I31,2) -> 0 | X31: =ROUND(CY31,2) -> 340.76 | Y31: =ROUND(CZ31,2) -> 206.52 | AA31: 16671551 | AB31: =ROUND((AC31+AD31+AF31),6) -> 1082.58 | AC31: =ROUND((ES31),6) -> 0 | AD31: =ROUND((((ET31)-(EU31))+AE31),6) -> 241.95 | AE31: =ROUND((EU31),6) -> 104.49 | AF31: =ROUND((EV31),6) -> 840.63 | AG31: =ROUND((AP31),6) -> 0 | AH31: =(EW31) -> 103.91 | AI31: =(EX31) -> 7.74 | AJ31: =ROUND((AS31),6) -> 0 | AK31: 1082.58 | AL31: 0 | AM31: 241.95 | AN31: 104.49 | AO31: 840.63 | AP31: 0 | AQ31: 103.91 | AR31: 7.74 | AS31: 0 | AT31: 99 | AU31: 60 | AV31: 1 | AW31: 1 | AZ31: 5.99 | BA31: 5.99 | BB31: 5.99 | BC31: 5.99 | BH31: 0 | BI31: 1 | BJ31: ФЕР-2001, 46-04-012-03, приказ Минстроя России №1039/пр от 30.12.2016г. | BM31: 46001 | BN31: 0 | BP31: 0 | BQ31: 2 | BR31: 0 | BS31: 5.99 | BT31: 1 | BU31: 1 | BV31: 1 | BW31: 1 | BX31: 1 | BZ31: 110 | CA31: 70 | CF31: 0 | CG31: 0 | CM31: 0 | CO31: 0 | CP31: =(P31+Q31+S31) -> 394.27 | CQ31: =AC31*BC31 -> 0 | CR31: =AD31*BB31 -> 1449.2805 | CS31: =AE31*BS31 -> 625.8951 | CT31: =AF31*BA31 -> 5035.3737 | CU31: =AG31 -> 0 | CV31: =AH31 -> 103.91 | CW31: =AI31 -> 7.74 | CX31: =AJ31 -> 0 | CY31: =(((S31+R31)*AT31)/100) -> 340.758 | CZ31: =(((S31+R31)*AU31)/100) -> 206.52 | DN31: 0 | DO31: 0 | DP31: 1 | DQ31: 1 | DU31: 1005 | DV31: 100 м2 | DW31: 100 м2 | DX31: 100 | EE31: 16510555 | EF31: 2 | EG31: Общестроительные работы | EH31: 0 | EJ31: 1 | EK31: 46001 | EL31: Реконструкция зданий и сооружений | EM31: ФЕР-46 | EQ31: 0 | ER31: 1082.58 | ES31: 0 | ET31: 241.95 | EU31: 104.49 | EV31: 840.63 | EW31: 103.91 | EX31: 7.74 | EY31: 0 | FQ31: 0 | FR31: =ROUND(IF(AND(BH31=3,BI31=3),P31,0),2) -> 0 | FS31: 0 | FT31: *0,9 | FU31: *0,85 | FX31: 99 | FY31: 59.5 | GD31: 0 | GF31: 309229644 | GG31: 1 | GH31: 1 | GI31: 4 | GJ31: 0 | GK31: =ROUND(R31*(S12)/100,2) -> 0 | GL31: =ROUND(IF(AND(BH31=3,BI31=3,FS31<>0),P31,0),2) -> 0 | GM31: =ROUND(O31+X31+Y31+GK31,2)+GX31 -> 941.55 | GN31: =IF(OR(BI31=0,BI31=1),ROUND(O31+X31+Y31+GK31,2),0) -> 941.55 | GO31: =IF(BI31=2,ROUND(O31+X31+Y31+GK31,2),0) -> 0 | GP31: =IF(BI31=4,ROUND(O31+X31+Y31+GK31,2)+GX31,0) -> 0 | GR31: 0 | GS31: 3 | GT31: 0 | GV31: =ROUND(GT31,6) -> 0 | GW31: 1 | GX31: =ROUND(GV31*GW31*I31,2) -> 0 | HA31: 0 | HB31: 0 | IK31: 0
A32: 17 | B32: 1 | C32: =ROW(SmtRes!A20) -> 20 | D32: =ROW(EtalonRes!A22) -> 22 | E32: 3 | F32: 20-02-002-04 | G32: Демонтаж решеток жалюзийных площадью в свету до 2,5 м2 | H32: ШТ | I32: 18 | J32: 0 | O32: =ROUND(CP32,2) -> 202.03 | P32: =ROUND(CQ32*I32,2) -> 0 | Q32: =ROUND(CR32*I32,2) -> 30.89 | R32: =ROUND(CS32*I32,2) -> 2.66 | S32: =ROUND(CT32*I32,2) -> 171.14 | T32: =ROUND(CU32*I32,2) -> 0 | U32: =CV32*I32 -> 19.08 | V32: =CW32*I32 -> 0.216 | W32: =ROUND(CX32*I32,2) -> 0 | X32: =ROUND(CY32,2) -> 199.87 | Y32: =ROUND(CZ32,2) -> 123.4 | AA32: 16671550 | AB32: =ROUND((AC32+AD32+AF32),6) -> 11.224 | AC32: =ROUND(((ES32*0)),6) -> 0 | AD32: =ROUND(((((ET32*0.4))-((EU32*0.4)))+AE32),6) -> 1.716 | AE32: =ROUND(((EU32*0.4)),6) -> 0.148 | AF32: =ROUND(((EV32*0.4)),6) -> 9.508 | AG32: =ROUND((AP32),6) -> 0 | AH32: =((EW32*0.4)) -> 1.06 | AI32: =((EX32*0.4)) -> 0.012 | AJ32: =ROUND((AS32),6) -> 0 | AK32: 44.01 | AL32: 15.95 | AM32: 4.29 | AN32: 0.37 | AO32: 23.77 | AP32: 0 | AQ32: 2.65 | AR32: 0.03 | AS32: 0 | AT32: 115 | AU32: 71 | AV32: 1 | AW32: 1 | AZ32: 1 | BA32: 1 | BB32: 1 | BC32: 1 | BH32: 0 | BI32: 1 | BJ32: ФЕР-2001, 20-02-002-04, приказ Минстроя России №1039/пр от 30.12.2016г. | BM32: 20001 | BN32: 0 | BP32: 0 | BQ32: 2 | BR32: 0 | BS32: 1 | BT32: 1 | BU32: 1 | BV32: 1 | BW32: 1 | BX32: 1 | BZ32: 128 | CA32: 83 | CF32: 0 | CG32: 0 | CM32: 0 | CN32: Поправка: Табл.2, п.3 Наименование: При демонтаже (разборке) систем инженерно-технического обеспечения | CO32: 0 | CP32: =(P32+Q32+S32) -> 202.03 | CQ32: =AC32*BC32 -> 0 | CR32: =AD32*BB32 -> 1.716 | CS32: =AE32*BS32 -> 0.148 | CT32: =AF32*BA32 -> 9.508 | CU32: =AG32 -> 0 | CV32: =AH32 -> 1.06 | CW32: =AI32 -> 0.012 | CX32: =AJ32 -> 0 | CY32: =(((S32+R32)*AT32)/100) -> 199.87 | CZ32: =(((S32+R32)*AU32)/100) -> 123.398 | DD32: )*0 | DE32: )*0,4 | DF32: )*0,4 | DG32: )*0,4 | DI32: )*0,4 | DJ32: )*0,4 | DN32: 0 | DO32: 0 | DP32: 1 | DQ32: 1 | DU32: 1013 | DV32: ШТ | DW32: ШТ | DX32: 1 | EE32: 16510518 | EF32: 2 | EG32: Общестроительные работы | EH32: 0 | EJ32: 1 | EK32: 20001 | EL32: Вентиляция и кондиционирование | EM32: ФЕР-20 | EO32: Поправка: Табл.2, п.3 | EQ32: 0 | ER32: 44.01 | ES32: 15.95 | ET32: 4.29 | EU32: 0.37 | EV32: 23.77 | EW32: 2.65 | EX32: 0.03 | EY32: 0 | FQ32: 0 | FR32: =ROUND(IF(AND(BH32=3,BI32=3),P32,0),2) -> 0 | FS32: 0 | FT32: *0,9 | FU32: *0,85 | FX32: 115.2 | FY32: 70.55 | GD32: 0 | GF32: 59404244 | GG32: 2 | GH32: 1 | GI32: -2 | GJ32: 0 | GK32: =ROUND(R32*(R12)/100,2) -> 0 | GL32: =ROUND(IF(AND(BH32=3,BI32=3,FS32<>0),P32,0),2) -> 0 | GM32: =ROUND(O32+X32+Y32+GK32,2)+GX32 -> 525.3 | GN32: =IF(OR(BI32=0,BI32=1),ROUND(O32+X32+Y32+GK32,2),0) -> 525.3 | GO32: =IF(BI32=2,ROUND(O32+X32+Y32+GK32,2),0) -> 0 | GP32: =IF(BI32=4,ROUND(O32+X32+Y32+GK32,2)+GX32,0) -> 0 | GR32: 0 | GS32: 3 | GT32: 0 | GV32: =ROUND(GT32,6) -> 0 | GW32: 1 | GX32: =ROUND(GV32*GW32*I32,2) -> 0 | HA32: 0 | HB32: 0 | IK32: 0
A33: 17 | B33: 1 | C33: =ROW(SmtRes!A28) -> 28 | D33: =ROW(EtalonRes!A32) -> 32 | E33: 3 | F33: 20-02-002-04 | G33: Демонтаж решеток жалюзийных площадью в свету до 2,5 м2 | H33: ШТ | I33: 18 | J33: 0 | O33: =ROUND(CP33,2) -> 1210.17 | P33: =ROUND(CQ33*I33,2) -> 0 | Q33: =ROUND(CR33*I33,2) -> 185.02 | R33: =ROUND(CS33*I33,2) -> 15.96 | S33: =ROUND(CT33*I33,2) -> 1025.15 | T33: =ROUND(CU33*I33,2) -> 0 | U33: =CV33*I33 -> 19.08 | V33: =CW33*I33 -> 0.216 | W33: =ROUND(CX33*I33,2) -> 0 | X33: =ROUND(CY33,2) -> 1197.28 | Y33: =ROUND(CZ33,2) -> 739.19 | AA33: 16671551 | AB33: =ROUND((AC33+AD33+AF33),6) -> 11.224 | AC33: =ROUND(((ES33*0)),6) -> 0 | AD33: =ROUND(((((ET33*0.4))-((EU33*0.4)))+AE33),6) -> 1.716 | AE33: =ROUND(((EU33*0.4)),6) -> 0.148 | AF33: =ROUND(((EV33*0.4)),6) -> 9.508 | AG33: =ROUND((AP33),6) -> 0 | AH33: =((EW33*0.4)) -> 1.06 | AI33: =((EX33*0.4)) -> 0.012 | AJ33: =ROUND((AS33),6) -> 0 | AK33: 44.01 | AL33: 15.95 | AM33: 4.29 | AN33: 0.37 | AO33: 23.77 | AP33: 0 | AQ33: 2.65 | AR33: 0.03 | AS33: 0 | AT33: 115 | AU33: 71 | AV33: 1 | AW33: 1 | AZ33: 5.99 | BA33: 5.99 | BB33: 5.99 | BC33: 5.99 | BH33: 0 | BI33: 1 | BJ33: ФЕР-2001, 20-02-002-04, приказ Минстроя России №1039/пр от 30.12.2016г. | BM33: 20001 | BN33: 0 | BP33: 0 | BQ33: 2 | BR33: 0 | BS33: 5.99 | BT33: 1 | BU33: 1 | BV33: 1 | BW33: 1 | BX33: 1 | BZ33: 128 | CA33: 83 | CF33: 0 | CG33: 0 | CM33: 0 | CN33: Поправка: Табл.2, п.3 Наименование: При демонтаже (разборке) систем инженерно-технического обеспечения | CO33: 0 | CP33: =(P33+Q33+S33) -> 1210.17 | CQ33: =AC33*BC33 -> 0 | CR33: =AD33*BB33 -> 10.27884 | CS33: =AE33*BS33 -> 0.88652 | CT33: =AF33*BA33 -> 56.95292 | CU33: =AG33 -> 0 | CV33: =AH33 -> 1.06 | CW33: =AI33 -> 0.012 | CX33: =AJ33 -> 0 | CY33: =(((S33+R33)*AT33)/100) -> 1197.2765 | CZ33: =(((S33+R33)*AU33)/100) -> 739.1881 | DD33: )*0 | DE33: )*0,4 | DF33: )*0,4 | DG33: )*0,4 | DI33: )*0,4 | DJ33: )*0,4 | DN33: 0 | DO33: 0 | DP33: 1 | DQ33: 1 | DU33: 1013 | DV33: ШТ | DW33: ШТ | DX33: 1 | EE33: 16510518 | EF33: 2 | EG33: Общестроительные работы | EH33: 0 | EJ33: 1 | EK33: 20001 | EL33: Вентиляция и кондиционирование | EM33: ФЕР-20 | EO33: Поправка: Табл.2, п.3 | EQ33: 0 | ER33: 44.01 | ES33: 15.95 | ET33: 4.29 | EU33: 0.37 | EV33: 23.77 | EW33: 2.65 | EX33: 0.03 | EY33: 0 | FQ33: 0 | FR33: =ROUND(IF(AND(BH33=3,BI33=3),P33,0),2) -> 0 | FS33: 0 | FT33: *0,9 | FU33: *0,85 | FX33: 115.2 | FY33: 70.55 | GD33: 0 | GF33: 59404244 | GG33: 1 | GH33: 1 | GI33: 4 | GJ33: 0 | GK33: =ROUND(R33*(S12)/100,2) -> 0 | GL33: =ROUND(IF(AND(BH33=3,BI33=3,FS33<>0),P33,0),2) -> 0 | GM33: =ROUND(O33+X33+Y33+GK33,2)+GX33 -> 3146.64 | GN33: =IF(OR(BI33=0,BI33=1),ROUND(O33+X33+Y33+GK33,2),0) -> 3146.64 | GO33: =IF(BI33=2,ROUND(O33+X33+Y33+GK33,2),0) -> 0 | GP33: =IF(BI33=4,ROUND(O33+X33+Y33+GK33,2)+GX33,0) -> 0 | GR33: 0 | GS33: 3 | GT33: 0 | GV33: =ROUND(GT33,6) -> 0 | GW33: 1 | GX33: =ROUND(GV33*GW33*I33,2) -> 0 | HA33: 0 | HB33: 0 | IK33: 0
A34: 17 | B34: 1 | C34: =ROW(SmtRes!A31) -> 31 | D34: =ROW(EtalonRes!A36) -> 36 | E34: 4 | F34: 57-2-2 | G34: Разборка покрытий полов из плиток поливинилхлоридных | H34: 100 м2 | I34: =ROUND(61.73/100,9) -> 0.6173 | J34: 0 | O34: =ROUND(CP34,2) -> 173.39 | P34: =ROUND(CQ34*I34,2) -> 0 | Q34: =ROUND(CR34*I34,2) -> 2.51 | R34: =ROUND(CS34*I34,2) -> 1.09 | S34: =ROUND(CT34*I34,2) -> 170.88 | T34: =ROUND(CU34*I34,2) -> 0 | U34: =CV34*I34 -> 21.907977 | V34: =CW34*I34 -> 0.080249 | W34: =ROUND(CX34*I34,2) -> 0 | X34: =ROUND(CY34,2) -> 137.58 | Y34: =ROUND(CZ34,2) -> 116.94 | AA34: 16671550 | AB34: =ROUND((AC34+AD34+AF34),6) -> 280.88 | AC34: =ROUND((ES34),6) -> 0 | AD34: =ROUND((((ET34)-(EU34))+AE34),6) -> 4.06 | AE34: =ROUND((EU34),6) -> 1.76 | AF34: =ROUND((EV34),6) -> 276.82 | AG34: =ROUND((AP34),6) -> 0 | AH34: =(EW34) -> 35.49 | AI34: =(EX34) -> 0.13 | AJ34: =ROUND((AS34),6) -> 0 | AK34: 280.88 | AL34: 0 | AM34: 4.06 | AN34: 1.76 | AO34: 276.82 | AP34: 0 | AQ34: 35.49 | AR34: 0.13 | AS34: 0 | AT34: 80 | AU34: 68 | AV34: 1 | AW34: 1 | AZ34: 1 | BA34: 1 | BB34: 1 | BC34: 1 | BH34: 0 | BI34: 1 | BJ34: ФЕРр-2001, 57-2-2, приказ Минстроя России №1039/пр от 30.12.2016г. | BM34: 57001 | BN34: 0 | BP34: 0 | BQ34: 6 | BR34: 0 | BS34: 1 | BT34: 1 | BU34: 1 | BV34: 1 | BW34: 1 | BX34: 1 | BZ34: 80 | CA34: 68 | CF34: 0 | CG34: 0 | CM34: 0 | CO34: 0 | CP34: =(P34+Q34+S34) -> 173.39 | CQ34: =AC34*BC34 -> 0 | CR34: =AD34*BB34 -> 4.06 | CS34: =AE34*BS34 -> 1.76 | CT34: =AF34*BA34 -> 276.82 | CU34: =AG34 -> 0 | CV34: =AH34 -> 35.49 | CW34: =AI34 -> 0.13 | CX34: =AJ34 -> 0 | CY34: =(((S34+R34)*AT34)/100) -> 137.576 | CZ34: =(((S34+R34)*AU34)/100) -> 116.9396 | DN34: 0 | DO34: 0 | DP34: 1 | DQ34: 1 | DU34: 1005 | DV34: 100 м2 | DW34: 100 м2 | DX34: 100 | EE34: 16510566 | EF34: 6 | EG34: Ремонтно-строительные работы | EH34: 0 | EJ34: 1 | EK34: 57001 | EL34: Полы | EM34: рФЕР-57 | EQ34: 0 | ER34: 280.88 | ES34: 0 | ET34: 4.06 | EU34: 1.76 | EV34: 276.82 | EW34: 35.49 | EX34: 0.13 | EY34: 0 | FQ34: 0 | FR34: =ROUND(IF(AND(BH34=3,BI34=3),P34,0),2) -> 0 | FS34: 0 | FX34: 80 | FY34: 68 | GD34: 0 | GF34: 1273045449 | GG34: 2 | GH34: 1 | GI34: -2 | GJ34: 0 | GK34: =ROUND(R34*(R12)/100,2) -> 0 | GL34: =ROUND(IF(AND(BH34=3,BI34=3,FS34<>0),P34,0),2) -> 0 | GM34: =ROUND(O34+X34+Y34+GK34,2)+GX34 -> 427.91 | GN34: =IF(OR(BI34=0,BI34=1),ROUND(O34+X34+Y34+GK34,2),0) -> 427.91 | GO34: =IF(BI34=2,ROUND(O34+X34+Y34+GK34,2),0) -> 0 | GP34: =IF(BI34=4,ROUND(O34+X34+Y34+GK34,2)+GX34,0) -> 0 | GR34: 0 | GS34: 3 | GT34: 0 | GV34: =ROUND(GT34,6) -> 0 | GW34: 1 | GX34: =ROUND(GV34*GW34*I34,2) -> 0 | HA34: 0 | HB34: 0 | IK34: 0
A35: 17 | B35: 1 | C35: =ROW(SmtRes!A34) -> 34 | D35: =ROW(EtalonRes!A40) -> 40 | E35: 4 | F35: 57-2-2 | G35: Разборка покрытий полов из плиток поливинилхлоридных | H35: 100 м2 | I35: =ROUND(61.73/100,9) -> 0.6173 | J35: 0 | O35: =ROUND(CP35,2) -> 1038.59 | P35: =ROUND(CQ35*I35,2) -> 0 | Q35: =ROUND(CR35*I35,2) -> 15.01 | R35: =ROUND(CS35*I35,2) -> 6.51 | S35: =ROUND(CT35*I35,2) -> 1023.58 | T35: =ROUND(CU35*I35,2) -> 0 | U35: =CV35*I35 -> 21.907977 | V35: =CW35*I35 -> 0.080249 | W35: =ROUND(CX35*I35,2) -> 0 | X35: =ROUND(CY35,2) -> 824.07 | Y35: =ROUND(CZ35,2) -> 700.46 | AA35: 16671551 | AB35: =ROUND((AC35+AD35+AF35),6) -> 280.88 | AC35: =ROUND((ES35),6) -> 0 | AD35: =ROUND((((ET35)-(EU35))+AE35),6) -> 4.06 | AE35: =ROUND((EU35),6) -> 1.76 | AF35: =ROUND((EV35),6) -> 276.82 | AG35: =ROUND((AP35),6) -> 0 | AH35: =(EW35) -> 35.49 | AI35: =(EX35) -> 0.13 | AJ35: =ROUND((AS35),6) -> 0 | AK35: 280.88 | AL35: 0 | AM35: 4.06 | AN35: 1.76 | AO35: 276.82 | AP35: 0 | AQ35: 35.49 | AR35: 0.13 | AS35: 0 | AT35: 80 | AU35: 68 | AV35: 1 | AW35: 1 | AZ35: 5.99 | BA35: 5.99 | BB35: 5.99 | BC35: 5.99 | BH35: 0 | BI35: 1 | BJ35: ФЕРр-2001, 57-2-2, приказ Минстроя России №1039/пр от 30.12.2016г. | BM35: 57001 | BN35: 0 | BP35: 0 | BQ35: 6 | BR35: 0 | BS35: 5.99 | BT35: 1 | BU35: 1 | BV35: 1 | BW35: 1 | BX35: 1 | BZ35: 80 | CA35: 68 | CF35: 0 | CG35: 0 | CM35: 0 | CO35: 0 | CP35: =(P35+Q35+S35) -> 1038.59 | CQ35: =AC35*BC35 -> 0 | CR35: =AD35*BB35 -> 24.3194 | CS35: =AE35*BS35 -> 10.5424 | CT35: =AF35*BA35 -> 1658.1518 | CU35: =AG35 -> 0 | CV35: =AH35 -> 35.49 | CW35: =AI35 -> 0.13 | CX35: =AJ35 -> 0 | CY35: =(((S35+R35)*AT35)/100) -> 824.072 | CZ35: =(((S35+R35)*AU35)/100) -> 700.4612 | DN35: 0 | DO35: 0 | DP35: 1 | DQ35: 1 | DU35: 1005 | DV35: 100 м2 | DW35: 100 м2 | DX35: 100 | EE35: 16510566 | EF35: 6 | EG35: Ремонтно-строительные работы | EH35: 0 | EJ35: 1 | EK35: 57001 | EL35: Полы | EM35: рФЕР-57 | EQ35: 0 | ER35: 280.88 | ES35: 0 | ET35: 4.06 | EU35: 1.76 | EV35: 276.82 | EW35: 35.49 | EX35: 0.13 | EY35: 0 | FQ35: 0 | FR35: =ROUND(IF(AND(BH35=3,BI35=3),P35,0),2) -> 0 | FS35: 0 | FX35: 80 | FY35: 68 | GD35: 0 | GF35: 1273045449 | GG35: 1 | GH35: 1 | GI35: 4 | GJ35: 0 | GK35: =ROUND(R35*(S12)/100,2) -> 0 | GL35: =ROUND(IF(AND(BH35=3,BI35=3,FS35<>0),P35,0),2) -> 0 | GM35: =ROUND(O35+X35+Y35+GK35,2)+GX35 -> 2563.12 | GN35: =IF(OR(BI35=0,BI35=1),ROUND(O35+X35+Y35+GK35,2),0) -> 2563.12 | GO35: =IF(BI35=2,ROUND(O35+X35+Y35+GK35,2),0) -> 0 | GP35: =IF(BI35=4,ROUND(O35+X35+Y35+GK35,2)+GX35,0) -> 0 | GR35: 0 | GS35: 3 | GT35: 0 | GV35: =ROUND(GT35,6) -> 0 | GW35: 1 | GX35: =ROUND(GV35*GW35*I35,2) -> 0 | HA35: 0 | HB35: 0 | IK35: 0
A36: 17 | B36: 1 | C36: =ROW(SmtRes!A37) -> 37 | D36: =ROW(EtalonRes!A44) -> 44 | E36: 5 | F36: 57-2-3 | G36: Разборка покрытий полов из керамических плиток | H36: 100 м2 | I36: =ROUND(135.85/100,9) -> 1.3585 | J36: 0 | O36: =ROUND(CP36,2) -> 870.8 | P36: =ROUND(CQ36*I36,2) -> 0 | Q36: =ROUND(CR36*I36,2) -> 61.15 | R36: =ROUND(CS36*I36,2) -> 26.41 | S36: =ROUND(CT36*I36,2) -> 809.65 | T36: =ROUND(CU36*I36,2) -> 0 | U36: =CV36*I36 -> 94.918395 | V36: =CW36*I36 -> 1.95624 | W36: =ROUND(CX36*I36,2) -> 0 | X36: =ROUND(CY36,2) -> 668.85 | Y36: =ROUND(CZ36,2) -> 568.52 | AA36: 16671550 | AB36: =ROUND((AC36+AD36+AF36),6) -> 641 | AC36: =ROUND((ES36),6) -> 0 | AD36: =ROUND((((ET36)-(EU36))+AE36),6) -> 45.01 | AE36: =ROUND((EU36),6) -> 19.44 | AF36: =ROUND((EV36),6) -> 595.99 | AG36: =ROUND((AP36),6) -> 0 | AH36: =(EW36) -> 69.87 | AI36: =(EX36) -> 1.44 | AJ36: =ROUND((AS36),6) -> 0 | AK36: 641 | AL36: 0 | AM36: 45.01 | AN36: 19.44 | AO36: 595.99 | AP36: 0 | AQ36: 69.87 | AR36: 1.44 | AS36: 0 | AT36: 80 | AU36: 68 | AV36: 1 | AW36: 1 | AZ36: 1 | BA36: 1 | BB36: 1 | BC36: 1 | BH36: 0 | BI36: 1 | BJ36: ФЕРр-2001, 57-2-3, приказ Минстроя России №1039/пр от 30.12.2016г. | BM36: 57001 | BN36: 0 | BP36: 0 | BQ36: 6 | BR36: 0 | BS36: 1 | BT36: 1 | BU36: 1 | BV36: 1 | BW36: 1 | BX36: 1 | BZ36: 80 | CA36: 68 | CF36: 0 | CG36: 0 | CM36: 0 | CO36: 0 | CP36: =(P36+Q36+S36) -> 870.8 | CQ36: =AC36*BC36 -> 0 | CR36: =AD36*BB36 -> 45.01 | CS36: =AE36*BS36 -> 19.44 | CT36: =AF36*BA36 -> 595.99 | CU36: =AG36 -> 0 | CV36: =AH36 -> 69.87 | CW36: =AI36 -> 1.44 | CX36: =AJ36 -> 0 | CY36: =(((S36+R36)*AT36)/100) -> 668.848 | CZ36: =(((S36+R36)*AU36)/100) -> 568.5208 | DN36: 0 | DO36: 0 | DP36: 1 | DQ36: 1 | DU36: 1005 | DV36: 100 м2 | DW36: 100 м2 | DX36: 100 | EE36: 16510566 | EF36: 6 | EG36: Ремонтно-строительные работы | EH36: 0 | EJ36: 1 | EK36: 57001 | EL36: Полы | EM36: рФЕР-57 | EQ36: 0 | ER36: 641 | ES36: 0 | ET36: 45.01 | EU36: 19.44 | EV36: 595.99 | EW36: 69.87 | EX36: 1.44 | EY36: 0 | FQ36: 0 | FR36: =ROUND(IF(AND(BH36=3,BI36=3),P36,0),2) -> 0 | FS36: 0 | FX36: 80 | FY36: 68 | GD36: 0 | GF36: -1405612292 | GG36: 2 | GH36: 1 | GI36: -2 | GJ36: 0 | GK36: =ROUND(R36*(R12)/100,2) -> 0 | GL36: =ROUND(IF(AND(BH36=3,BI36=3,FS36<>0),P36,0),2) -> 0 | GM36: =ROUND(O36+X36+Y36+GK36,2)+GX36 -> 2108.17 | GN36: =IF(OR(BI36=0,BI36=1),ROUND(O36+X36+Y36+GK36,2),0) -> 2108.17 | GO36: =IF(BI36=2,ROUND(O36+X36+Y36+GK36,2),0) -> 0 | GP36: =IF(BI36=4,ROUND(O36+X36+Y36+GK36,2)+GX36,0) -> 0 | GR36: 0 | GS36: 3 | GT36: 0 | GV36: =ROUND(GT36,6) -> 0 | GW36: 1 | GX36: =ROUND(GV36*GW36*I36,2) -> 0 | HA36: 0 | HB36: 0 | IK36: 0
A37: 17 | B37: 1 | C37: =ROW(SmtRes!A40) -> 40 | D37: =ROW(EtalonRes!A48) -> 48 | E37: 5 | F37: 57-2-3 | G37: Разборка покрытий полов из керамических плиток | H37: 100 м2 | I37: =ROUND(135.85/100,9) -> 1.3585 | J37: 0 | O37: =ROUND(CP37,2) -> 5216.09 | P37: =ROUND(CQ37*I37,2) -> 0 | Q37: =ROUND(CR37*I37,2) -> 366.27 | R37: =ROUND(CS37*I37,2) -> 158.19 | S37: =ROUND(CT37*I37,2) -> 4849.82 | T37: =ROUND(CU37*I37,2) -> 0 | U37: =CV37*I37 -> 94.918395 | V37: =CW37*I37 -> 1.95624 | W37: =ROUND(CX37*I37,2) -> 0 | X37: =ROUND(CY37,2) -> 4006.41 | Y37: =ROUND(CZ37,2) -> 3405.45 | AA37: 16671551 | AB37: =ROUND((AC37+AD37+AF37),6) -> 641 | AC37: =ROUND((ES37),6) -> 0 | AD37: =ROUND((((ET37)-(EU37))+AE37),6) -> 45.01 | AE37: =ROUND((EU37),6) -> 19.44 | AF37: =ROUND((EV37),6) -> 595.99 | AG37: =ROUND((AP37),6) -> 0 | AH37: =(EW37) -> 69.87 | AI37: =(EX37) -> 1.44 | AJ37: =ROUND((AS37),6) -> 0 | AK37: 641 | AL37: 0 | AM37: 45.01 | AN37: 19.44 | AO37: 595.99 | AP37: 0 | AQ37: 69.87 | AR37: 1.44 | AS37: 0 | AT37: 80 | AU37: 68 | AV37: 1 | AW37: 1 | AZ37: 5.99 | BA37: 5.99 | BB37: 5.99 | BC37: 5.99 | BH37: 0 | BI37: 1 | BJ37: ФЕРр-2001, 57-2-3, приказ Минстроя России №1039/пр от 30.12.2016г. | BM37: 57001 | BN37: 0 | BP37: 0 | BQ37: 6 | BR37: 0 | BS37: 5.99 | BT37: 1 | BU37: 1 | BV37: 1 | BW37: 1 | BX37: 1 | BZ37: 80 | CA37: 68 | CF37: 0 | CG37: 0 | CM37: 0 | CO37: 0 | CP37: =(P37+Q37+S37) -> 5216.09 | CQ37: =AC37*BC37 -> 0 | CR37: =AD37*BB37 -> 269.6099 | CS37: =AE37*BS37 -> 116.4456 | CT37: =AF37*BA37 -> 3569.9801 | CU37: =AG37 -> 0 | CV37: =AH37 -> 69.87 | CW37: =AI37 -> 1.44 | CX37: =AJ37 -> 0 | CY37: =(((S37+R37)*AT37)/100) -> 4006.408 | CZ37: =(((S37+R37)*AU37)/100) -> 3405.4468 | DN37: 0 | DO37: 0 | DP37: 1 | DQ37: 1 | DU37: 1005 | DV37: 100 м2 | DW37: 100 м2 | DX37: 100 | EE37: 16510566 | EF37: 6 | EG37: Ремонтно-строительные работы | EH37: 0 | EJ37: 1 | EK37: 57001 | EL37: Полы | EM37: рФЕР-57 | EQ37: 0 | ER37: 641 | ES37: 0 | ET37: 45.01 | EU37: 19.44 | EV37: 595.99 | EW37: 69.87 | EX37: 1.44 | EY37: 0 | FQ37: 0 | FR37: =ROUND(IF(AND(BH37=3,BI37=3),P37,0),2) -> 0 | FS37: 0 | FX37: 80 | FY37: 68 | GD37: 0 | GF37: -1405612292 | GG37: 1 | GH37: 1 | GI37: 4 | GJ37: 0 | GK37: =ROUND(R37*(S12)/100,2) -> 0 | GL37: =ROUND(IF(AND(BH37=3,BI37=3,FS37<>0),P37,0),2) -> 0 | GM37: =ROUND(O37+X37+Y37+GK37,2)+GX37 -> 12627.95 | GN37: =IF(OR(BI37=0,BI37=1),ROUND(O37+X37+Y37+GK37,2),0) -> 12627.95 | GO37: =IF(BI37=2,ROUND(O37+X37+Y37+GK37,2),0) -> 0 | GP37: =IF(BI37=4,ROUND(O37+X37+Y37+GK37,2)+GX37,0) -> 0 | GR37: 0 | GS37: 3 | GT37: 0 | GV37: =ROUND(GT37,6) -> 0 | GW37: 1 | GX37: =ROUND(GV37*GW37*I37,2) -> 0 | HA37: 0 | HB37: 0 | IK37: 0
A38: 17 | B38: 1 | C38: =ROW(SmtRes!A43) -> 43 | D38: =ROW(EtalonRes!A52) -> 52 | E38: 6 | F38: 55-5-1 | G38: Разборка кирпичных перегородок на отдельные кирпичи | H38: 100 м2 | I38: =ROUND(7.34/100,9) -> 0.0734 | J38: 0 | O38: =ROUND(CP38,2) -> 105.95 | P38: =ROUND(CQ38*I38,2) -> 0 | Q38: =ROUND(CR38*I38,2) -> 17.54 | R38: =ROUND(CS38*I38,2) -> 0 | S38: =ROUND(CT38*I38,2) -> 88.41 | T38: =ROUND(CU38*I38,2) -> 0 | U38: =CV38*I38 -> 10.36408 | V38: =CW38*I38 -> 0 | W38: =ROUND(CX38*I38,2) -> 0 | X38: =ROUND(CY38,2) -> 78.68 | Y38: =ROUND(CZ38,2) -> 57.47 | AA38: 16671550 | AB38: =ROUND((AC38+AD38+AF38),6) -> 1443.4 | AC38: =ROUND((ES38),6) -> 0 | AD38: =ROUND((((ET38)-(EU38))+AE38),6) -> 238.96 | AE38: =ROUND((EU38),6) -> 0 | AF38: =ROUND((EV38),6) -> 1204.44 | AG38: =ROUND((AP38),6) -> 0 | AH38: =(EW38) -> 141.2 | AI38: =(EX38) -> 0 | AJ38: =ROUND((AS38),6) -> 0 | AK38: 1443.4 | AL38: 0 | AM38: 238.96 | AN38: 0 | AO38: 1204.44 | AP38: 0 | AQ38: 141.2 | AR38: 0 | AS38: 0 | AT38: 89 | AU38: 65 | AV38: 1 | AW38: 1 | AZ38: 1 | BA38: 1 | BB38: 1 | BC38: 1 | BH38: 0 | BI38: 1 | BJ38: ФЕРр-2001, 55-5-1, приказ Минстроя России №1039/пр от 30.12.2016г. | BM38: 55001 | BN38: 0 | BP38: 0 | BQ38: 6 | BR38: 0 | BS38: 1 | BT38: 1 | BU38: 1 | BV38: 1 | BW38: 1 | BX38: 1 | BZ38: 89 | CA38: 65 | CF38: 0 | CG38: 0 | CM38: 0 | CO38: 0 | CP38: =(P38+Q38+S38) -> 105.95 | CQ38: =AC38*BC38 -> 0 | CR38: =AD38*BB38 -> 238.96 | CS38: =AE38*BS38 -> 0 | CT38: =AF38*BA38 -> 1204.44 | CU38: =AG38 -> 0 | CV38: =AH38 -> 141.2 | CW38: =AI38 -> 0 | CX38: =AJ38 -> 0 | CY38: =(((S38+R38)*AT38)/100) -> 78.6849 | CZ38: =(((S38+R38)*AU38)/100) -> 57.4665 | DN38: 0 | DO38: 0 | DP38: 1 | DQ38: 1 | DU38: 1005 | DV38: 100 м2 | DW38: 100 м2 | DX38: 100 | EE38: 16510564 | EF38: 6 | EG38: Ремонтно-строительные работы | EH38: 0 | EJ38: 1 | EK38: 55001 | EL38: Перегородки | EM38: рФЕР-55 | EQ38: 0 | ER38: 1443.4 | ES38: 0 | ET38: 238.96 | EU38: 0 | EV38: 1204.44 | EW38: 141.2 | EX38: 0 | EY38: 0 | FQ38: 0 | FR38: =ROUND(IF(AND(BH38=3,BI38=3),P38,0),2) -> 0 | FS38: 0 | FX38: 89 | FY38: 65 | GD38: 0 | GF38: -1515074980 | GG38: 2 | GH38: 1 | GI38: -2 | GJ38: 0 | GK38: =ROUND(R38*(R12)/100,2) -> 0 | GL38: =ROUND(IF(AND(BH38=3,BI38=3,FS38<>0),P38,0),2) -> 0 | GM38: =ROUND(O38+X38+Y38+GK38,2)+GX38 -> 242.1 | GN38: =IF(OR(BI38=0,BI38=1),ROUND(O38+X38+Y38+GK38,2),0) -> 242.1 | GO38: =IF(BI38=2,ROUND(O38+X38+Y38+GK38,2),0) -> 0 | GP38: =IF(BI38=4,ROUND(O38+X38+Y38+GK38,2)+GX38,0) -> 0 | GR38: 0 | GS38: 3 | GT38: 0 | GV38: =ROUND(GT38,6) -> 0 | GW38: 1 | GX38: =ROUND(GV38*GW38*I38,2) -> 0 | HA38: 0 | HB38: 0 | IK38: 0
A39: 17 | B39: 1 | C39: =ROW(SmtRes!A46) -> 46 | D39: =ROW(EtalonRes!A56) -> 56 | E39: 6 | F39: 55-5-1 | G39: Разборка кирпичных перегородок на отдельные кирпичи | H39: 100 м2 | I39: =ROUND(7.34/100,9) -> 0.0734 | J39: 0 | O39: =ROUND(CP39,2) -> 634.61 | P39: =ROUND(CQ39*I39,2) -> 0 | Q39: =ROUND(CR39*I39,2) -> 105.06 | R39: =ROUND(CS39*I39,2) -> 0 | S39: =ROUND(CT39*I39,2) -> 529.55 | T39: =ROUND(CU39*I39,2) -> 0 | U39: =CV39*I39 -> 10.36408 | V39: =CW39*I39 -> 0 | W39: =ROUND(CX39*I39,2) -> 0 | X39: =ROUND(CY39,2) -> 471.3 | Y39: =ROUND(CZ39,2) -> 344.21 | AA39: 16671551 | AB39: =ROUND((AC39+AD39+AF39),6) -> 1443.4 | AC39: =ROUND((ES39),6) -> 0 | AD39: =ROUND((((ET39)-(EU39))+AE39),6) -> 238.96 | AE39: =ROUND((EU39),6) -> 0 | AF39: =ROUND((EV39),6) -> 1204.44 | AG39: =ROUND((AP39),6) -> 0 | AH39: =(EW39) -> 141.2 | AI39: =(EX39) -> 0 | AJ39: =ROUND((AS39),6) -> 0 | AK39: 1443.4 | AL39: 0 | AM39: 238.96 | AN39: 0 | AO39: 1204.44 | AP39: 0 | AQ39: 141.2 | AR39: 0 | AS39: 0 | AT39: 89 | AU39: 65 | AV39: 1 | AW39: 1 | AZ39: 5.99 | BA39: 5.99 | BB39: 5.99 | BC39: 5.99 | BH39: 0 | BI39: 1 | BJ39: ФЕРр-2001, 55-5-1, приказ Минстроя России №1039/пр от 30.12.2016г. | BM39: 55001 | BN39: 0 | BP39: 0 | BQ39: 6 | BR39: 0 | BS39: 5.99 | BT39: 1 | BU39: 1 | BV39: 1 | BW39: 1 | BX39: 1 | BZ39: 89 | CA39: 65 | CF39: 0 | CG39: 0 | CM39: 0 | CO39: 0 | CP39: =(P39+Q39+S39) -> 634.61 | CQ39: =AC39*BC39 -> 0 | CR39: =AD39*BB39 -> 1431.3704 | CS39: =AE39*BS39 -> 0 | CT39: =AF39*BA39 -> 7214.5956 | CU39: =AG39 -> 0 | CV39: =AH39 -> 141.2 | CW39: =AI39 -> 0 | CX39: =AJ39 -> 0 | CY39: =(((S39+R39)*AT39)/100) -> 471.2995 | CZ39: =(((S39+R39)*AU39)/100) -> 344.2075 | DN39: 0 | DO39: 0 | DP39: 1 | DQ39: 1 | DU39: 1005 | DV39: 100 м2 | DW39: 100 м2 | DX39: 100 | EE39: 16510564 | EF39: 6 | EG39: Ремонтно-строительные работы | EH39: 0 | EJ39: 1 | EK39: 55001 | EL39: Перегородки | EM39: рФЕР-55 | EQ39: 0 | ER39: 1443.4 | ES39: 0 | ET39: 238.96 | EU39: 0 | EV39: 1204.44 | EW39: 141.2 | EX39: 0 | EY39: 0 | FQ39: 0 | FR39: =ROUND(IF(AND(BH39=3,BI39=3),P39,0),2) -> 0 | FS39: 0 | FX39: 89 | FY39: 65 | GD39: 0 | GF39: -1515074980 | GG39: 1 | GH39: 1 | GI39: 4 | GJ39: 0 | GK39: =ROUND(R39*(S12)/100,2) -> 0 | GL39: =ROUND(IF(AND(BH39=3,BI39=3,FS39<>0),P39,0),2) -> 0 | GM39: =ROUND(O39+X39+Y39+GK39,2)+GX39 -> 1450.12 | GN39: =IF(OR(BI39=0,BI39=1),ROUND(O39+X39+Y39+GK39,2),0) -> 1450.12 | GO39: =IF(BI39=2,ROUND(O39+X39+Y39+GK39,2),0) -> 0 | GP39: =IF(BI39=4,ROUND(O39+X39+Y39+GK39,2)+GX39,0) -> 0 | GR39: 0 | GS39: 3 | GT39: 0 | GV39: =ROUND(GT39,6) -> 0 | GW39: 1 | GX39: =ROUND(GV39*GW39*I39,2) -> 0 | HA39: 0 | HB39: 0 | IK39: 0
A40: 17 | B40: 1 | C40: =ROW(SmtRes!A55) -> 55 | D40: =ROW(EtalonRes!A67) -> 67 | E40: 7 | F40: 15-01-049-03 | G40: Демонтаж: Облицовка стен по готовому каркасу щитами-картинами из древесностружечных плит облицованных слоистым пластиком | H40: 100 м2 | I40: =ROUND(194.63/100,9) -> 1.9463 | J40: 0 | O40: =ROUND(CP40,2) -> 4715.46 | P40: =ROUND(CQ40*I40,2) -> 0 | Q40: =ROUND(CR40*I40,2) -> 154.77 | R40: =ROUND(CS40*I40,2) -> 31.05 | S40: =ROUND(CT40*I40,2) -> 4560.69 | T40: =ROUND(CU40*I40,2) -> 0 | U40: =CV40*I40 -> 479.56832 | V40: =CW40*I40 -> 2.6002568 | W40: =ROUND(CX40*I40,2) -> 0 | X40: =ROUND(CY40,2) -> 4362.15 | Y40: =ROUND(CZ40,2) -> 2158.12 | AA40: 16671550 | AB40: =ROUND((AC40+AD40+AF40),6) -> 2422.784 | AC40: =ROUND(((ES40*0)),6) -> 0 | AD40: =ROUND(((((ET40*0.8))-((EU40*0.8)))+AE40),6) -> 79.52 | AE40: =ROUND(((EU40*0.8)),6) -> 15.952 | AF40: =ROUND(((EV40*0.8)),6) -> 2343.264 | AG40: =ROUND((AP40),6) -> 0 | AH40: =((EW40*0.8)) -> 246.4 | AI40: =((EX40*0.8)) -> 1.336 | AJ40: =ROUND((AS40),6) -> 0 | AK40: 4542.95 | AL40: 1514.47 | AM40: 99.4 | AN40: 19.94 | AO40: 2929.08 | AP40: 0 | AQ40: 308 | AR40: 1.67 | AS40: 0 | AT40: 95 | AU40: 47 | AV40: 1 | AW40: 1 | AZ40: 1 | BA40: 1 | BB40: 1 | BC40: 1 | BH40: 0 | BI40: 1 | BJ40: ФЕР-2001, 15-01-049-03, приказ Минстроя России №1039/пр от 30.12.2016г. | BM40: 15001 | BN40: 0 | BP40: 0 | BQ40: 2 | BR40: 0 | BS40: 1 | BT40: 1 | BU40: 1 | BV40: 1 | BW40: 1 | BX40: 1 | BZ40: 105 | CA40: 55 | CF40: 0 | CG40: 0 | CM40: 0 | CN40: Поправка: Табл.2, п.2 Наименование: При демонтаже (разборке) сборных деревянных конструкций | CO40: 0 | CP40: =(P40+Q40+S40) -> 4715.46 | CQ40: =AC40*BC40 -> 0 | CR40: =AD40*BB40 -> 79.52 | CS40: =AE40*BS40 -> 15.952 | CT40: =AF40*BA40 -> 2343.264 | CU40: =AG40 -> 0 | CV40: =AH40 -> 246.4 | CW40: =AI40 -> 1.336 | CX40: =AJ40 -> 0 | CY40: =(((S40+R40)*AT40)/100) -> 4362.153 | CZ40: =(((S40+R40)*AU40)/100) -> 2158.1178 | DD40: )*0 | DE40: )*0,8 | DF40: )*0,8 | DG40: )*0,8 | DI40: )*0,8 | DJ40: )*0,8 | DN40: 0 | DO40: 0 | DP40: 1 | DQ40: 1 | DU40: 1005 | DV40: 100 м2 | DW40: 100 м2 | DX40: 100 | EE40: 16510513 | EF40: 2 | EG40: Общестроительные работы | EH40: 0 | EJ40: 1 | EK40: 15001 | EL40: Отделочные работы | EM40: ФЕР-15 | EO40: Поправка: Табл.2, п.2 | EQ40: 0 | ER40: 4542.95 | ES40: 1514.47 | ET40: 99.4 | EU40: 19.94 | EV40: 2929.08 | EW40: 308 | EX40: 1.67 | EY40: 0 | FQ40: 0 | FR40: =ROUND(IF(AND(BH40=3,BI40=3),P40,0),2) -> 0 | FS40: 0 | FT40: *0,9 | FU40: *0,85 | FX40: 94.5 | FY40: 46.75 | GD40: 0 | GF40: -1582767977 | GG40: 2 | GH40: 1 | GI40: -2 | GJ40: 0 | GK40: =ROUND(R40*(R12)/100,2) -> 0 | GL40: =ROUND(IF(AND(BH40=3,BI40=3,FS40<>0),P40,0),2) -> 0 | GM40: =ROUND(O40+X40+Y40+GK40,2)+GX40 -> 11235.73 | GN40: =IF(OR(BI40=0,BI40=1),ROUND(O40+X40+Y40+GK40,2),0) -> 11235.73 | GO40: =IF(BI40=2,ROUND(O40+X40+Y40+GK40,2),0) -> 0 | GP40: =IF(BI40=4,ROUND(O40+X40+Y40+GK40,2)+GX40,0) -> 0 | GR40: 0 | GS40: 3 | GT40: 0 | GV40: =ROUND(GT40,6) -> 0 | GW40: 1 | GX40: =ROUND(GV40*GW40*I40,2) -> 0 | HA40: 0 | HB40: 0 | IK40: 0
A41: 17 | B41: 1 | C41: =ROW(SmtRes!A64) -> 64 | D41: =ROW(EtalonRes!A78) -> 78 | E41: 7 | F41: 15-01-049-03 | G41: Демонтаж: Облицовка стен по готовому каркасу щитами-картинами из древесностружечных плит облицованных слоистым пластиком | H41: 100 м2 | I41: =ROUND(194.63/100,9) -> 1.9463 | J41: 0 | O41: =ROUND(CP41,2) -> 28245.63 | P41: =ROUND(CQ41*I41,2) -> 0 | Q41: =ROUND(CR41*I41,2) -> 927.07 | R41: =ROUND(CS41*I41,2) -> 185.97 | S41: =ROUND(CT41*I41,2) -> 27318.56 | T41: =ROUND(CU41*I41,2) -> 0 | U41: =CV41*I41 -> 479.56832 | V41: =CW41*I41 -> 2.6002568 | W41: =ROUND(CX41*I41,2) -> 0 | X41: =ROUND(CY41,2) -> 26129.3 | Y41: =ROUND(CZ41,2) -> 12927.13 | AA41: 16671551 | AB41: =ROUND((AC41+AD41+AF41),6) -> 2422.784 | AC41: =ROUND(((ES41*0)),6) -> 0 | AD41: =ROUND(((((ET41*0.8))-((EU41*0.8)))+AE41),6) -> 79.52 | AE41: =ROUND(((EU41*0.8)),6) -> 15.952 | AF41: =ROUND(((EV41*0.8)),6) -> 2343.264 | AG41: =ROUND((AP41),6) -> 0 | AH41: =((EW41*0.8)) -> 246.4 | AI41: =((EX41*0.8)) -> 1.336 | AJ41: =ROUND((AS41),6) -> 0 | AK41: 4542.95 | AL41: 1514.47 | AM41: 99.4 | AN41: 19.94 | AO41: 2929.08 | AP41: 0 | AQ41: 308 | AR41: 1.67 | AS41: 0 | AT41: 95 | AU41: 47 | AV41: 1 | AW41: 1 | AZ41: 5.99 | BA41: 5.99 | BB41: 5.99 | BC41: 5.99 | BH41: 0 | BI41: 1 | BJ41: ФЕР-2001, 15-01-049-03, приказ Минстроя России №1039/пр от 30.12.2016г. | BM41: 15001 | BN41: 0 | BP41: 0 | BQ41: 2 | BR41: 0 | BS41: 5.99 | BT41: 1 | BU41: 1 | BV41: 1 | BW41: 1 | BX41: 1 | BZ41: 105 | CA41: 55 | CF41: 0 | CG41: 0 | CM41: 0 | CN41: Поправка: Табл.2, п.2 Наименование: При демонтаже (разборке) сборных деревянных конструкций | CO41: 0 | CP41: =(P41+Q41+S41) -> 28245.63 | CQ41: =AC41*BC41 -> 0 | CR41: =AD41*BB41 -> 476.3248 | CS41: =AE41*BS41 -> 95.55248 | CT41: =AF41*BA41 -> 14036.151 | CU41: =AG41 -> 0 | CV41: =AH41 -> 246.4 | CW41: =AI41 -> 1.336 | CX41: =AJ41 -> 0 | CY41: =(((S41+R41)*AT41)/100) -> 26129.304 | CZ41: =(((S41+R41)*AU41)/100) -> 12927.129 | DD41: )*0 | DE41: )*0,8 | DF41: )*0,8 | DG41: )*0,8 | DI41: )*0,8 | DJ41: )*0,8 | DN41: 0 | DO41: 0 | DP41: 1 | DQ41: 1 | DU41: 1005 | DV41: 100 м2 | DW41: 100 м2 | DX41: 100 | EE41: 16510513 | EF41: 2 | EG41: Общестроительные работы | EH41: 0 | EJ41: 1 | EK41: 15001 | EL41: Отделочные работы | EM41: ФЕР-15 | EO41: Поправка: Табл.2, п.2 | EQ41: 0 | ER41: 4542.95 | ES41: 1514.47 | ET41: 99.4 | EU41: 19.94 | EV41: 2929.08 | EW41: 308 | EX41: 1.67 | EY41: 0 | FQ41: 0 | FR41: =ROUND(IF(AND(BH41=3,BI41=3),P41,0),2) -> 0 | FS41: 0 | FT41: *0,9 | FU41: *0,85 | FX41: 94.5 | FY41: 46.75 | GD41: 0 | GF41: -1582767977 | GG41: 1 | GH41: 1 | GI41: 4 | GJ41: 0 | GK41: =ROUND(R41*(S12)/100,2) -> 0 | GL41: =ROUND(IF(AND(BH41=3,BI41=3,FS41<>0),P41,0),2) -> 0 | GM41: =ROUND(O41+X41+Y41+GK41,2)+GX41 -> 67302.06 | GN41: =IF(OR(BI41=0,BI41=1),ROUND(O41+X41+Y41+GK41,2),0) -> 67302.06 | GO41: =IF(BI41=2,ROUND(O41+X41+Y41+GK41,2),0) -> 0 | GP41: =IF(BI41=4,ROUND(O41+X41+Y41+GK41,2)+GX41,0) -> 0 | GR41: 0 | GS41: 3 | GT41: 0 | GV41: =ROUND(GT41,6) -> 0 | GW41: 1 | GX41: =ROUND(GV41*GW41*I41,2) -> 0 | HA41: 0 | HB41: 0 | IK41: 0
A42: 17 | B42: 1 | C42: =ROW(SmtRes!A75) -> 75 | D42: =ROW(EtalonRes!A89) -> 89 | E42: 8 | F42: 10-01-047-01 | G42: Установка блоков из ПВХ в наружных и внутренних дверных проемах в каменных стенах площадью проема до 3 м2 | H42: 100 м2 | I42: =ROUND(2.6/100,9) -> 0.026 | J42: 0 | O42: =ROUND(CP42,2) -> 423.8 | P42: =ROUND(CQ42*I42,2) -> 361.86 | Q42: =ROUND(CR42*I42,2) -> 8.69 | R42: =ROUND(CS42*I42,2) -> 1.81 | S42: =ROUND(CT42*I42,2) -> 53.25 | T42: =ROUND(CU42*I42,2) -> 0 | U42: =CV42*I42 -> 6.0099 | V42: =CW42*I42 -> 0.15015 | W42: =ROUND(CX42*I42,2) -> 0 | X42: =ROUND(CY42,2) -> 58.36 | Y42: =ROUND(CZ42,2) -> 29.73 | AA42: 16671550 | AB42: =ROUND((AC42+AD42+AF42),6) -> 16299.839 | AC42: =ROUND((ES42),6) -> 13917.6 | AD42: =ROUND(((((ET42*1.25))-((EU42*1.25)))+AE42),6) -> 334.25 | AE42: =ROUND(((EU42*1.25)),6) -> 69.4875 | AF42: =ROUND(((EV42*1.15)),6) -> 2047.989 | AG42: =ROUND((AP42),6) -> 0 | AH42: =((EW42*1.15)) -> 231.15 | AI42: =((EX42*1.25)) -> 5.775 | AJ42: =ROUND((AS42),6) -> 0 | AK42: 15965.86 | AL42: 13917.6 | AM42: 267.4 | AN42: 55.59 | AO42: 1780.86 | AP42: 0 | AQ42: 201 | AR42: 4.62 | AS42: 0 | AT42: 106 | AU42: 54 | AV42: 1 | AW42: 1 | AZ42: 1 | BA42: 1 | BB42: 1 | BC42: 1 | BH42: 0 | BI42: 1 | BJ42: ФЕР-2001, 10-01-047-01, приказ Минстроя России №1039/пр от 30.12.2016г. | BM42: 10001 | BN42: 0 | BP42: 0 | BQ42: 2 | BR42: 0 | BS42: 1 | BT42: 1 | BU42: 1 | BV42: 1 | BW42: 1 | BX42: 1 | BZ42: 118 | CA42: 63 | CF42: 0 | CG42: 0 | CM42: 0 | CN42: Поправка: МДС 81-35.2004, п.4.7 Наименование: Работы, выполняемые при реконструкции зданий и сооружений работы, аналогичные технологическим процессам в новом строительстве (в том числе возведение новых конструктивных элементов) стоимость которых определена по соответствующим сборникам ФЕР, кроме сборника № 46 «Работы при реконструкции зданий и сооружений» | CO42: 0 | CP42: =(P42+Q42+S42) -> 423.8 | CQ42: =AC42*BC42 -> 13917.6 | CR42: =AD42*BB42 -> 334.25 | CS42: =AE42*BS42 -> 69.4875 | CT42: =AF42*BA42 -> 2047.989 | CU42: =AG42 -> 0 | CV42: =AH42 -> 231.15 | CW42: =AI42 -> 5.775 | CX42: =AJ42 -> 0 | CY42: =(((S42+R42)*AT42)/100) -> 58.3636 | CZ42: =(((S42+R42)*AU42)/100) -> 29.7324 | DE42: )*1,25 | DF42: )*1,25 | DG42: )*1,15 | DI42: )*1,15 | DJ42: )*1,25 | DN42: 0 | DO42: 0 | DP42: 1 | DQ42: 1 | DU42: 1005 | DV42: 100 м2 | DW42: 100 м2 | DX42: 100 | EE42: 16510487 | EF42: 2 | EG42: Общестроительные работы | EH42: 0 | EJ42: 1 | EK42: 10001 | EL42: Деревянные конструкции | EM42: ФЕР-10 | EO42: Поправка: МДС 81-35.2004, п.4.7 | EQ42: 0 | ER42: 15965.86 | ES42: 13917.6 | ET42: 267.4 | EU42: 55.59 | EV42: 1780.86 | EW42: 201 | EX42: 4.62 | EY42: 0 | FQ42: 0 | FR42: =ROUND(IF(AND(BH42=3,BI42=3),P42,0),2) -> 0 | FS42: 0 | FT42: *0,9 | FU42: *0,85 | FX42: 106.2 | FY42: 53.55 | GD42: 0 | GF42: -1780211588 | GG42: 2 | GH42: 1 | GI42: -2 | GJ42: 0 | GK42: =ROUND(R42*(R12)/100,2) -> 0 | GL42: =ROUND(IF(AND(BH42=3,BI42=3,FS42<>0),P42,0),2) -> 0 | GM42: =ROUND(O42+X42+Y42+GK42,2)+GX42 -> 511.89 | GN42: =IF(OR(BI42=0,BI42=1),ROUND(O42+X42+Y42+GK42,2),0) -> 511.89 | GO42: =IF(BI42=2,ROUND(O42+X42+Y42+GK42,2),0) -> 0 | GP42: =IF(BI42=4,ROUND(O42+X42+Y42+GK42,2)+GX42,0) -> 0 | GR42: 0 | GS42: 3 | GT42: 0 | GV42: =ROUND(GT42,6) -> 0 | GW42: 1 | GX42: =ROUND(GV42*GW42*I42,2) -> 0 | HA42: 0 | HB42: 0 | IK42: 0
A43: 17 | B43: 1 | C43: =ROW(SmtRes!A86) -> 86 | D43: =ROW(EtalonRes!A100) -> 100 | E43: 8 | F43: 10-01-047-01 | G43: Установка блоков из ПВХ в наружных и внутренних дверных проемах в каменных стенах площадью проема до 3 м2 | H43: 100 м2 | I43: =ROUND(2.6/100,9) -> 0.026 | J43: 0 | O43: =ROUND(CP43,2) -> 2538.54 | P43: =ROUND(CQ43*I43,2) -> 2167.53 | Q43: =ROUND(CR43*I43,2) -> 52.06 | R43: =ROUND(CS43*I43,2) -> 10.82 | S43: =ROUND(CT43*I43,2) -> 318.95 | T43: =ROUND(CU43*I43,2) -> 0 | U43: =CV43*I43 -> 6.0099 | V43: =CW43*I43 -> 0.15015 | W43: =ROUND(CX43*I43,2) -> 0 | X43: =ROUND(CY43,2) -> 349.56 | Y43: =ROUND(CZ43,2) -> 178.08 | AA43: 16671551 | AB43: =ROUND((AC43+AD43+AF43),6) -> 16299.839 | AC43: =ROUND((ES43),6) -> 13917.6 | AD43: =ROUND(((((ET43*1.25))-((EU43*1.25)))+AE43),6) -> 334.25 | AE43: =ROUND(((EU43*1.25)),6) -> 69.4875 | AF43: =ROUND(((EV43*1.15)),6) -> 2047.989 | AG43: =ROUND((AP43),6) -> 0 | AH43: =((EW43*1.15)) -> 231.15 | AI43: =((EX43*1.25)) -> 5.775 | AJ43: =ROUND((AS43),6) -> 0 | AK43: 15965.86 | AL43: 13917.6 | AM43: 267.4 | AN43: 55.59 | AO43: 1780.86 | AP43: 0 | AQ43: 201 | AR43: 4.62 | AS43: 0 | AT43: 106 | AU43: 54 | AV43: 1 | AW43: 1 | AZ43: 5.99 | BA43: 5.99 | BB43: 5.99 | BC43: 5.99 | BH43: 0 | BI43: 1 | BJ43: ФЕР-2001, 10-01-047-01, приказ Минстроя России №1039/пр от 30.12.2016г. | BM43: 10001 | BN43: 0 | BP43: 0 | BQ43: 2 | BR43: 0 | BS43: 5.99 | BT43: 1 | BU43: 1 | BV43: 1 | BW43: 1 | BX43: 1 | BZ43: 118 | CA43: 63 | CF43: 0 | CG43: 0 | CM43: 0 | CN43: Поправка: МДС 81-35.2004, п.4.7 Наименование: Работы, выполняемые при реконструкции зданий и сооружений работы, аналогичные технологическим процессам в новом строительстве (в том числе возведение новых конструктивных элементов) стоимость которых определена по соответствующим сборникам ФЕР, кроме сборника № 46 «Работы при реконструкции зданий и сооружений» | CO43: 0 | CP43: =(P43+Q43+S43) -> 2538.54 | CQ43: =AC43*BC43 -> 83366.424 | CR43: =AD43*BB43 -> 2002.1575 | CS43: =AE43*BS43 -> 416.23012 | CT43: =AF43*BA43 -> 12267.454 | CU43: =AG43 -> 0 | CV43: =AH43 -> 231.15 | CW43: =AI43 -> 5.775 | CX43: =AJ43 -> 0 | CY43: =(((S43+R43)*AT43)/100) -> 349.5562 | CZ43: =(((S43+R43)*AU43)/100) -> 178.0758 | DE43: )*1,25 | DF43: )*1,25 | DG43: )*1,15 | DI43: )*1,15 | DJ43: )*1,25 | DN43: 0 | DO43: 0 | DP43: 1 | DQ43: 1 | DU43: 1005 | DV43: 100 м2 | DW43: 100 м2 | DX43: 100 | EE43: 16510487 | EF43: 2 | EG43: Общестроительные работы | EH43: 0 | EJ43: 1 | EK43: 10001 | EL43: Деревянные конструкции | EM43: ФЕР-10 | EO43: Поправка: МДС 81-35.2004, п.4.7 | EQ43: 0 | ER43: 15965.86 | ES43: 13917.6 | ET43: 267.4 | EU43: 55.59 | EV43: 1780.86 | EW43: 201 | EX43: 4.62 | EY43: 0 | FQ43: 0 | FR43: =ROUND(IF(AND(BH43=3,BI43=3),P43,0),2) -> 0 | FS43: 0 | FT43: *0,9 | FU43: *0,85 | FX43: 106.2 | FY43: 53.55 | GD43: 0 | GF43: -1780211588 | GG43: 1 | GH43: 1 | GI43: 4 | GJ43: 0 | GK43: =ROUND(R43*(S12)/100,2) -> 0 | GL43: =ROUND(IF(AND(BH43=3,BI43=3,FS43<>0),P43,0),2) -> 0 | GM43: =ROUND(O43+X43+Y43+GK43,2)+GX43 -> 3066.18 | GN43: =IF(OR(BI43=0,BI43=1),ROUND(O43+X43+Y43+GK43,2),0) -> 3066.18 | GO43: =IF(BI43=2,ROUND(O43+X43+Y43+GK43,2),0) -> 0 | GP43: =IF(BI43=4,ROUND(O43+X43+Y43+GK43,2)+GX43,0) -> 0 | GR43: 0 | GS43: 3 | GT43: 0 | GV43: =ROUND(GT43,6) -> 0 | GW43: 1 | GX43: =ROUND(GV43*GW43*I43,2) -> 0 | HA43: 0 | HB43: 0 | IK43: 0
A44: 18 | B44: 1 | C44: 73 | E44: 8,1 | F44: 11.3.01.01-0015 | G44: Блоки дверные входные пластиковые с простой коробкой, двупольная с офисной фурнитурой, без стеклопакета по типу сэндвич, площадь от 2,5-3 м2 | H44: м2 | I44: =I42*J44 -> 2.6 | J44: 100 | O44: =ROUND(CP44,2) -> 3863.68 | P44: =ROUND(CQ44*I44,2) -> 3863.68 | Q44: =ROUND(CR44*I44,2) -> 0 | R44: =ROUND(CS44*I44,2) -> 0 | S44: =ROUND(CT44*I44,2) -> 0 | T44: =ROUND(CU44*I44,2) -> 0 | U44: =CV44*I44 -> 0 | V44: =CW44*I44 -> 0 | W44: =ROUND(CX44*I44,2) -> 0 | X44: =ROUND(CY44,2) -> 0 | Y44: =ROUND(CZ44,2) -> 0 | AA44: 16671550 | AB44: =ROUND((AC44+AD44+AF44),6) -> 1486.03 | AC44: =ROUND((ES44),6) -> 1486.03 | AD44: =ROUND((((ET44)-(EU44))+AE44),6) -> 0 | AE44: =ROUND((EU44),6) -> 0 | AF44: =ROUND((EV44),6) -> 0 | AG44: =ROUND((AP44),6) -> 0 | AH44: =(EW44) -> 0 | AI44: =(EX44) -> 0 | AJ44: =ROUND((AS44),6) -> 0 | AK44: 1486.03 | AL44: 1486.03 | AM44: 0 | AN44: 0 | AO44: 0 | AP44: 0 | AQ44: 0 | AR44: 0 | AS44: 0 | AT44: 106 | AU44: 54 | AV44: 1 | AW44: 1 | AZ44: 1 | BA44: 1 | BB44: 1 | BC44: 1 | BH44: 3 | BI44: 1 | BJ44: ФССЦ-2001, 11.3.01.01-0015, приказ Минстроя России №1039/пр от 30.12.2016г. | BM44: 10001 | BN44: 0 | BP44: 0 | BQ44: 2 | BR44: 0 | BS44: 1 | BT44: 1 | BU44: 1 | BV44: 1 | BW44: 1 | BX44: 1 | BZ44: 118 | CA44: 63 | CF44: 0 | CG44: 0 | CM44: 0 | CO44: 0 | CP44: =(P44+Q44+S44) -> 3863.68 | CQ44: =AC44*BC44 -> 1486.03 | CR44: =AD44*BB44 -> 0 | CS44: =AE44*BS44 -> 0 | CT44: =AF44*BA44 -> 0 | CU44: =AG44 -> 0 | CV44: =AH44 -> 0 | CW44: =AI44 -> 0 | CX44: =AJ44 -> 0 | CY44: =(((S44+R44)*AT44)/100) -> 0 | CZ44: =(((S44+R44)*AU44)/100) -> 0 | DN44: 0 | DO44: 0 | DP44: 1 | DQ44: 1 | DU44: 1005 | DV44: м2 | DW44: м2 | DX44: 1 | EE44: 16510487 | EF44: 2 | EG44: Общестроительные работы | EH44: 0 | EJ44: 1 | EK44: 10001 | EL44: Деревянные конструкции | EM44: ФЕР-10 | EQ44: 0 | ER44: 1486.03 | ES44: 1486.03 | ET44: 0 | EU44: 0 | EV44: 0 | EW44: 0 | EX44: 0 | FQ44: 0 | FR44: =ROUND(IF(AND(BH44=3,BI44=3),P44,0),2) -> 0 | FS44: 0 | FT44: *0,9 | FU44: *0,85 | FX44: 106.2 | FY44: 53.55 | GD44: 0 | GF44: 391432960 | GG44: 2 | GH44: 1 | GI44: -2 | GJ44: 0 | GK44: =ROUND(R44*(R12)/100,2) -> 0 | GL44: =ROUND(IF(AND(BH44=3,BI44=3,FS44<>0),P44,0),2) -> 0 | GM44: =ROUND(O44+X44+Y44+GK44,2)+GX44 -> 3863.68 | GN44: =IF(OR(BI44=0,BI44=1),ROUND(O44+X44+Y44+GK44,2),0) -> 3863.68 | GO44: =IF(BI44=2,ROUND(O44+X44+Y44+GK44,2),0) -> 0 | GP44: =IF(BI44=4,ROUND(O44+X44+Y44+GK44,2)+GX44,0) -> 0 | GR44: 0 | GS44: 3 | GT44: 0 | GV44: =ROUND(GT44,6) -> 0 | GW44: 1 | GX44: =ROUND(GV44*GW44*I44,2) -> 0 | HA44: 0 | HB44: 0 | IK44: 0
A45: 18 | B45: 1 | C45: 84 | E45: 8,1 | F45: 11.3.01.01-0015 | G45: Блоки дверные входные пластиковые с простой коробкой, двупольная с офисной фурнитурой, без стеклопакета по типу сэндвич, площадь от 2,5-3 м2 | H45: м2 | I45: =I43*J45 -> 2.6 | J45: 100 | O45: =ROUND(CP45,2) -> 23143.43 | P45: =ROUND(CQ45*I45,2) -> 23143.43 | Q45: =ROUND(CR45*I45,2) -> 0 | R45: =ROUND(CS45*I45,2) -> 0 | S45: =ROUND(CT45*I45,2) -> 0 | T45: =ROUND(CU45*I45,2) -> 0 | U45: =CV45*I45 -> 0 | V45: =CW45*I45 -> 0 | W45: =ROUND(CX45*I45,2) -> 0 | X45: =ROUND(CY45,2) -> 0 | Y45: =ROUND(CZ45,2) -> 0 | AA45: 16671551 | AB45: =ROUND((AC45+AD45+AF45),6) -> 1486.03 | AC45: =ROUND((ES45),6) -> 1486.03 | AD45: =ROUND((((ET45)-(EU45))+AE45),6) -> 0 | AE45: =ROUND((EU45),6) -> 0 | AF45: =ROUND((EV45),6) -> 0 | AG45: =ROUND((AP45),6) -> 0 | AH45: =(EW45) -> 0 | AI45: =(EX45) -> 0 | AJ45: =ROUND((AS45),6) -> 0 | AK45: 1486.03 | AL45: 1486.03 | AM45: 0 | AN45: 0 | AO45: 0 | AP45: 0 | AQ45: 0 | AR45: 0 | AS45: 0 | AT45: 106 | AU45: 54 | AV45: 1 | AW45: 1 | AZ45: 5.99 | BA45: 1 | BB45: 1 | BC45: 5.99 | BH45: 3 | BI45: 1 | BJ45: ФССЦ-2001, 11.3.01.01-0015, приказ Минстроя России №1039/пр от 30.12.2016г. | BM45: 10001 | BN45: 0 | BP45: 0 | BQ45: 2 | BR45: 0 | BS45: 1 | BT45: 1 | BU45: 1 | BV45: 1 | BW45: 1 | BX45: 1 | BZ45: 118 | CA45: 63 | CF45: 0 | CG45: 0 | CM45: 0 | CO45: 0 | CP45: =(P45+Q45+S45) -> 23143.43 | CQ45: =AC45*BC45 -> 8901.3197 | CR45: =AD45*BB45 -> 0 | CS45: =AE45*BS45 -> 0 | CT45: =AF45*BA45 -> 0 | CU45: =AG45 -> 0 | CV45: =AH45 -> 0 | CW45: =AI45 -> 0 | CX45: =AJ45 -> 0 | CY45: =(((S45+R45)*AT45)/100) -> 0 | CZ45: =(((S45+R45)*AU45)/100) -> 0 | DN45: 0 | DO45: 0 | DP45: 1 | DQ45: 1 | DU45: 1005 | DV45: м2 | DW45: м2 | DX45: 1 | EE45: 16510487 | EF45: 2 | EG45: Общестроительные работы | EH45: 0 | EJ45: 1 | EK45: 10001 | EL45: Деревянные конструкции | EM45: ФЕР-10 | EQ45: 0 | ER45: 1486.03 | ES45: 1486.03 | ET45: 0 | EU45: 0 | EV45: 0 | EW45: 0 | EX45: 0 | FQ45: 0 | FR45: =ROUND(IF(AND(BH45=3,BI45=3),P45,0),2) -> 0 | FS45: 0 | FT45: *0,9 | FU45: *0,85 | FX45: 106.2 | FY45: 53.55 | GD45: 0 | GF45: 391432960 | GG45: 1 | GH45: 1 | GI45: 4 | GJ45: 0 | GK45: =ROUND(R45*(S12)/100,2) -> 0 | GL45: =ROUND(IF(AND(BH45=3,BI45=3,FS45<>0),P45,0),2) -> 0 | GM45: =ROUND(O45+X45+Y45+GK45,2)+GX45 -> 23143.43 | GN45: =IF(OR(BI45=0,BI45=1),ROUND(O45+X45+Y45+GK45,2),0) -> 23143.43 | GO45: =IF(BI45=2,ROUND(O45+X45+Y45+GK45,2),0) -> 0 | GP45: =IF(BI45=4,ROUND(O45+X45+Y45+GK45,2)+GX45,0) -> 0 | GR45: 0 | GS45: 3 | GT45: 0 | GV45: =ROUND(GT45,6) -> 0 | GW45: 1 | GX45: =ROUND(GV45*GW45*I45,2) -> 0 | HA45: 0 | HB45: 0 | IK45: 0
A46: 17 | B46: 1 | C46: =ROW(SmtRes!A97) -> 97 | D46: =ROW(EtalonRes!A111) -> 111 | E46: 9 | F46: 10-01-039-01 | G46: Установка блоков в наружных и внутренних дверных проемах в каменных стенах, площадь проема до 3 м2 | H46: 100 м2 | I46: =ROUND(7.22/100,9) -> 0.0722 | J46: 0 | O46: =ROUND(CP46,2) -> 278.62 | P46: =ROUND(CQ46*I46,2) -> 123.02 | Q46: =ROUND(CR46*I46,2) -> 87.36 | R46: =ROUND(CS46*I46,2) -> 13.89 | S46: =ROUND(CT46*I46,2) -> 68.24 | T46: =ROUND(CU46*I46,2) -> 0 | U46: =CV46*I46 -> 7.4336759 | V46: =CW46*I46 -> 1.05412 | W46: =ROUND(CX46*I46,2) -> 0 | X46: =ROUND(CY46,2) -> 87.06 | Y46: =ROUND(CZ46,2) -> 44.35 | AA46: 16671550 | AB46: =ROUND((AC46+AD46+AF46),6) -> 3858.9685 | AC46: =ROUND((ES46),6) -> 1703.82 | AD46: =ROUND(((((ET46*1.25))-((EU46*1.25)))+AE46),6) -> 1209.975 | AE46: =ROUND(((EU46*1.25)),6) -> 192.375 | AF46: =ROUND(((EV46*1.15)),6) -> 945.1735 | AG46: =ROUND((AP46),6) -> 0 | AH46: =((EW46*1.15)) -> 102.9595 | AI46: =((EX46*1.25)) -> 14.6 | AJ46: =ROUND((AS46),6) -> 0 | AK46: 3493.69 | AL46: 1703.82 | AM46: 967.98 | AN46: 153.9 | AO46: 821.89 | AP46: 0 | AQ46: 89.53 | AR46: 11.68 | AS46: 0 | AT46: 106 | AU46: 54 | AV46: 1 | AW46: 1 | AZ46: 1 | BA46: 1 | BB46: 1 | BC46: 1 | BH46: 0 | BI46: 1 | BJ46: ФЕР-2001, 10-01-039-01, приказ Минстроя России №1039/пр от 30.12.2016г. | BM46: 10001 | BN46: 0 | BP46: 0 | BQ46: 2 | BR46: 0 | BS46: 1 | BT46: 1 | BU46: 1 | BV46: 1 | BW46: 1 | BX46: 1 | BZ46: 118 | CA46: 63 | CF46: 0 | CG46: 0 | CM46: 0 | CN46: Поправка: МДС 81-35.2004, п.4.7 Наименование: Работы, выполняемые при реконструкции зданий и сооружений работы, аналогичные технологическим процессам в новом строительстве (в том числе возведение новых конструктивных элементов) стоимость которых определена по соответствующим сборникам ФЕР, кроме сборника № 46 «Работы при реконструкции зданий и сооружений» | CO46: 0 | CP46: =(P46+Q46+S46) -> 278.62 | CQ46: =AC46*BC46 -> 1703.82 | CR46: =AD46*BB46 -> 1209.975 | CS46: =AE46*BS46 -> 192.375 | CT46: =AF46*BA46 -> 945.1735 | CU46: =AG46 -> 0 | CV46: =AH46 -> 102.9595 | CW46: =AI46 -> 14.6 | CX46: =AJ46 -> 0 | CY46: =(((S46+R46)*AT46)/100) -> 87.0578 | CZ46: =(((S46+R46)*AU46)/100) -> 44.3502 | DE46: )*1,25 | DF46: )*1,25 | DG46: )*1,15 | DI46: )*1,15 | DJ46: )*1,25 | DN46: 0 | DO46: 0 | DP46: 1 | DQ46: 1 | DU46: 1005 | DV46: 100 м2 | DW46: 100 м2 | DX46: 100 | EE46: 16510487 | EF46: 2 | EG46: Общестроительные работы | EH46: 0 | EJ46: 1 | EK46: 10001 | EL46: Деревянные конструкции | EM46: ФЕР-10 | EO46: Поправка: МДС 81-35.2004, п.4.7 | EQ46: 0 | ER46: 3493.69 | ES46: 1703.82 | ET46: 967.98 | EU46: 153.9 | EV46: 821.89 | EW46: 89.53 | EX46: 11.68 | EY46: 0 | FQ46: 0 | FR46: =ROUND(IF(AND(BH46=3,BI46=3),P46,0),2) -> 0 | FS46: 0 | FT46: *0,9 | FU46: *0,85 | FX46: 106.2 | FY46: 53.55 | GD46: 0 | GF46: -2063365966 | GG46: 2 | GH46: 1 | GI46: -2 | GJ46: 0 | GK46: =ROUND(R46*(R12)/100,2) -> 0 | GL46: =ROUND(IF(AND(BH46=3,BI46=3,FS46<>0),P46,0),2) -> 0 | GM46: =ROUND(O46+X46+Y46+GK46,2)+GX46 -> 410.03 | GN46: =IF(OR(BI46=0,BI46=1),ROUND(O46+X46+Y46+GK46,2),0) -> 410.03 | GO46: =IF(BI46=2,ROUND(O46+X46+Y46+GK46,2),0) -> 0 | GP46: =IF(BI46=4,ROUND(O46+X46+Y46+GK46,2)+GX46,0) -> 0 | GR46: 0 | GS46: 3 | GT46: 0 | GV46: =ROUND(GT46,6) -> 0 | GW46: 1 | GX46: =ROUND(GV46*GW46*I46,2) -> 0 | HA46: 0 | HB46: 0 | IK46: 0
A47: 17 | B47: 1 | C47: =ROW(SmtRes!A108) -> 108 | D47: =ROW(EtalonRes!A122) -> 122 | E47: 9 | F47: 10-01-039-01 | G47: Установка блоков в наружных и внутренних дверных проемах в каменных стенах, площадь проема до 3 м2 | H47: 100 м2 | I47: =ROUND(7.22/100,9) -> 0.0722 | J47: 0 | O47: =ROUND(CP47,2) -> 1668.92 | P47: =ROUND(CQ47*I47,2) -> 736.86 | Q47: =ROUND(CR47*I47,2) -> 523.29 | R47: =ROUND(CS47*I47,2) -> 83.2 | S47: =ROUND(CT47*I47,2) -> 408.77 | T47: =ROUND(CU47*I47,2) -> 0 | U47: =CV47*I47 -> 7.4336759 | V47: =CW47*I47 -> 1.05412 | W47: =ROUND(CX47*I47,2) -> 0 | X47: =ROUND(CY47,2) -> 521.49 | Y47: =ROUND(CZ47,2) -> 265.66 | AA47: 16671551 | AB47: =ROUND((AC47+AD47+AF47),6) -> 3858.9685 | AC47: =ROUND((ES47),6) -> 1703.82 | AD47: =ROUND(((((ET47*1.25))-((EU47*1.25)))+AE47),6) -> 1209.975 | AE47: =ROUND(((EU47*1.25)),6) -> 192.375 | AF47: =ROUND(((EV47*1.15)),6) -> 945.1735 | AG47: =ROUND((AP47),6) -> 0 | AH47: =((EW47*1.15)) -> 102.9595 | AI47: =((EX47*1.25)) -> 14.6 | AJ47: =ROUND((AS47),6) -> 0 | AK47: 3493.69 | AL47: 1703.82 | AM47: 967.98 | AN47: 153.9 | AO47: 821.89 | AP47: 0 | AQ47: 89.53 | AR47: 11.68 | AS47: 0 | AT47: 106 | AU47: 54 | AV47: 1 | AW47: 1 | AZ47: 5.99 | BA47: 5.99 | BB47: 5.99 | BC47: 5.99 | BH47: 0 | BI47: 1 | BJ47: ФЕР-2001, 10-01-039-01, приказ Минстроя России №1039/пр от 30.12.2016г. | BM47: 10001 | BN47: 0 | BP47: 0 | BQ47: 2 | BR47: 0 | BS47: 5.99 | BT47: 1 | BU47: 1 | BV47: 1 | BW47: 1 | BX47: 1 | BZ47: 118 | CA47: 63 | CF47: 0 | CG47: 0 | CM47: 0 | CN47: Поправка: МДС 81-35.2004, п.4.7 Наименование: Работы, выполняемые при реконструкции зданий и сооружений работы, аналогичные технологическим процессам в новом строительстве (в том числе возведение новых конструктивных элементов) стоимость которых определена по соответствующим сборникам ФЕР, кроме сборника № 46 «Работы при реконструкции зданий и сооружений» | CO47: 0 | CP47: =(P47+Q47+S47) -> 1668.92 | CQ47: =AC47*BC47 -> 10205.882 | CR47: =AD47*BB47 -> 7247.7503 | CS47: =AE47*BS47 -> 1152.3263 | CT47: =AF47*BA47 -> 5661.5893 | CU47: =AG47 -> 0 | CV47: =AH47 -> 102.9595 | CW47: =AI47 -> 14.6 | CX47: =AJ47 -> 0 | CY47: =(((S47+R47)*AT47)/100) -> 521.4882 | CZ47: =(((S47+R47)*AU47)/100) -> 265.6638 | DE47: )*1,25 | DF47: )*1,25 | DG47: )*1,15 | DI47: )*1,15 | DJ47: )*1,25 | DN47: 0 | DO47: 0 | DP47: 1 | DQ47: 1 | DU47: 1005 | DV47: 100 м2 | DW47: 100 м2 | DX47: 100 | EE47: 16510487 | EF47: 2 | EG47: Общестроительные работы | EH47: 0 | EJ47: 1 | EK47: 10001 | EL47: Деревянные конструкции | EM47: ФЕР-10 | EO47: Поправка: МДС 81-35.2004, п.4.7 | EQ47: 0 | ER47: 3493.69 | ES47: 1703.82 | ET47: 967.98 | EU47: 153.9 | EV47: 821.89 | EW47: 89.53 | EX47: 11.68 | EY47: 0 | FQ47: 0 | FR47: =ROUND(IF(AND(BH47=3,BI47=3),P47,0),2) -> 0 | FS47: 0 | FT47: *0,9 | FU47: *0,85 | FX47: 106.2 | FY47: 53.55 | GD47: 0 | GF47: -2063365966 | GG47: 1 | GH47: 1 | GI47: 4 | GJ47: 0 | GK47: =ROUND(R47*(S12)/100,2) -> 0 | GL47: =ROUND(IF(AND(BH47=3,BI47=3,FS47<>0),P47,0),2) -> 0 | GM47: =ROUND(O47+X47+Y47+GK47,2)+GX47 -> 2456.07 | GN47: =IF(OR(BI47=0,BI47=1),ROUND(O47+X47+Y47+GK47,2),0) -> 2456.07 | GO47: =IF(BI47=2,ROUND(O47+X47+Y47+GK47,2),0) -> 0 | GP47: =IF(BI47=4,ROUND(O47+X47+Y47+GK47,2)+GX47,0) -> 0 | GR47: 0 | GS47: 3 | GT47: 0 | GV47: =ROUND(GT47,6) -> 0 | GW47: 1 | GX47: =ROUND(GV47*GW47*I47,2) -> 0 | HA47: 0 | HB47: 0 | IK47: 0
A48: 18 | B48: 1 | C48: 91 | E48: 9,1 | F48: 01.7.04.07-0003 | G48: Скобяные изделия для блоков входных дверей в помещение однопольных | H48: компл. | I48: =I46*J48 -> 4 | J48: 55.401662 | O48: =ROUND(CP48,2) -> 378.72 | P48: =ROUND(CQ48*I48,2) -> 378.72 | Q48: =ROUND(CR48*I48,2) -> 0 | R48: =ROUND(CS48*I48,2) -> 0 | S48: =ROUND(CT48*I48,2) -> 0 | T48: =ROUND(CU48*I48,2) -> 0 | U48: =CV48*I48 -> 0 | V48: =CW48*I48 -> 0 | W48: =ROUND(CX48*I48,2) -> 0 | X48: =ROUND(CY48,2) -> 0 | Y48: =ROUND(CZ48,2) -> 0 | AA48: 16671550 | AB48: =ROUND((AC48+AD48+AF48),6) -> 94.68 | AC48: =ROUND((ES48),6) -> 94.68 | AD48: =ROUND((((ET48)-(EU48))+AE48),6) -> 0 | AE48: =ROUND((EU48),6) -> 0 | AF48: =ROUND((EV48),6) -> 0 | AG48: =ROUND((AP48),6) -> 0 | AH48: =(EW48) -> 0 | AI48: =(EX48) -> 0 | AJ48: =ROUND((AS48),6) -> 0 | AK48: 94.68 | AL48: 94.68 | AM48: 0 | AN48: 0 | AO48: 0 | AP48: 0 | AQ48: 0 | AR48: 0 | AS48: 0 | AT48: 106 | AU48: 54 | AV48: 1 | AW48: 1 | AZ48: 1 | BA48: 1 | BB48: 1 | BC48: 1 | BH48: 3 | BI48: 1 | BJ48: ФССЦ-2001, 01.7.04.07-0003, приказ Минстроя России №1039/пр от 30.12.2016г. | BM48: 10001 | BN48: 0 | BP48: 0 | BQ48: 2 | BR48: 0 | BS48: 1 | BT48: 1 | BU48: 1 | BV48: 1 | BW48: 1 | BX48: 1 | BZ48: 118 | CA48: 63 | CF48: 0 | CG48: 0 | CM48: 0 | CO48: 0 | CP48: =(P48+Q48+S48) -> 378.72 | CQ48: =AC48*BC48 -> 94.68 | CR48: =AD48*BB48 -> 0 | CS48: =AE48*BS48 -> 0 | CT48: =AF48*BA48 -> 0 | CU48: =AG48 -> 0 | CV48: =AH48 -> 0 | CW48: =AI48 -> 0 | CX48: =AJ48 -> 0 | CY48: =(((S48+R48)*AT48)/100) -> 0 | CZ48: =(((S48+R48)*AU48)/100) -> 0 | DN48: 0 | DO48: 0 | DP48: 1 | DQ48: 1 | DU48: 1013 | DV48: компл. | DW48: компл. | DX48: 1 | EE48: 16510487 | EF48: 2 | EG48: Общестроительные работы | EH48: 0 | EJ48: 1 | EK48: 10001 | EL48: Деревянные конструкции | EM48: ФЕР-10 | EQ48: 0 | ER48: 94.68 | ES48: 94.68 | ET48: 0 | EU48: 0 | EV48: 0 | EW48: 0 | EX48: 0 | FQ48: 0 | FR48: =ROUND(IF(AND(BH48=3,BI48=3),P48,0),2) -> 0 | FS48: 0 | FT48: *0,9 | FU48: *0,85 | FX48: 106.2 | FY48: 53.55 | GD48: 0 | GF48: 602577485 | GG48: 2 | GH48: 1 | GI48: -2 | GJ48: 0 | GK48: =ROUND(R48*(R12)/100,2) -> 0 | GL48: =ROUND(IF(AND(BH48=3,BI48=3,FS48<>0),P48,0),2) -> 0 | GM48: =ROUND(O48+X48+Y48+GK48,2)+GX48 -> 378.72 | GN48: =IF(OR(BI48=0,BI48=1),ROUND(O48+X48+Y48+GK48,2),0) -> 378.72 | GO48: =IF(BI48=2,ROUND(O48+X48+Y48+GK48,2),0) -> 0 | GP48: =IF(BI48=4,ROUND(O48+X48+Y48+GK48,2)+GX48,0) -> 0 | GR48: 0 | GS48: 3 | GT48: 0 | GV48: =ROUND(GT48,6) -> 0 | GW48: 1 | GX48: =ROUND(GV48*GW48*I48,2) -> 0 | HA48: 0 | HB48: 0 | IK48: 0
A49: 18 | B49: 1 | C49: 102 | E49: 9,1 | F49: 01.7.04.07-0003 | G49: Скобяные изделия для блоков входных дверей в помещение однопольных | H49: компл. | I49: =I47*J49 -> 4 | J49: 55.401662 | O49: =ROUND(CP49,2) -> 2268.53 | P49: =ROUND(CQ49*I49,2) -> 2268.53 | Q49: =ROUND(CR49*I49,2) -> 0 | R49: =ROUND(CS49*I49,2) -> 0 | S49: =ROUND(CT49*I49,2) -> 0 | T49: =ROUND(CU49*I49,2) -> 0 | U49: =CV49*I49 -> 0 | V49: =CW49*I49 -> 0 | W49: =ROUND(CX49*I49,2) -> 0 | X49: =ROUND(CY49,2) -> 0 | Y49: =ROUND(CZ49,2) -> 0 | AA49: 16671551 | AB49: =ROUND((AC49+AD49+AF49),6) -> 94.68 | AC49: =ROUND((ES49),6) -> 94.68 | AD49: =ROUND((((ET49)-(EU49))+AE49),6) -> 0 | AE49: =ROUND((EU49),6) -> 0 | AF49: =ROUND((EV49),6) -> 0 | AG49: =ROUND((AP49),6) -> 0 | AH49: =(EW49) -> 0 | AI49: =(EX49) -> 0 | AJ49: =ROUND((AS49),6) -> 0 | AK49: 94.68 | AL49: 94.68 | AM49: 0 | AN49: 0 | AO49: 0 | AP49: 0 | AQ49: 0 | AR49: 0 | AS49: 0 | AT49: 106 | AU49: 54 | AV49: 1 | AW49: 1 | AZ49: 5.99 | BA49: 1 | BB49: 1 | BC49: 5.99 | BH49: 3 | BI49: 1 | BJ49: ФССЦ-2001, 01.7.04.07-0003, приказ Минстроя России №1039/пр от 30.12.2016г. | BM49: 10001 | BN49: 0 | BP49: 0 | BQ49: 2 | BR49: 0 | BS49: 1 | BT49: 1 | BU49: 1 | BV49: 1 | BW49: 1 | BX49: 1 | BZ49: 118 | CA49: 63 | CF49: 0 | CG49: 0 | CM49: 0 | CO49: 0 | CP49: =(P49+Q49+S49) -> 2268.53 | CQ49: =AC49*BC49 -> 567.1332 | CR49: =AD49*BB49 -> 0 | CS49: =AE49*BS49 -> 0 | CT49: =AF49*BA49 -> 0 | CU49: =AG49 -> 0 | CV49: =AH49 -> 0 | CW49: =AI49 -> 0 | CX49: =AJ49 -> 0 | CY49: =(((S49+R49)*AT49)/100) -> 0 | CZ49: =(((S49+R49)*AU49)/100) -> 0 | DN49: 0 | DO49: 0 | DP49: 1 | DQ49: 1 | DU49: 1013 | DV49: компл. | DW49: компл. | DX49: 1 | EE49: 16510487 | EF49: 2 | EG49: Общестроительные работы | EH49: 0 | EJ49: 1 | EK49: 10001 | EL49: Деревянные конструкции | EM49: ФЕР-10 | EQ49: 0 | ER49: 94.68 | ES49: 94.68 | ET49: 0 | EU49: 0 | EV49: 0 | EW49: 0 | EX49: 0 | FQ49: 0 | FR49: =ROUND(IF(AND(BH49=3,BI49=3),P49,0),2) -> 0 | FS49: 0 | FT49: *0,9 | FU49: *0,85 | FX49: 106.2 | FY49: 53.55 | GD49: 0 | GF49: 602577485 | GG49: 1 | GH49: 1 | GI49: 4 | GJ49: 0 | GK49: =ROUND(R49*(S12)/100,2) -> 0 | GL49: =ROUND(IF(AND(BH49=3,BI49=3,FS49<>0),P49,0),2) -> 0 | GM49: =ROUND(O49+X49+Y49+GK49,2)+GX49 -> 2268.53 | GN49: =IF(OR(BI49=0,BI49=1),ROUND(O49+X49+Y49+GK49,2),0) -> 2268.53 | GO49: =IF(BI49=2,ROUND(O49+X49+Y49+GK49,2),0) -> 0 | GP49: =IF(BI49=4,ROUND(O49+X49+Y49+GK49,2)+GX49,0) -> 0 | GR49: 0 | GS49: 3 | GT49: 0 | GV49: =ROUND(GT49,6) -> 0 | GW49: 1 | GX49: =ROUND(GV49*GW49*I49,2) -> 0 | HA49: 0 | HB49: 0 | IK49: 0
A50: 18 | B50: 1 | C50: 95 | E50: 9,2 | F50: 11.2.02.01-0072 | G50: Блоки дверные однопольные с полотном глухим ДГ- 08, размер 2000х870 мм | H50: м2 | I50: =I46*J50 -> 5.22 | J50: 72.299169 | O50: =ROUND(CP50,2) -> 1120.73 | P50: =ROUND(CQ50*I50,2) -> 1120.73 | Q50: =ROUND(CR50*I50,2) -> 0 | R50: =ROUND(CS50*I50,2) -> 0 | S50: =ROUND(CT50*I50,2) -> 0 | T50: =ROUND(CU50*I50,2) -> 0 | U50: =CV50*I50 -> 0 | V50: =CW50*I50 -> 0 | W50: =ROUND(CX50*I50,2) -> 0 | X50: =ROUND(CY50,2) -> 0 | Y50: =ROUND(CZ50,2) -> 0 | AA50: 16671550 | AB50: =ROUND((AC50+AD50+AF50),6) -> 214.7 | AC50: =ROUND((ES50),6) -> 214.7 | AD50: =ROUND((((ET50)-(EU50))+AE50),6) -> 0 | AE50: =ROUND((EU50),6) -> 0 | AF50: =ROUND((EV50),6) -> 0 | AG50: =ROUND((AP50),6) -> 0 | AH50: =(EW50) -> 0 | AI50: =(EX50) -> 0 | AJ50: =ROUND((AS50),6) -> 0 | AK50: 214.7 | AL50: 214.7 | AM50: 0 | AN50: 0 | AO50: 0 | AP50: 0 | AQ50: 0 | AR50: 0 | AS50: 0 | AT50: 106 | AU50: 54 | AV50: 1 | AW50: 1 | AZ50: 1 | BA50: 1 | BB50: 1 | BC50: 1 | BH50: 3 | BI50: 1 | BJ50: ФССЦ-2001, 11.2.02.01-0072, приказ Минстроя России №1039/пр от 30.12.2016г. | BM50: 10001 | BN50: 0 | BP50: 0 | BQ50: 2 | BR50: 0 | BS50: 1 | BT50: 1 | BU50: 1 | BV50: 1 | BW50: 1 | BX50: 1 | BZ50: 118 | CA50: 63 | CF50: 0 | CG50: 0 | CM50: 0 | CO50: 0 | CP50: =(P50+Q50+S50) -> 1120.73 | CQ50: =AC50*BC50 -> 214.7 | CR50: =AD50*BB50 -> 0 | CS50: =AE50*BS50 -> 0 | CT50: =AF50*BA50 -> 0 | CU50: =AG50 -> 0 | CV50: =AH50 -> 0 | CW50: =AI50 -> 0 | CX50: =AJ50 -> 0 | CY50: =(((S50+R50)*AT50)/100) -> 0 | CZ50: =(((S50+R50)*AU50)/100) -> 0 | DN50: 0 | DO50: 0 | DP50: 1 | DQ50: 1 | DU50: 1005 | DV50: м2 | DW50: м2 | DX50: 1 | EE50: 16510487 | EF50: 2 | EG50: Общестроительные работы | EH50: 0 | EJ50: 1 | EK50: 10001 | EL50: Деревянные конструкции | EM50: ФЕР-10 | EQ50: 0 | ER50: 214.7 | ES50: 214.7 | ET50: 0 | EU50: 0 | EV50: 0 | EW50: 0 | EX50: 0 | FQ50: 0 | FR50: =ROUND(IF(AND(BH50=3,BI50=3),P50,0),2) -> 0 | FS50: 0 | FT50: *0,9 | FU50: *0,85 | FX50: 106.2 | FY50: 53.55 | GD50: 0 | GF50: -968313352 | GG50: 2 | GH50: 1 | GI50: -2 | GJ50: 0 | GK50: =ROUND(R50*(R12)/100,2) -> 0 | GL50: =ROUND(IF(AND(BH50=3,BI50=3,FS50<>0),P50,0),2) -> 0 | GM50: =ROUND(O50+X50+Y50+GK50,2)+GX50 -> 1120.73 | GN50: =IF(OR(BI50=0,BI50=1),ROUND(O50+X50+Y50+GK50,2),0) -> 1120.73 | GO50: =IF(BI50=2,ROUND(O50+X50+Y50+GK50,2),0) -> 0 | GP50: =IF(BI50=4,ROUND(O50+X50+Y50+GK50,2)+GX50,0) -> 0 | GR50: 0 | GS50: 3 | GT50: 0 | GV50: =ROUND(GT50,6) -> 0 | GW50: 1 | GX50: =ROUND(GV50*GW50*I50,2) -> 0 | HA50: 0 | HB50: 0 | IK50: 0
A51: 18 | B51: 1 | C51: 106 | E51: 9,2 | F51: 11.2.02.01-0072 | G51: Блоки дверные однопольные с полотном глухим ДГ- 08, размер 2000х870 мм | H51: м2 | I51: =I47*J51 -> 5.22 | J51: 72.299169 | O51: =ROUND(CP51,2) -> 6713.2 | P51: =ROUND(CQ51*I51,2) -> 6713.2 | Q51: =ROUND(CR51*I51,2) -> 0 | R51: =ROUND(CS51*I51,2) -> 0 | S51: =ROUND(CT51*I51,2) -> 0 | T51: =ROUND(CU51*I51,2) -> 0 | U51: =CV51*I51 -> 0 | V51: =CW51*I51 -> 0 | W51: =ROUND(CX51*I51,2) -> 0 | X51: =ROUND(CY51,2) -> 0 | Y51: =ROUND(CZ51,2) -> 0 | AA51: 16671551 | AB51: =ROUND((AC51+AD51+AF51),6) -> 214.7 | AC51: =ROUND((ES51),6) -> 214.7 | AD51: =ROUND((((ET51)-(EU51))+AE51),6) -> 0 | AE51: =ROUND((EU51),6) -> 0 | AF51: =ROUND((EV51),6) -> 0 | AG51: =ROUND((AP51),6) -> 0 | AH51: =(EW51) -> 0 | AI51: =(EX51) -> 0 | AJ51: =ROUND((AS51),6) -> 0 | AK51: 214.7 | AL51: 214.7 | AM51: 0 | AN51: 0 | AO51: 0 | AP51: 0 | AQ51: 0 | AR51: 0 | AS51: 0 | AT51: 106 | AU51: 54 | AV51: 1 | AW51: 1 | AZ51: 5.99 | BA51: 1 | BB51: 1 | BC51: 5.99 | BH51: 3 | BI51: 1 | BJ51: ФССЦ-2001, 11.2.02.01-0072, приказ Минстроя России №1039/пр от 30.12.2016г. | BM51: 10001 | BN51: 0 | BP51: 0 | BQ51: 2 | BR51: 0 | BS51: 1 | BT51: 1 | BU51: 1 | BV51: 1 | BW51: 1 | BX51: 1 | BZ51: 118 | CA51: 63 | CF51: 0 | CG51: 0 | CM51: 0 | CO51: 0 | CP51: =(P51+Q51+S51) -> 6713.2 | CQ51: =AC51*BC51 -> 1286.053 | CR51: =AD51*BB51 -> 0 | CS51: =AE51*BS51 -> 0 | CT51: =AF51*BA51 -> 0 | CU51: =AG51 -> 0 | CV51: =AH51 -> 0 | CW51: =AI51 -> 0 | CX51: =AJ51 -> 0 | CY51: =(((S51+R51)*AT51)/100) -> 0 | CZ51: =(((S51+R51)*AU51)/100) -> 0 | DN51: 0 | DO51: 0 | DP51: 1 | DQ51: 1 | DU51: 1005 | DV51: м2 | DW51: м2 | DX51: 1 | EE51: 16510487 | EF51: 2 | EG51: Общестроительные работы | EH51: 0 | EJ51: 1 | EK51: 10001 | EL51: Деревянные конструкции | EM51: ФЕР-10 | EQ51: 0 | ER51: 214.7 | ES51: 214.7 | ET51: 0 | EU51: 0 | EV51: 0 | EW51: 0 | EX51: 0 | FQ51: 0 | FR51: =ROUND(IF(AND(BH51=3,BI51=3),P51,0),2) -> 0 | FS51: 0 | FT51: *0,9 | FU51: *0,85 | FX51: 106.2 | FY51: 53.55 | GD51: 0 | GF51: -968313352 | GG51: 1 | GH51: 1 | GI51: 4 | GJ51: 0 | GK51: =ROUND(R51*(S12)/100,2) -> 0 | GL51: =ROUND(IF(AND(BH51=3,BI51=3,FS51<>0),P51,0),2) -> 0 | GM51: =ROUND(O51+X51+Y51+GK51,2)+GX51 -> 6713.2 | GN51: =IF(OR(BI51=0,BI51=1),ROUND(O51+X51+Y51+GK51,2),0) -> 6713.2 | GO51: =IF(BI51=2,ROUND(O51+X51+Y51+GK51,2),0) -> 0 | GP51: =IF(BI51=4,ROUND(O51+X51+Y51+GK51,2)+GX51,0) -> 0 | GR51: 0 | GS51: 3 | GT51: 0 | GV51: =ROUND(GT51,6) -> 0 | GW51: 1 | GX51: =ROUND(GV51*GW51*I51,2) -> 0 | HA51: 0 | HB51: 0 | IK51: 0
A52: 18 | B52: 1 | C52: 96 | E52: 9,3 | F52: 11.2.02.01-0073 | G52: Блоки дверные однопольные с полотном глухим ДГ -10, размер 2000х1000 мм | H52: м2 | I52: =I46*J52 -> 2 | J52: 27.700831 | O52: =ROUND(CP52,2) -> 418.1 | P52: =ROUND(CQ52*I52,2) -> 418.1 | Q52: =ROUND(CR52*I52,2) -> 0 | R52: =ROUND(CS52*I52,2) -> 0 | S52: =ROUND(CT52*I52,2) -> 0 | T52: =ROUND(CU52*I52,2) -> 0 | U52: =CV52*I52 -> 0 | V52: =CW52*I52 -> 0 | W52: =ROUND(CX52*I52,2) -> 0 | X52: =ROUND(CY52,2) -> 0 | Y52: =ROUND(CZ52,2) -> 0 | AA52: 16671550 | AB52: =ROUND((AC52+AD52+AF52),6) -> 209.05 | AC52: =ROUND((ES52),6) -> 209.05 | AD52: =ROUND((((ET52)-(EU52))+AE52),6) -> 0 | AE52: =ROUND((EU52),6) -> 0 | AF52: =ROUND((EV52),6) -> 0 | AG52: =ROUND((AP52),6) -> 0 | AH52: =(EW52) -> 0 | AI52: =(EX52) -> 0 | AJ52: =ROUND((AS52),6) -> 0 | AK52: 209.05 | AL52: 209.05 | AM52: 0 | AN52: 0 | AO52: 0 | AP52: 0 | AQ52: 0 | AR52: 0 | AS52: 0 | AT52: 106 | AU52: 54 | AV52: 1 | AW52: 1 | AZ52: 1 | BA52: 1 | BB52: 1 | BC52: 1 | BH52: 3 | BI52: 1 | BJ52: ФССЦ-2001, 11.2.02.01-0073, приказ Минстроя России №1039/пр от 30.12.2016г. | BM52: 10001 | BN52: 0 | BP52: 0 | BQ52: 2 | BR52: 0 | BS52: 1 | BT52: 1 | BU52: 1 | BV52: 1 | BW52: 1 | BX52: 1 | BZ52: 118 | CA52: 63 | CF52: 0 | CG52: 0 | CM52: 0 | CO52: 0 | CP52: =(P52+Q52+S52) -> 418.1 | CQ52: =AC52*BC52 -> 209.05 | CR52: =AD52*BB52 -> 0 | CS52: =AE52*BS52 -> 0 | CT52: =AF52*BA52 -> 0 | CU52: =AG52 -> 0 | CV52: =AH52 -> 0 | CW52: =AI52 -> 0 | CX52: =AJ52 -> 0 | CY52: =(((S52+R52)*AT52)/100) -> 0 | CZ52: =(((S52+R52)*AU52)/100) -> 0 | DN52: 0 | DO52: 0 | DP52: 1 | DQ52: 1 | DU52: 1005 | DV52: м2 | DW52: м2 | DX52: 1 | EE52: 16510487 | EF52: 2 | EG52: Общестроительные работы | EH52: 0 | EJ52: 1 | EK52: 10001 | EL52: Деревянные конструкции | EM52: ФЕР-10 | EQ52: 0 | ER52: 209.05 | ES52: 209.05 | ET52: 0 | EU52: 0 | EV52: 0 | EW52: 0 | EX52: 0 | FQ52: 0 | FR52: =ROUND(IF(AND(BH52=3,BI52=3),P52,0),2) -> 0 | FS52: 0 | FT52: *0,9 | FU52: *0,85 | FX52: 106.2 | FY52: 53.55 | GD52: 0 | GF52: 700332712 | GG52: 2 | GH52: 1 | GI52: -2 | GJ52: 0 | GK52: =ROUND(R52*(R12)/100,2) -> 0 | GL52: =ROUND(IF(AND(BH52=3,BI52=3,FS52<>0),P52,0),2) -> 0 | GM52: =ROUND(O52+X52+Y52+GK52,2)+GX52 -> 418.1 | GN52: =IF(OR(BI52=0,BI52=1),ROUND(O52+X52+Y52+GK52,2),0) -> 418.1 | GO52: =IF(BI52=2,ROUND(O52+X52+Y52+GK52,2),0) -> 0 | GP52: =IF(BI52=4,ROUND(O52+X52+Y52+GK52,2)+GX52,0) -> 0 | GR52: 0 | GS52: 3 | GT52: 0 | GV52: =ROUND(GT52,6) -> 0 | GW52: 1 | GX52: =ROUND(GV52*GW52*I52,2) -> 0 | HA52: 0 | HB52: 0 | IK52: 0
A53: 18 | B53: 1 | C53: 107 | E53: 9,3 | F53: 11.2.02.01-0073 | G53: Блоки дверные однопольные с полотном глухим ДГ -10, размер 2000х1000 мм | H53: м2 | I53: =I47*J53 -> 2 | J53: 27.700831 | O53: =ROUND(CP53,2) -> 2504.42 | P53: =ROUND(CQ53*I53,2) -> 2504.42 | Q53: =ROUND(CR53*I53,2) -> 0 | R53: =ROUND(CS53*I53,2) -> 0 | S53: =ROUND(CT53*I53,2) -> 0 | T53: =ROUND(CU53*I53,2) -> 0 | U53: =CV53*I53 -> 0 | V53: =CW53*I53 -> 0 | W53: =ROUND(CX53*I53,2) -> 0 | X53: =ROUND(CY53,2) -> 0 | Y53: =ROUND(CZ53,2) -> 0 | AA53: 16671551 | AB53: =ROUND((AC53+AD53+AF53),6) -> 209.05 | AC53: =ROUND((ES53),6) -> 209.05 | AD53: =ROUND((((ET53)-(EU53))+AE53),6) -> 0 | AE53: =ROUND((EU53),6) -> 0 | AF53: =ROUND((EV53),6) -> 0 | AG53: =ROUND((AP53),6) -> 0 | AH53: =(EW53) -> 0 | AI53: =(EX53) -> 0 | AJ53: =ROUND((AS53),6) -> 0 | AK53: 209.05 | AL53: 209.05 | AM53: 0 | AN53: 0 | AO53: 0 | AP53: 0 | AQ53: 0 | AR53: 0 | AS53: 0 | AT53: 106 | AU53: 54 | AV53: 1 | AW53: 1 | AZ53: 5.99 | BA53: 1 | BB53: 1 | BC53: 5.99 | BH53: 3 | BI53: 1 | BJ53: ФССЦ-2001, 11.2.02.01-0073, приказ Минстроя России №1039/пр от 30.12.2016г. | BM53: 10001 | BN53: 0 | BP53: 0 | BQ53: 2 | BR53: 0 | BS53: 1 | BT53: 1 | BU53: 1 | BV53: 1 | BW53: 1 | BX53: 1 | BZ53: 118 | CA53: 63 | CF53: 0 | CG53: 0 | CM53: 0 | CO53: 0 | CP53: =(P53+Q53+S53) -> 2504.42 | CQ53: =AC53*BC53 -> 1252.2095 | CR53: =AD53*BB53 -> 0 | CS53: =AE53*BS53 -> 0 | CT53: =AF53*BA53 -> 0 | CU53: =AG53 -> 0 | CV53: =AH53 -> 0 | CW53: =AI53 -> 0 | CX53: =AJ53 -> 0 | CY53: =(((S53+R53)*AT53)/100) -> 0 | CZ53: =(((S53+R53)*AU53)/100) -> 0 | DN53: 0 | DO53: 0 | DP53: 1 | DQ53: 1 | DU53: 1005 | DV53: м2 | DW53: м2 | DX53: 1 | EE53: 16510487 | EF53: 2 | EG53: Общестроительные работы | EH53: 0 | EJ53: 1 | EK53: 10001 | EL53: Деревянные конструкции | EM53: ФЕР-10 | EQ53: 0 | ER53: 209.05 | ES53: 209.05 | ET53: 0 | EU53: 0 | EV53: 0 | EW53: 0 | EX53: 0 | FQ53: 0 | FR53: =ROUND(IF(AND(BH53=3,BI53=3),P53,0),2) -> 0 | FS53: 0 | FT53: *0,9 | FU53: *0,85 | FX53: 106.2 | FY53: 53.55 | GD53: 0 | GF53: 700332712 | GG53: 1 | GH53: 1 | GI53: 4 | GJ53: 0 | GK53: =ROUND(R53*(S12)/100,2) -> 0 | GL53: =ROUND(IF(AND(BH53=3,BI53=3,FS53<>0),P53,0),2) -> 0 | GM53: =ROUND(O53+X53+Y53+GK53,2)+GX53 -> 2504.42 | GN53: =IF(OR(BI53=0,BI53=1),ROUND(O53+X53+Y53+GK53,2),0) -> 2504.42 | GO53: =IF(BI53=2,ROUND(O53+X53+Y53+GK53,2),0) -> 0 | GP53: =IF(BI53=4,ROUND(O53+X53+Y53+GK53,2)+GX53,0) -> 0 | GR53: 0 | GS53: 3 | GT53: 0 | GV53: =ROUND(GT53,6) -> 0 | GW53: 1 | GX53: =ROUND(GV53*GW53*I53,2) -> 0 | HA53: 0 | HB53: 0 | IK53: 0
A54: 17 | B54: 1 | C54: =ROW(SmtRes!A120) -> 120 | D54: =ROW(EtalonRes!A133) -> 133 | E54: 10 | F54: 10-01-034-05 | G54: Установка в жилых и общественных зданиях оконных блоков из ПВХ профилей поворотных (откидных, поворотно-откидных) с площадью проема до 2 м2 двухстворчатых | H54: 100 м2 | I54: =ROUND(25.92/100,9) -> 0.2592 | J54: 0 | O54: =ROUND(CP54,2) -> 3471.04 | P54: =ROUND(CQ54*I54,2) -> 2888.6 | Q54: =ROUND(CR54*I54,2) -> 93.83 | R54: =ROUND(CS54*I54,2) -> 21.12 | S54: =ROUND(CT54*I54,2) -> 488.61 | T54: =ROUND(CU54*I54,2) -> 0 | U54: =CV54*I54 -> 55.904904 | V54: =CW54*I54 -> 1.72692 | W54: =ROUND(CX54*I54,2) -> 0 | X54: =ROUND(CY54,2) -> 540.31 | Y54: =ROUND(CZ54,2) -> 275.25 | AA54: 16671550 | AB54: =ROUND((AC54+AD54+AF54),6) -> 13391.359 | AC54: =ROUND((ES54),6) -> 11144.29 | AD54: =ROUND(((((ET54*1.25))-((EU54*1.25)))+AE54),6) -> 362 | AE54: =ROUND(((EU54*1.25)),6) -> 81.4625 | AF54: =ROUND(((EV54*1.15)),6) -> 1885.0685 | AG54: =ROUND((AP54),6) -> 0 | AH54: =((EW54*1.15)) -> 215.6825 | AI54: =((EX54*1.25)) -> 6.6625 | AJ54: =ROUND((AS54),6) -> 0 | AK54: 13073.08 | AL54: 11144.29 | AM54: 289.6 | AN54: 65.17 | AO54: 1639.19 | AP54: 0 | AQ54: 187.55 | AR54: 5.33 | AS54: 0 | AT54: 106 | AU54: 54 | AV54: 1 | AW54: 1 | AZ54: 1 | BA54: 1 | BB54: 1 | BC54: 1 | BH54: 0 | BI54: 1 | BJ54: ФЕР-2001, 10-01-034-05, приказ Минстроя России №1039/пр от 30.12.2016г. | BM54: 10001 | BN54: 0 | BP54: 0 | BQ54: 2 | BR54: 0 | BS54: 1 | BT54: 1 | BU54: 1 | BV54: 1 | BW54: 1 | BX54: 1 | BZ54: 118 | CA54: 63 | CF54: 0 | CG54: 0 | CM54: 0 | CN54: Поправка: МДС 81-35.2004, п.4.7 Наименование: Работы, выполняемые при реконструкции зданий и сооружений работы, аналогичные технологическим процессам в новом строительстве (в том числе возведение новых конструктивных элементов) стоимость которых определена по соответствующим сборникам ФЕР, кроме сборника № 46 «Работы при реконструкции зданий и сооружений» | CO54: 0 | CP54: =(P54+Q54+S54) -> 3471.04 | CQ54: =AC54*BC54 -> 11144.29 | CR54: =AD54*BB54 -> 362 | CS54: =AE54*BS54 -> 81.4625 | CT54: =AF54*BA54 -> 1885.0685 | CU54: =AG54 -> 0 | CV54: =AH54 -> 215.6825 | CW54: =AI54 -> 6.6625 | CX54: =AJ54 -> 0 | CY54: =(((S54+R54)*AT54)/100) -> 540.3138 | CZ54: =(((S54+R54)*AU54)/100) -> 275.2542 | DE54: )*1,25 | DF54: )*1,25 | DG54: )*1,15 | DI54: )*1,15 | DJ54: )*1,25 | DN54: 0 | DO54: 0 | DP54: 1 | DQ54: 1 | DU54: 1005 | DV54: 100 м2 | DW54: 100 м2 | DX54: 100 | EE54: 16510487 | EF54: 2 | EG54: Общестроительные работы | EH54: 0 | EJ54: 1 | EK54: 10001 | EL54: Деревянные конструкции | EM54: ФЕР-10 | EO54: Поправка: МДС 81-35.2004, п.4.7 | EQ54: 0 | ER54: 13073.08 | ES54: 11144.29 | ET54: 289.6 | EU54: 65.17 | EV54: 1639.19 | EW54: 187.55 | EX54: 5.33 | EY54: 0 | FQ54: 0 | FR54: =ROUND(IF(AND(BH54=3,BI54=3),P54,0),2) -> 0 | FS54: 0 | FT54: *0,9 | FU54: *0,85 | FX54: 106.2 | FY54: 53.55 | GD54: 0 | GF54: 148302620 | GG54: 2 | GH54: 1 | GI54: -2 | GJ54: 0 | GK54: =ROUND(R54*(R12)/100,2) -> 0 | GL54: =ROUND(IF(AND(BH54=3,BI54=3,FS54<>0),P54,0),2) -> 0 | GM54: =ROUND(O54+X54+Y54+GK54,2)+GX54 -> 4286.6 | GN54: =IF(OR(BI54=0,BI54=1),ROUND(O54+X54+Y54+GK54,2),0) -> 4286.6 | GO54: =IF(BI54=2,ROUND(O54+X54+Y54+GK54,2),0) -> 0 | GP54: =IF(BI54=4,ROUND(O54+X54+Y54+GK54,2)+GX54,0) -> 0 | GR54: 0 | GS54: 3 | GT54: 0 | GV54: =ROUND(GT54,6) -> 0 | GW54: 1 | GX54: =ROUND(GV54*GW54*I54,2) -> 0 | HA54: 0 | HB54: 0 | IK54: 0
A55: 17 | B55: 1 | C55: =ROW(SmtRes!A132) -> 132 | D55: =ROW(EtalonRes!A144) -> 144 | E55: 10 | F55: 10-01-034-05 | G55: Установка в жилых и общественных зданиях оконных блоков из ПВХ профилей поворотных (откидных, поворотно-откидных) с площадью проема до 2 м2 двухстворчатых | H55: 100 м2 | I55: =ROUND(25.92/100,9) -> 0.2592 | J55: 0 | O55: =ROUND(CP55,2) -> 20791.52 | P55: =ROUND(CQ55*I55,2) -> 17302.71 | Q55: =ROUND(CR55*I55,2) -> 562.04 | R55: =ROUND(CS55*I55,2) -> 126.48 | S55: =ROUND(CT55*I55,2) -> 2926.77 | T55: =ROUND(CU55*I55,2) -> 0 | U55: =CV55*I55 -> 55.904904 | V55: =CW55*I55 -> 1.72692 | W55: =ROUND(CX55*I55,2) -> 0 | X55: =ROUND(CY55,2) -> 3236.45 | Y55: =ROUND(CZ55,2) -> 1648.76 | AA55: 16671551 | AB55: =ROUND((AC55+AD55+AF55),6) -> 13391.359 | AC55: =ROUND((ES55),6) -> 11144.29 | AD55: =ROUND(((((ET55*1.25))-((EU55*1.25)))+AE55),6) -> 362 | AE55: =ROUND(((EU55*1.25)),6) -> 81.4625 | AF55: =ROUND(((EV55*1.15)),6) -> 1885.0685 | AG55: =ROUND((AP55),6) -> 0 | AH55: =((EW55*1.15)) -> 215.6825 | AI55: =((EX55*1.25)) -> 6.6625 | AJ55: =ROUND((AS55),6) -> 0 | AK55: 13073.08 | AL55: 11144.29 | AM55: 289.6 | AN55: 65.17 | AO55: 1639.19 | AP55: 0 | AQ55: 187.55 | AR55: 5.33 | AS55: 0 | AT55: 106 | AU55: 54 | AV55: 1 | AW55: 1 | AZ55: 5.99 | BA55: 5.99 | BB55: 5.99 | BC55: 5.99 | BH55: 0 | BI55: 1 | BJ55: ФЕР-2001, 10-01-034-05, приказ Минстроя России №1039/пр от 30.12.2016г. | BM55: 10001 | BN55: 0 | BP55: 0 | BQ55: 2 | BR55: 0 | BS55: 5.99 | BT55: 1 | BU55: 1 | BV55: 1 | BW55: 1 | BX55: 1 | BZ55: 118 | CA55: 63 | CF55: 0 | CG55: 0 | CM55: 0 | CN55: Поправка: МДС 81-35.2004, п.4.7 Наименование: Работы, выполняемые при реконструкции зданий и сооружений работы, аналогичные технологическим процессам в новом строительстве (в том числе возведение новых конструктивных элементов) стоимость которых определена по соответствующим сборникам ФЕР, кроме сборника № 46 «Работы при реконструкции зданий и сооружений» | CO55: 0 | CP55: =(P55+Q55+S55) -> 20791.52 | CQ55: =AC55*BC55 -> 66754.297 | CR55: =AD55*BB55 -> 2168.38 | CS55: =AE55*BS55 -> 487.96038 | CT55: =AF55*BA55 -> 11291.56 | CU55: =AG55 -> 0 | CV55: =AH55 -> 215.6825 | CW55: =AI55 -> 6.6625 | CX55: =AJ55 -> 0 | CY55: =(((S55+R55)*AT55)/100) -> 3236.445 | CZ55: =(((S55+R55)*AU55)/100) -> 1648.755 | DE55: )*1,25 | DF55: )*1,25 | DG55: )*1,15 | DI55: )*1,15 | DJ55: )*1,25 | DN55: 0 | DO55: 0 | DP55: 1 | DQ55: 1 | DU55: 1005 | DV55: 100 м2 | DW55: 100 м2 | DX55: 100 | EE55: 16510487 | EF55: 2 | EG55: Общестроительные работы | EH55: 0 | EJ55: 1 | EK55: 10001 | EL55: Деревянные конструкции | EM55: ФЕР-10 | EO55: Поправка: МДС 81-35.2004, п.4.7 | EQ55: 0 | ER55: 13073.08 | ES55: 11144.29 | ET55: 289.6 | EU55: 65.17 | EV55: 1639.19 | EW55: 187.55 | EX55: 5.33 | EY55: 0 | FQ55: 0 | FR55: =ROUND(IF(AND(BH55=3,BI55=3),P55,0),2) -> 0 | FS55: 0 | FT55: *0,9 | FU55: *0,85 | FX55: 106.2 | FY55: 53.55 | GD55: 0 | GF55: 148302620 | GG55: 1 | GH55: 1 | GI55: 4 | GJ55: 0 | GK55: =ROUND(R55*(S12)/100,2) -> 0 | GL55: =ROUND(IF(AND(BH55=3,BI55=3,FS55<>0),P55,0),2) -> 0 | GM55: =ROUND(O55+X55+Y55+GK55,2)+GX55 -> 25676.73 | GN55: =IF(OR(BI55=0,BI55=1),ROUND(O55+X55+Y55+GK55,2),0) -> 25676.73 | GO55: =IF(BI55=2,ROUND(O55+X55+Y55+GK55,2),0) -> 0 | GP55: =IF(BI55=4,ROUND(O55+X55+Y55+GK55,2)+GX55,0) -> 0 | GR55: 0 | GS55: 3 | GT55: 0 | GV55: =ROUND(GT55,6) -> 0 | GW55: 1 | GX55: =ROUND(GV55*GW55*I55,2) -> 0 | HA55: 0 | HB55: 0 | IK55: 0
A56: 18 | B56: 1 | C56: 118 | E56: 10,1 | F56: 11.3.02.03-0005 | G56: Блоки оконные из поливинилхлоридных профилей размером 1250х1150 мм двустворчатые с одной створкой глухого остекления и одной повортно-откидной створкой | H56: м2 | I56: =I54*J56 -> 7.2 | J56: 27.777778 | O56: =ROUND(CP56,2) -> 6734.59 | P56: =ROUND(CQ56*I56,2) -> 6734.59 | Q56: =ROUND(CR56*I56,2) -> 0 | R56: =ROUND(CS56*I56,2) -> 0 | S56: =ROUND(CT56*I56,2) -> 0 | T56: =ROUND(CU56*I56,2) -> 0 | U56: =CV56*I56 -> 0 | V56: =CW56*I56 -> 0 | W56: =ROUND(CX56*I56,2) -> 0 | X56: =ROUND(CY56,2) -> 0 | Y56: =ROUND(CZ56,2) -> 0 | AA56: 16671550 | AB56: =ROUND((AC56+AD56+AF56),6) -> 935.36 | AC56: =ROUND((ES56),6) -> 935.36 | AD56: =ROUND((((ET56)-(EU56))+AE56),6) -> 0 | AE56: =ROUND((EU56),6) -> 0 | AF56: =ROUND((EV56),6) -> 0 | AG56: =ROUND((AP56),6) -> 0 | AH56: =(EW56) -> 0 | AI56: =(EX56) -> 0 | AJ56: =ROUND((AS56),6) -> 0 | AK56: 935.36 | AL56: 935.36 | AM56: 0 | AN56: 0 | AO56: 0 | AP56: 0 | AQ56: 0 | AR56: 0 | AS56: 0 | AT56: 106 | AU56: 54 | AV56: 1 | AW56: 1 | AZ56: 1 | BA56: 1 | BB56: 1 | BC56: 1 | BH56: 3 | BI56: 1 | BJ56: ФССЦ-2001, 11.3.02.03-0005, приказ Минстроя России №1039/пр от 30.12.2016г. | BM56: 10001 | BN56: 0 | BP56: 0 | BQ56: 2 | BR56: 0 | BS56: 1 | BT56: 1 | BU56: 1 | BV56: 1 | BW56: 1 | BX56: 1 | BZ56: 118 | CA56: 63 | CF56: 0 | CG56: 0 | CM56: 0 | CO56: 0 | CP56: =(P56+Q56+S56) -> 6734.59 | CQ56: =AC56*BC56 -> 935.36 | CR56: =AD56*BB56 -> 0 | CS56: =AE56*BS56 -> 0 | CT56: =AF56*BA56 -> 0 | CU56: =AG56 -> 0 | CV56: =AH56 -> 0 | CW56: =AI56 -> 0 | CX56: =AJ56 -> 0 | CY56: =(((S56+R56)*AT56)/100) -> 0 | CZ56: =(((S56+R56)*AU56)/100) -> 0 | DN56: 0 | DO56: 0 | DP56: 1 | DQ56: 1 | DU56: 1005 | DV56: м2 | DW56: м2 | DX56: 1 | EE56: 16510487 | EF56: 2 | EG56: Общестроительные работы | EH56: 0 | EJ56: 1 | EK56: 10001 | EL56: Деревянные конструкции | EM56: ФЕР-10 | EQ56: 0 | ER56: 935.36 | ES56: 935.36 | ET56: 0 | EU56: 0 | EV56: 0 | EW56: 0 | EX56: 0 | FQ56: 0 | FR56: =ROUND(IF(AND(BH56=3,BI56=3),P56,0),2) -> 0 | FS56: 0 | FT56: *0,9 | FU56: *0,85 | FX56: 106.2 | FY56: 53.55 | GD56: 0 | GF56: -1493466572 | GG56: 2 | GH56: 1 | GI56: -2 | GJ56: 0 | GK56: =ROUND(R56*(R12)/100,2) -> 0 | GL56: =ROUND(IF(AND(BH56=3,BI56=3,FS56<>0),P56,0),2) -> 0 | GM56: =ROUND(O56+X56+Y56+GK56,2)+GX56 -> 6734.59 | GN56: =IF(OR(BI56=0,BI56=1),ROUND(O56+X56+Y56+GK56,2),0) -> 6734.59 | GO56: =IF(BI56=2,ROUND(O56+X56+Y56+GK56,2),0) -> 0 | GP56: =IF(BI56=4,ROUND(O56+X56+Y56+GK56,2)+GX56,0) -> 0 | GR56: 0 | GS56: 3 | GT56: 0 | GV56: =ROUND(GT56,6) -> 0 | GW56: 1 | GX56: =ROUND(GV56*GW56*I56,2) -> 0 | HA56: 0 | HB56: 0 | IK56: 0
A57: 18 | B57: 1 | C57: 130 | E57: 10,1 | F57: 11.3.02.03-0005 | G57: Блоки оконные из поливинилхлоридных профилей размером 1250х1150 мм двустворчатые с одной створкой глухого остекления и одной повортно-откидной створкой | H57: м2 | I57: =I55*J57 -> 7.2 | J57: 27.777778 | O57: =ROUND(CP57,2) -> 40340.21 | P57: =ROUND(CQ57*I57,2) -> 40340.21 | Q57: =ROUND(CR57*I57,2) -> 0 | R57: =ROUND(CS57*I57,2) -> 0 | S57: =ROUND(CT57*I57,2) -> 0 | T57: =ROUND(CU57*I57,2) -> 0 | U57: =CV57*I57 -> 0 | V57: =CW57*I57 -> 0 | W57: =ROUND(CX57*I57,2) -> 0 | X57: =ROUND(CY57,2) -> 0 | Y57: =ROUND(CZ57,2) -> 0 | AA57: 16671551 | AB57: =ROUND((AC57+AD57+AF57),6) -> 935.36 | AC57: =ROUND((ES57),6) -> 935.36 | AD57: =ROUND((((ET57)-(EU57))+AE57),6) -> 0 | AE57: =ROUND((EU57),6) -> 0 | AF57: =ROUND((EV57),6) -> 0 | AG57: =ROUND((AP57),6) -> 0 | AH57: =(EW57) -> 0 | AI57: =(EX57) -> 0 | AJ57: =ROUND((AS57),6) -> 0 | AK57: 935.36 | AL57: 935.36 | AM57: 0 | AN57: 0 | AO57: 0 | AP57: 0 | AQ57: 0 | AR57: 0 | AS57: 0 | AT57: 106 | AU57: 54 | AV57: 1 | AW57: 1 | AZ57: 5.99 | BA57: 1 | BB57: 1 | BC57: 5.99 | BH57: 3 | BI57: 1 | BJ57: ФССЦ-2001, 11.3.02.03-0005, приказ Минстроя России №1039/пр от 30.12.2016г. | BM57: 10001 | BN57: 0 | BP57: 0 | BQ57: 2 | BR57: 0 | BS57: 1 | BT57: 1 | BU57: 1 | BV57: 1 | BW57: 1 | BX57: 1 | BZ57: 118 | CA57: 63 | CF57: 0 | CG57: 0 | CM57: 0 | CO57: 0 | CP57: =(P57+Q57+S57) -> 40340.21 | CQ57: =AC57*BC57 -> 5602.8064 | CR57: =AD57*BB57 -> 0 | CS57: =AE57*BS57 -> 0 | CT57: =AF57*BA57 -> 0 | CU57: =AG57 -> 0 | CV57: =AH57 -> 0 | CW57: =AI57 -> 0 | CX57: =AJ57 -> 0 | CY57: =(((S57+R57)*AT57)/100) -> 0 | CZ57: =(((S57+R57)*AU57)/100) -> 0 | DN57: 0 | DO57: 0 | DP57: 1 | DQ57: 1 | DU57: 1005 | DV57: м2 | DW57: м2 | DX57: 1 | EE57: 16510487 | EF57: 2 | EG57: Общестроительные работы | EH57: 0 | EJ57: 1 | EK57: 10001 | EL57: Деревянные конструкции | EM57: ФЕР-10 | EQ57: 0 | ER57: 935.36 | ES57: 935.36 | ET57: 0 | EU57: 0 | EV57: 0 | EW57: 0 | EX57: 0 | FQ57: 0 | FR57: =ROUND(IF(AND(BH57=3,BI57=3),P57,0),2) -> 0 | FS57: 0 | FT57: *0,9 | FU57: *0,85 | FX57: 106.2 | FY57: 53.55 | GD57: 0 | GF57: -1493466572 | GG57: 1 | GH57: 1 | GI57: 4 | GJ57: 0 | GK57: =ROUND(R57*(S12)/100,2) -> 0 | GL57: =ROUND(IF(AND(BH57=3,BI57=3,FS57<>0),P57,0),2) -> 0 | GM57: =ROUND(O57+X57+Y57+GK57,2)+GX57 -> 40340.21 | GN57: =IF(OR(BI57=0,BI57=1),ROUND(O57+X57+Y57+GK57,2),0) -> 40340.21 | GO57: =IF(BI57=2,ROUND(O57+X57+Y57+GK57,2),0) -> 0 | GP57: =IF(BI57=4,ROUND(O57+X57+Y57+GK57,2)+GX57,0) -> 0 | GR57: 0 | GS57: 3 | GT57: 0 | GV57: =ROUND(GT57,6) -> 0 | GW57: 1 | GX57: =ROUND(GV57*GW57*I57,2) -> 0 | HA57: 0 | HB57: 0 | IK57: 0
A58: 18 | B58: 1 | C58: 117 | E58: 10,2 | F58: 11.3.02.03-0004 | G58: Блоки оконные из поливинилхлоридных профилей размером 1250х1150 мм двустворчатые с двумя глухими створками остекления | H58: м2 | I58: =I54*J58 -> 18.72 | J58: 72.222222 | O58: =ROUND(CP58,2) -> 15523.56 | P58: =ROUND(CQ58*I58,2) -> 15523.56 | Q58: =ROUND(CR58*I58,2) -> 0 | R58: =ROUND(CS58*I58,2) -> 0 | S58: =ROUND(CT58*I58,2) -> 0 | T58: =ROUND(CU58*I58,2) -> 0 | U58: =CV58*I58 -> 0 | V58: =CW58*I58 -> 0 | W58: =ROUND(CX58*I58,2) -> 0 | X58: =ROUND(CY58,2) -> 0 | Y58: =ROUND(CZ58,2) -> 0 | AA58: 16671550 | AB58: =ROUND((AC58+AD58+AF58),6) -> 829.25 | AC58: =ROUND((ES58),6) -> 829.25 | AD58: =ROUND((((ET58)-(EU58))+AE58),6) -> 0 | AE58: =ROUND((EU58),6) -> 0 | AF58: =ROUND((EV58),6) -> 0 | AG58: =ROUND((AP58),6) -> 0 | AH58: =(EW58) -> 0 | AI58: =(EX58) -> 0 | AJ58: =ROUND((AS58),6) -> 0 | AK58: 829.25 | AL58: 829.25 | AM58: 0 | AN58: 0 | AO58: 0 | AP58: 0 | AQ58: 0 | AR58: 0 | AS58: 0 | AT58: 106 | AU58: 54 | AV58: 1 | AW58: 1 | AZ58: 1 | BA58: 1 | BB58: 1 | BC58: 1 | BH58: 3 | BI58: 1 | BJ58: ФССЦ-2001, 11.3.02.03-0004, приказ Минстроя России №1039/пр от 30.12.2016г. | BM58: 10001 | BN58: 0 | BP58: 0 | BQ58: 2 | BR58: 0 | BS58: 1 | BT58: 1 | BU58: 1 | BV58: 1 | BW58: 1 | BX58: 1 | BZ58: 118 | CA58: 63 | CF58: 0 | CG58: 0 | CM58: 0 | CO58: 0 | CP58: =(P58+Q58+S58) -> 15523.56 | CQ58: =AC58*BC58 -> 829.25 | CR58: =AD58*BB58 -> 0 | CS58: =AE58*BS58 -> 0 | CT58: =AF58*BA58 -> 0 | CU58: =AG58 -> 0 | CV58: =AH58 -> 0 | CW58: =AI58 -> 0 | CX58: =AJ58 -> 0 | CY58: =(((S58+R58)*AT58)/100) -> 0 | CZ58: =(((S58+R58)*AU58)/100) -> 0 | DN58: 0 | DO58: 0 | DP58: 1 | DQ58: 1 | DU58: 1005 | DV58: м2 | DW58: м2 | DX58: 1 | EE58: 16510487 | EF58: 2 | EG58: Общестроительные работы | EH58: 0 | EJ58: 1 | EK58: 10001 | EL58: Деревянные конструкции | EM58: ФЕР-10 | EQ58: 0 | ER58: 829.25 | ES58: 829.25 | ET58: 0 | EU58: 0 | EV58: 0 | EW58: 0 | EX58: 0 | FQ58: 0 | FR58: =ROUND(IF(AND(BH58=3,BI58=3),P58,0),2) -> 0 | FS58: 0 | FT58: *0,9 | FU58: *0,85 | FX58: 106.2 | FY58: 53.55 | GD58: 0 | GF58: -157476520 | GG58: 2 | GH58: 1 | GI58: -2 | GJ58: 0 | GK58: =ROUND(R58*(R12)/100,2) -> 0 | GL58: =ROUND(IF(AND(BH58=3,BI58=3,FS58<>0),P58,0),2) -> 0 | GM58: =ROUND(O58+X58+Y58+GK58,2)+GX58 -> 15523.56 | GN58: =IF(OR(BI58=0,BI58=1),ROUND(O58+X58+Y58+GK58,2),0) -> 15523.56 | GO58: =IF(BI58=2,ROUND(O58+X58+Y58+GK58,2),0) -> 0 | GP58: =IF(BI58=4,ROUND(O58+X58+Y58+GK58,2)+GX58,0) -> 0 | GR58: 0 | GS58: 3 | GT58: 0 | GV58: =ROUND(GT58,6) -> 0 | GW58: 1 | GX58: =ROUND(GV58*GW58*I58,2) -> 0 | HA58: 0 | HB58: 0 | IK58: 0
A59: 18 | B59: 1 | C59: 129 | E59: 10,2 | F59: 11.3.02.03-0004 | G59: Блоки оконные из поливинилхлоридных профилей размером 1250х1150 мм двустворчатые с двумя глухими створками остекления | H59: м2 | I59: =I55*J59 -> 18.72 | J59: 72.222222 | O59: =ROUND(CP59,2) -> 92986.12 | P59: =ROUND(CQ59*I59,2) -> 92986.12 | Q59: =ROUND(CR59*I59,2) -> 0 | R59: =ROUND(CS59*I59,2) -> 0 | S59: =ROUND(CT59*I59,2) -> 0 | T59: =ROUND(CU59*I59,2) -> 0 | U59: =CV59*I59 -> 0 | V59: =CW59*I59 -> 0 | W59: =ROUND(CX59*I59,2) -> 0 | X59: =ROUND(CY59,2) -> 0 | Y59: =ROUND(CZ59,2) -> 0 | AA59: 16671551 | AB59: =ROUND((AC59+AD59+AF59),6) -> 829.25 | AC59: =ROUND((ES59),6) -> 829.25 | AD59: =ROUND((((ET59)-(EU59))+AE59),6) -> 0 | AE59: =ROUND((EU59),6) -> 0 | AF59: =ROUND((EV59),6) -> 0 | AG59: =ROUND((AP59),6) -> 0 | AH59: =(EW59) -> 0 | AI59: =(EX59) -> 0 | AJ59: =ROUND((AS59),6) -> 0 | AK59: 829.25 | AL59: 829.25 | AM59: 0 | AN59: 0 | AO59: 0 | AP59: 0 | AQ59: 0 | AR59: 0 | AS59: 0 | AT59: 106 | AU59: 54 | AV59: 1 | AW59: 1 | AZ59: 5.99 | BA59: 1 | BB59: 1 | BC59: 5.99 | BH59: 3 | BI59: 1 | BJ59: ФССЦ-2001, 11.3.02.03-0004, приказ Минстроя России №1039/пр от 30.12.2016г. | BM59: 10001 | BN59: 0 | BP59: 0 | BQ59: 2 | BR59: 0 | BS59: 1 | BT59: 1 | BU59: 1 | BV59: 1 | BW59: 1 | BX59: 1 | BZ59: 118 | CA59: 63 | CF59: 0 | CG59: 0 | CM59: 0 | CO59: 0 | CP59: =(P59+Q59+S59) -> 92986.12 | CQ59: =AC59*BC59 -> 4967.2075 | CR59: =AD59*BB59 -> 0 | CS59: =AE59*BS59 -> 0 | CT59: =AF59*BA59 -> 0 | CU59: =AG59 -> 0 | CV59: =AH59 -> 0 | CW59: =AI59 -> 0 | CX59: =AJ59 -> 0 | CY59: =(((S59+R59)*AT59)/100) -> 0 | CZ59: =(((S59+R59)*AU59)/100) -> 0 | DN59: 0 | DO59: 0 | DP59: 1 | DQ59: 1 | DU59: 1005 | DV59: м2 | DW59: м2 | DX59: 1 | EE59: 16510487 | EF59: 2 | EG59: Общестроительные работы | EH59: 0 | EJ59: 1 | EK59: 10001 | EL59: Деревянные конструкции | EM59: ФЕР-10 | EQ59: 0 | ER59: 829.25 | ES59: 829.25 | ET59: 0 | EU59: 0 | EV59: 0 | EW59: 0 | EX59: 0 | FQ59: 0 | FR59: =ROUND(IF(AND(BH59=3,BI59=3),P59,0),2) -> 0 | FS59: 0 | FT59: *0,9 | FU59: *0,85 | FX59: 106.2 | FY59: 53.55 | GD59: 0 | GF59: -157476520 | GG59: 1 | GH59: 1 | GI59: 4 | GJ59: 0 | GK59: =ROUND(R59*(S12)/100,2) -> 0 | GL59: =ROUND(IF(AND(BH59=3,BI59=3,FS59<>0),P59,0),2) -> 0 | GM59: =ROUND(O59+X59+Y59+GK59,2)+GX59 -> 92986.12 | GN59: =IF(OR(BI59=0,BI59=1),ROUND(O59+X59+Y59+GK59,2),0) -> 92986.12 | GO59: =IF(BI59=2,ROUND(O59+X59+Y59+GK59,2),0) -> 0 | GP59: =IF(BI59=4,ROUND(O59+X59+Y59+GK59,2)+GX59,0) -> 0 | GR59: 0 | GS59: 3 | GT59: 0 | GV59: =ROUND(GT59,6) -> 0 | GW59: 1 | GX59: =ROUND(GV59*GW59*I59,2) -> 0 | HA59: 0 | HB59: 0 | IK59: 0
A60: 17 | B60: 1 | C60: =ROW(SmtRes!A139) -> 139 | D60: =ROW(EtalonRes!A151) -> 151 | E60: 11 | F60: 10-01-035-01 | G60: Установка подоконных досок из ПВХ в каменных стенах толщиной до 0,51 м | H60: 100 м | I60: =ROUND(22.5/100,9) -> 0.225 | J60: 0 | O60: =ROUND(CP60,2) -> 948.14 | P60: =ROUND(CQ60*I60,2) -> 898.25 | Q60: =ROUND(CR60*I60,2) -> 3.12 | R60: =ROUND(CS60*I60,2) -> 0.64 | S60: =ROUND(CT60*I60,2) -> 46.77 | T60: =ROUND(CU60*I60,2) -> 0 | U60: =CV60*I60 -> 5.4829125 | V60: =CW60*I60 -> 0.0534375 | W60: =ROUND(CX60*I60,2) -> 0 | X60: =ROUND(CY60,2) -> 50.25 | Y60: =ROUND(CZ60,2) -> 25.6 | AA60: 16671550 | AB60: =ROUND((AC60+AD60+AF60),6) -> 4213.95 | AC60: =ROUND((ES60),6) -> 3992.2 | AD60: =ROUND(((((ET60*1.25))-((EU60*1.25)))+AE60),6) -> 13.8875 | AE60: =ROUND(((EU60*1.25)),6) -> 2.85 | AF60: =ROUND(((EV60*1.15)),6) -> 207.8625 | AG60: =ROUND((AP60),6) -> 0 | AH60: =((EW60*1.15)) -> 24.3685 | AI60: =((EX60*1.25)) -> 0.2375 | AJ60: =ROUND((AS60),6) -> 0 | AK60: 4184.06 | AL60: 3992.2 | AM60: 11.11 | AN60: 2.28 | AO60: 180.75 | AP60: 0 | AQ60: 21.19 | AR60: 0.19 | AS60: 0 | AT60: 106 | AU60: 54 | AV60: 1 | AW60: 1 | AZ60: 1 | BA60: 1 | BB60: 1 | BC60: 1 | BH60: 0 | BI60: 1 | BJ60: ФЕР-2001, 10-01-035-01, приказ Минстроя России №1039/пр от 30.12.2016г. | BM60: 10001 | BN60: 0 | BP60: 0 | BQ60: 2 | BR60: 0 | BS60: 1 | BT60: 1 | BU60: 1 | BV60: 1 | BW60: 1 | BX60: 1 | BZ60: 118 | CA60: 63 | CF60: 0 | CG60: 0 | CM60: 0 | CN60: Поправка: МДС 81-35.2004, п.4.7 Наименование: Работы, выполняемые при реконструкции зданий и сооружений работы, аналогичные технологическим процессам в новом строительстве (в том числе возведение новых конструктивных элементов) стоимость которых определена по соответствующим сборникам ФЕР, кроме сборника № 46 «Работы при реконструкции зданий и сооружений» | CO60: 0 | CP60: =(P60+Q60+S60) -> 948.14 | CQ60: =AC60*BC60 -> 3992.2 | CR60: =AD60*BB60 -> 13.8875 | CS60: =AE60*BS60 -> 2.85 | CT60: =AF60*BA60 -> 207.8625 | CU60: =AG60 -> 0 | CV60: =AH60 -> 24.3685 | CW60: =AI60 -> 0.2375 | CX60: =AJ60 -> 0 | CY60: =(((S60+R60)*AT60)/100) -> 50.2546 | CZ60: =(((S60+R60)*AU60)/100) -> 25.6014 | DE60: )*1,25 | DF60: )*1,25 | DG60: )*1,15 | DI60: )*1,15 | DJ60: )*1,25 | DN60: 0 | DO60: 0 | DP60: 1 | DQ60: 1 | DU60: 1003 | DV60: 100 м | DW60: 100 м | DX60: 100 | EE60: 16510487 | EF60: 2 | EG60: Общестроительные работы | EH60: 0 | EJ60: 1 | EK60: 10001 | EL60: Деревянные конструкции | EM60: ФЕР-10 | EO60: Поправка: МДС 81-35.2004, п.4.7 | EQ60: 0 | ER60: 4184.06 | ES60: 3992.2 | ET60: 11.11 | EU60: 2.28 | EV60: 180.75 | EW60: 21.19 | EX60: 0.19 | EY60: 0 | FQ60: 0 | FR60: =ROUND(IF(AND(BH60=3,BI60=3),P60,0),2) -> 0 | FS60: 0 | FT60: *0,9 | FU60: *0,85 | FX60: 106.2 | FY60: 53.55 | GD60: 0 | GF60: 756108961 | GG60: 2 | GH60: 1 | GI60: -2 | GJ60: 0 | GK60: =ROUND(R60*(R12)/100,2) -> 0 | GL60: =ROUND(IF(AND(BH60=3,BI60=3,FS60<>0),P60,0),2) -> 0 | GM60: =ROUND(O60+X60+Y60+GK60,2)+GX60 -> 1023.99 | GN60: =IF(OR(BI60=0,BI60=1),ROUND(O60+X60+Y60+GK60,2),0) -> 1023.99 | GO60: =IF(BI60=2,ROUND(O60+X60+Y60+GK60,2),0) -> 0 | GP60: =IF(BI60=4,ROUND(O60+X60+Y60+GK60,2)+GX60,0) -> 0 | GR60: 0 | GS60: 3 | GT60: 0 | GV60: =ROUND(GT60,6) -> 0 | GW60: 1 | GX60: =ROUND(GV60*GW60*I60,2) -> 0 | HA60: 0 | HB60: 0 | IK60: 0
A61: 17 | B61: 1 | C61: =ROW(SmtRes!A146) -> 146 | D61: =ROW(EtalonRes!A158) -> 158 | E61: 11 | F61: 10-01-035-01 | G61: Установка подоконных досок из ПВХ в каменных стенах толщиной до 0,51 м | H61: 100 м | I61: =ROUND(22.5/100,9) -> 0.225 | J61: 0 | O61: =ROUND(CP61,2) -> 5679.36 | P61: =ROUND(CQ61*I61,2) -> 5380.49 | Q61: =ROUND(CR61*I61,2) -> 18.72 | R61: =ROUND(CS61*I61,2) -> 3.84 | S61: =ROUND(CT61*I61,2) -> 280.15 | T61: =ROUND(CU61*I61,2) -> 0 | U61: =CV61*I61 -> 5.4829125 | V61: =CW61*I61 -> 0.0534375 | W61: =ROUND(CX61*I61,2) -> 0 | X61: =ROUND(CY61,2) -> 301.03 | Y61: =ROUND(CZ61,2) -> 153.35 | AA61: 16671551 | AB61: =ROUND((AC61+AD61+AF61),6) -> 4213.95 | AC61: =ROUND((ES61),6) -> 3992.2 | AD61: =ROUND(((((ET61*1.25))-((EU61*1.25)))+AE61),6) -> 13.8875 | AE61: =ROUND(((EU61*1.25)),6) -> 2.85 | AF61: =ROUND(((EV61*1.15)),6) -> 207.8625 | AG61: =ROUND((AP61),6) -> 0 | AH61: =((EW61*1.15)) -> 24.3685 | AI61: =((EX61*1.25)) -> 0.2375 | AJ61: =ROUND((AS61),6) -> 0 | AK61: 4184.06 | AL61: 3992.2 | AM61: 11.11 | AN61: 2.28 | AO61: 180.75 | AP61: 0 | AQ61: 21.19 | AR61: 0.19 | AS61: 0 | AT61: 106 | AU61: 54 | AV61: 1 | AW61: 1 | AZ61: 5.99 | BA61: 5.99 | BB61: 5.99 | BC61: 5.99 | BH61: 0 | BI61: 1 | BJ61: ФЕР-2001, 10-01-035-01, приказ Минстроя России №1039/пр от 30.12.2016г. | BM61: 10001 | BN61: 0 | BP61: 0 | BQ61: 2 | BR61: 0 | BS61: 5.99 | BT61: 1 | BU61: 1 | BV61: 1 | BW61: 1 | BX61: 1 | BZ61: 118 | CA61: 63 | CF61: 0 | CG61: 0 | CM61: 0 | CN61: Поправка: МДС 81-35.2004, п.4.7 Наименование: Работы, выполняемые при реконструкции зданий и сооружений работы, аналогичные технологическим процессам в новом строительстве (в том числе возведение новых конструктивных элементов) стоимость которых определена по соответствующим сборникам ФЕР, кроме сборника № 46 «Работы при реконструкции зданий и сооружений» | CO61: 0 | CP61: =(P61+Q61+S61) -> 5679.36 | CQ61: =AC61*BC61 -> 23913.278 | CR61: =AD61*BB61 -> 83.186125 | CS61: =AE61*BS61 -> 17.0715 | CT61: =AF61*BA61 -> 1245.0964 | CU61: =AG61 -> 0 | CV61: =AH61 -> 24.3685 | CW61: =AI61 -> 0.2375 | CX61: =AJ61 -> 0 | CY61: =(((S61+R61)*AT61)/100) -> 301.0294 | CZ61: =(((S61+R61)*AU61)/100) -> 153.3546 | DE61: )*1,25 | DF61: )*1,25 | DG61: )*1,15 | DI61: )*1,15 | DJ61: )*1,25 | DN61: 0 | DO61: 0 | DP61: 1 | DQ61: 1 | DU61: 1003 | DV61: 100 м | DW61: 100 м | DX61: 100 | EE61: 16510487 | EF61: 2 | EG61: Общестроительные работы | EH61: 0 | EJ61: 1 | EK61: 10001 | EL61: Деревянные конструкции | EM61: ФЕР-10 | EO61: Поправка: МДС 81-35.2004, п.4.7 | EQ61: 0 | ER61: 4184.06 | ES61: 3992.2 | ET61: 11.11 | EU61: 2.28 | EV61: 180.75 | EW61: 21.19 | EX61: 0.19 | EY61: 0 | FQ61: 0 | FR61: =ROUND(IF(AND(BH61=3,BI61=3),P61,0),2) -> 0 | FS61: 0 | FT61: *0,9 | FU61: *0,85 | FX61: 106.2 | FY61: 53.55 | GD61: 0 | GF61: 756108961 | GG61: 1 | GH61: 1 | GI61: 4 | GJ61: 0 | GK61: =ROUND(R61*(S12)/100,2) -> 0 | GL61: =ROUND(IF(AND(BH61=3,BI61=3,FS61<>0),P61,0),2) -> 0 | GM61: =ROUND(O61+X61+Y61+GK61,2)+GX61 -> 6133.74 | GN61: =IF(OR(BI61=0,BI61=1),ROUND(O61+X61+Y61+GK61,2),0) -> 6133.74 | GO61: =IF(BI61=2,ROUND(O61+X61+Y61+GK61,2),0) -> 0 | GP61: =IF(BI61=4,ROUND(O61+X61+Y61+GK61,2)+GX61,0) -> 0 | GR61: 0 | GS61: 3 | GT61: 0 | GV61: =ROUND(GT61,6) -> 0 | GW61: 1 | GX61: =ROUND(GV61*GW61*I61,2) -> 0 | HA61: 0 | HB61: 0 | IK61: 0
A62: 18 | B62: 1 | C62: 137 | E62: 11,1 | F62: 11.3.03.01-0007 | G62: Доски подоконные ПВХ, шириной 400 мм | H62: м | I62: =I60*J62 -> 22.5 | J62: 100 | O62: =ROUND(CP62,2) -> 1115.1 | P62: =ROUND(CQ62*I62,2) -> 1115.1 | Q62: =ROUND(CR62*I62,2) -> 0 | R62: =ROUND(CS62*I62,2) -> 0 | S62: =ROUND(CT62*I62,2) -> 0 | T62: =ROUND(CU62*I62,2) -> 0 | U62: =CV62*I62 -> 0 | V62: =CW62*I62 -> 0 | W62: =ROUND(CX62*I62,2) -> 0 | X62: =ROUND(CY62,2) -> 0 | Y62: =ROUND(CZ62,2) -> 0 | AA62: 16671550 | AB62: =ROUND((AC62+AD62+AF62),6) -> 49.56 | AC62: =ROUND((ES62),6) -> 49.56 | AD62: =ROUND((((ET62)-(EU62))+AE62),6) -> 0 | AE62: =ROUND((EU62),6) -> 0 | AF62: =ROUND((EV62),6) -> 0 | AG62: =ROUND((AP62),6) -> 0 | AH62: =(EW62) -> 0 | AI62: =(EX62) -> 0 | AJ62: =ROUND((AS62),6) -> 0 | AK62: 49.56 | AL62: 49.56 | AM62: 0 | AN62: 0 | AO62: 0 | AP62: 0 | AQ62: 0 | AR62: 0 | AS62: 0 | AT62: 106 | AU62: 54 | AV62: 1 | AW62: 1 | AZ62: 1 | BA62: 1 | BB62: 1 | BC62: 1 | BH62: 3 | BI62: 1 | BJ62: ФССЦ-2001, 11.3.03.01-0007, приказ Минстроя России №1039/пр от 30.12.2016г. | BM62: 10001 | BN62: 0 | BP62: 0 | BQ62: 2 | BR62: 0 | BS62: 1 | BT62: 1 | BU62: 1 | BV62: 1 | BW62: 1 | BX62: 1 | BZ62: 118 | CA62: 63 | CF62: 0 | CG62: 0 | CM62: 0 | CO62: 0 | CP62: =(P62+Q62+S62) -> 1115.1 | CQ62: =AC62*BC62 -> 49.56 | CR62: =AD62*BB62 -> 0 | CS62: =AE62*BS62 -> 0 | CT62: =AF62*BA62 -> 0 | CU62: =AG62 -> 0 | CV62: =AH62 -> 0 | CW62: =AI62 -> 0 | CX62: =AJ62 -> 0 | CY62: =(((S62+R62)*AT62)/100) -> 0 | CZ62: =(((S62+R62)*AU62)/100) -> 0 | DN62: 0 | DO62: 0 | DP62: 1 | DQ62: 1 | DU62: 1003 | DV62: м | DW62: м | DX62: 1 | EE62: 16510487 | EF62: 2 | EG62: Общестроительные работы | EH62: 0 | EJ62: 1 | EK62: 10001 | EL62: Деревянные конструкции | EM62: ФЕР-10 | EQ62: 0 | ER62: 49.56 | ES62: 49.56 | ET62: 0 | EU62: 0 | EV62: 0 | EW62: 0 | EX62: 0 | FQ62: 0 | FR62: =ROUND(IF(AND(BH62=3,BI62=3),P62,0),2) -> 0 | FS62: 0 | FT62: *0,9 | FU62: *0,85 | FX62: 106.2 | FY62: 53.55 | GD62: 0 | GF62: -451614110 | GG62: 2 | GH62: 1 | GI62: -2 | GJ62: 0 | GK62: =ROUND(R62*(R12)/100,2) -> 0 | GL62: =ROUND(IF(AND(BH62=3,BI62=3,FS62<>0),P62,0),2) -> 0 | GM62: =ROUND(O62+X62+Y62+GK62,2)+GX62 -> 1115.1 | GN62: =IF(OR(BI62=0,BI62=1),ROUND(O62+X62+Y62+GK62,2),0) -> 1115.1 | GO62: =IF(BI62=2,ROUND(O62+X62+Y62+GK62,2),0) -> 0 | GP62: =IF(BI62=4,ROUND(O62+X62+Y62+GK62,2)+GX62,0) -> 0 | GR62: 0 | GS62: 3 | GT62: 0 | GV62: =ROUND(GT62,6) -> 0 | GW62: 1 | GX62: =ROUND(GV62*GW62*I62,2) -> 0 | HA62: 0 | HB62: 0 | IK62: 0
A63: 18 | B63: 1 | C63: 144 | E63: 11,1 | F63: 11.3.03.01-0007 | G63: Доски подоконные ПВХ, шириной 400 мм | H63: м | I63: =I61*J63 -> 22.5 | J63: 100 | O63: =ROUND(CP63,2) -> 6679.45 | P63: =ROUND(CQ63*I63,2) -> 6679.45 | Q63: =ROUND(CR63*I63,2) -> 0 | R63: =ROUND(CS63*I63,2) -> 0 | S63: =ROUND(CT63*I63,2) -> 0 | T63: =ROUND(CU63*I63,2) -> 0 | U63: =CV63*I63 -> 0 | V63: =CW63*I63 -> 0 | W63: =ROUND(CX63*I63,2) -> 0 | X63: =ROUND(CY63,2) -> 0 | Y63: =ROUND(CZ63,2) -> 0 | AA63: 16671551 | AB63: =ROUND((AC63+AD63+AF63),6) -> 49.56 | AC63: =ROUND((ES63),6) -> 49.56 | AD63: =ROUND((((ET63)-(EU63))+AE63),6) -> 0 | AE63: =ROUND((EU63),6) -> 0 | AF63: =ROUND((EV63),6) -> 0 | AG63: =ROUND((AP63),6) -> 0 | AH63: =(EW63) -> 0 | AI63: =(EX63) -> 0 | AJ63: =ROUND((AS63),6) -> 0 | AK63: 49.56 | AL63: 49.56 | AM63: 0 | AN63: 0 | AO63: 0 | AP63: 0 | AQ63: 0 | AR63: 0 | AS63: 0 | AT63: 106 | AU63: 54 | AV63: 1 | AW63: 1 | AZ63: 5.99 | BA63: 1 | BB63: 1 | BC63: 5.99 | BH63: 3 | BI63: 1 | BJ63: ФССЦ-2001, 11.3.03.01-0007, приказ Минстроя России №1039/пр от 30.12.2016г. | BM63: 10001 | BN63: 0 | BP63: 0 | BQ63: 2 | BR63: 0 | BS63: 1 | BT63: 1 | BU63: 1 | BV63: 1 | BW63: 1 | BX63: 1 | BZ63: 118 | CA63: 63 | CF63: 0 | CG63: 0 | CM63: 0 | CO63: 0 | CP63: =(P63+Q63+S63) -> 6679.45 | CQ63: =AC63*BC63 -> 296.8644 | CR63: =AD63*BB63 -> 0 | CS63: =AE63*BS63 -> 0 | CT63: =AF63*BA63 -> 0 | CU63: =AG63 -> 0 | CV63: =AH63 -> 0 | CW63: =AI63 -> 0 | CX63: =AJ63 -> 0 | CY63: =(((S63+R63)*AT63)/100) -> 0 | CZ63: =(((S63+R63)*AU63)/100) -> 0 | DN63: 0 | DO63: 0 | DP63: 1 | DQ63: 1 | DU63: 1003 | DV63: м | DW63: м | DX63: 1 | EE63: 16510487 | EF63: 2 | EG63: Общестроительные работы | EH63: 0 | EJ63: 1 | EK63: 10001 | EL63: Деревянные конструкции | EM63: ФЕР-10 | EQ63: 0 | ER63: 49.56 | ES63: 49.56 | ET63: 0 | EU63: 0 | EV63: 0 | EW63: 0 | EX63: 0 | FQ63: 0 | FR63: =ROUND(IF(AND(BH63=3,BI63=3),P63,0),2) -> 0 | FS63: 0 | FT63: *0,9 | FU63: *0,85 | FX63: 106.2 | FY63: 53.55 | GD63: 0 | GF63: -451614110 | GG63: 1 | GH63: 1 | GI63: 4 | GJ63: 0 | GK63: =ROUND(R63*(S12)/100,2) -> 0 | GL63: =ROUND(IF(AND(BH63=3,BI63=3,FS63<>0),P63,0),2) -> 0 | GM63: =ROUND(O63+X63+Y63+GK63,2)+GX63 -> 6679.45 | GN63: =IF(OR(BI63=0,BI63=1),ROUND(O63+X63+Y63+GK63,2),0) -> 6679.45 | GO63: =IF(BI63=2,ROUND(O63+X63+Y63+GK63,2),0) -> 0 | GP63: =IF(BI63=4,ROUND(O63+X63+Y63+GK63,2)+GX63,0) -> 0 | GR63: 0 | GS63: 3 | GT63: 0 | GV63: =ROUND(GT63,6) -> 0 | GW63: 1 | GX63: =ROUND(GV63*GW63*I63,2) -> 0 | HA63: 0 | HB63: 0 | IK63: 0
A64: 17 | B64: 1 | C64: =ROW(SmtRes!A153) -> 153 | D64: =ROW(EtalonRes!A165) -> 165 | E64: 12 | F64: 12-01-010-01 | G64: Устройство мелких покрытий (брандмауэры, парапеты, свесы и т.п.) из листовой оцинкованной стали | H64: 100 м2 | I64: =ROUND(4.5/100,9) -> 0.045 | J64: 0 | O64: =ROUND(CP64,2) -> 451.08 | P64: =ROUND(CQ64*I64,2) -> 400.08 | Q64: =ROUND(CR64*I64,2) -> 1.23 | R64: =ROUND(CS64*I64,2) -> 0.2 | S64: =ROUND(CT64*I64,2) -> 49.77 | T64: =ROUND(CU64*I64,2) -> 0 | U64: =CV64*I64 -> 5.8348125 | V64: =CW64*I64 -> 0.0151875 | W64: =ROUND(CX64*I64,2) -> 0 | X64: =ROUND(CY64,2) -> 53.97 | Y64: =ROUND(CZ64,2) -> 27.48 | AA64: 16671550 | AB64: =ROUND((AC64+AD64+AF64),6) -> 10023.954 | AC64: =ROUND((ES64),6) -> 8890.58 | AD64: =ROUND(((((ET64*1.25))-((EU64*1.25)))+AE64),6) -> 27.35 | AE64: =ROUND(((EU64*1.25)),6) -> 4.3875 | AF64: =ROUND(((EV64*1.15)),6) -> 1106.024 | AG64: =ROUND((AP64),6) -> 0 | AH64: =((EW64*1.15)) -> 129.6625 | AI64: =((EX64*1.25)) -> 0.3375 | AJ64: =ROUND((AS64),6) -> 0 | AK64: 9874.22 | AL64: 8890.58 | AM64: 21.88 | AN64: 3.51 | AO64: 961.76 | AP64: 0 | AQ64: 112.75 | AR64: 0.27 | AS64: 0 | AT64: 108 | AU64: 55 | AV64: 1 | AW64: 1 | AZ64: 1 | BA64: 1 | BB64: 1 | BC64: 1 | BH64: 0 | BI64: 1 | BJ64: ФЕР-2001, 12-01-010-01, приказ Минстроя России №1039/пр от 30.12.2016г. | BM64: 12001 | BN64: 0 | BP64: 0 | BQ64: 2 | BR64: 0 | BS64: 1 | BT64: 1 | BU64: 1 | BV64: 1 | BW64: 1 | BX64: 1 | BZ64: 120 | CA64: 65 | CF64: 0 | CG64: 0 | CM64: 0 | CN64: Поправка: МДС 81-35.2004, п.4.7 Наименование: Работы, выполняемые при реконструкции зданий и сооружений работы, аналогичные технологическим процессам в новом строительстве (в том числе возведение новых конструктивных элементов) стоимость которых определена по соответствующим сборникам ФЕР, кроме сборника № 46 «Работы при реконструкции зданий и сооружений» | CO64: 0 | CP64: =(P64+Q64+S64) -> 451.08 | CQ64: =AC64*BC64 -> 8890.58 | CR64: =AD64*BB64 -> 27.35 | CS64: =AE64*BS64 -> 4.3875 | CT64: =AF64*BA64 -> 1106.024 | CU64: =AG64 -> 0 | CV64: =AH64 -> 129.6625 | CW64: =AI64 -> 0.3375 | CX64: =AJ64 -> 0 | CY64: =(((S64+R64)*AT64)/100) -> 53.9676 | CZ64: =(((S64+R64)*AU64)/100) -> 27.4835 | DE64: )*1,25 | DF64: )*1,25 | DG64: )*1,15 | DI64: )*1,15 | DJ64: )*1,25 | DN64: 0 | DO64: 0 | DP64: 1 | DQ64: 1 | DU64: 1005 | DV64: 100 м2 | DW64: 100 м2 | DX64: 100 | EE64: 16510489 | EF64: 2 | EG64: Общестроительные работы | EH64: 0 | EJ64: 1 | EK64: 12001 | EL64: Кровли | EM64: ФЕР-12 | EO64: Поправка: МДС 81-35.2004, п.4.7 | EQ64: 0 | ER64: 9874.22 | ES64: 8890.58 | ET64: 21.88 | EU64: 3.51 | EV64: 961.76 | EW64: 112.75 | EX64: 0.27 | EY64: 0 | FQ64: 0 | FR64: =ROUND(IF(AND(BH64=3,BI64=3),P64,0),2) -> 0 | FS64: 0 | FT64: *0,9 | FU64: *0,85 | FX64: 108 | FY64: 55.25 | GD64: 0 | GF64: -1197977700 | GG64: 2 | GH64: 1 | GI64: -2 | GJ64: 0 | GK64: =ROUND(R64*(R12)/100,2) -> 0 | GL64: =ROUND(IF(AND(BH64=3,BI64=3,FS64<>0),P64,0),2) -> 0 | GM64: =ROUND(O64+X64+Y64+GK64,2)+GX64 -> 532.53 | GN64: =IF(OR(BI64=0,BI64=1),ROUND(O64+X64+Y64+GK64,2),0) -> 532.53 | GO64: =IF(BI64=2,ROUND(O64+X64+Y64+GK64,2),0) -> 0 | GP64: =IF(BI64=4,ROUND(O64+X64+Y64+GK64,2)+GX64,0) -> 0 | GR64: 0 | GS64: 3 | GT64: 0 | GV64: =ROUND(GT64,6) -> 0 | GW64: 1 | GX64: =ROUND(GV64*GW64*I64,2) -> 0 | HA64: 0 | HB64: 0 | IK64: 0
A65: 17 | B65: 1 | C65: =ROW(SmtRes!A160) -> 160 | D65: =ROW(EtalonRes!A172) -> 172 | E65: 12 | F65: 12-01-010-01 | G65: Устройство мелких покрытий (брандмауэры, парапеты, свесы и т.п.) из листовой оцинкованной стали | H65: 100 м2 | I65: =ROUND(4.5/100,9) -> 0.045 | J65: 0 | O65: =ROUND(CP65,2) -> 2701.96 | P65: =ROUND(CQ65*I65,2) -> 2396.46 | Q65: =ROUND(CR65*I65,2) -> 7.37 | R65: =ROUND(CS65*I65,2) -> 1.18 | S65: =ROUND(CT65*I65,2) -> 298.13 | T65: =ROUND(CU65*I65,2) -> 0 | U65: =CV65*I65 -> 5.8348125 | V65: =CW65*I65 -> 0.0151875 | W65: =ROUND(CX65*I65,2) -> 0 | X65: =ROUND(CY65,2) -> 323.25 | Y65: =ROUND(CZ65,2) -> 164.62 | AA65: 16671551 | AB65: =ROUND((AC65+AD65+AF65),6) -> 10023.954 | AC65: =ROUND((ES65),6) -> 8890.58 | AD65: =ROUND(((((ET65*1.25))-((EU65*1.25)))+AE65),6) -> 27.35 | AE65: =ROUND(((EU65*1.25)),6) -> 4.3875 | AF65: =ROUND(((EV65*1.15)),6) -> 1106.024 | AG65: =ROUND((AP65),6) -> 0 | AH65: =((EW65*1.15)) -> 129.6625 | AI65: =((EX65*1.25)) -> 0.3375 | AJ65: =ROUND((AS65),6) -> 0 | AK65: 9874.22 | AL65: 8890.58 | AM65: 21.88 | AN65: 3.51 | AO65: 961.76 | AP65: 0 | AQ65: 112.75 | AR65: 0.27 | AS65: 0 | AT65: 108 | AU65: 55 | AV65: 1 | AW65: 1 | AZ65: 5.99 | BA65: 5.99 | BB65: 5.99 | BC65: 5.99 | BH65: 0 | BI65: 1 | BJ65: ФЕР-2001, 12-01-010-01, приказ Минстроя России №1039/пр от 30.12.2016г. | BM65: 12001 | BN65: 0 | BP65: 0 | BQ65: 2 | BR65: 0 | BS65: 5.99 | BT65: 1 | BU65: 1 | BV65: 1 | BW65: 1 | BX65: 1 | BZ65: 120 | CA65: 65 | CF65: 0 | CG65: 0 | CM65: 0 | CN65: Поправка: МДС 81-35.2004, п.4.7 Наименование: Работы, выполняемые при реконструкции зданий и сооружений работы, аналогичные технологическим процессам в новом строительстве (в том числе возведение новых конструктивных элементов) стоимость которых определена по соответствующим сборникам ФЕР, кроме сборника № 46 «Работы при реконструкции зданий и сооружений» | CO65: 0 | CP65: =(P65+Q65+S65) -> 2701.96 | CQ65: =AC65*BC65 -> 53254.574 | CR65: =AD65*BB65 -> 163.8265 | CS65: =AE65*BS65 -> 26.281125 | CT65: =AF65*BA65 -> 6625.0838 | CU65: =AG65 -> 0 | CV65: =AH65 -> 129.6625 | CW65: =AI65 -> 0.3375 | CX65: =AJ65 -> 0 | CY65: =(((S65+R65)*AT65)/100) -> 323.2548 | CZ65: =(((S65+R65)*AU65)/100) -> 164.6205 | DE65: )*1,25 | DF65: )*1,25 | DG65: )*1,15 | DI65: )*1,15 | DJ65: )*1,25 | DN65: 0 | DO65: 0 | DP65: 1 | DQ65: 1 | DU65: 1005 | DV65: 100 м2 | DW65: 100 м2 | DX65: 100 | EE65: 16510489 | EF65: 2 | EG65: Общестроительные работы | EH65: 0 | EJ65: 1 | EK65: 12001 | EL65: Кровли | EM65: ФЕР-12 | EO65: Поправка: МДС 81-35.2004, п.4.7 | EQ65: 0 | ER65: 9874.22 | ES65: 8890.58 | ET65: 21.88 | EU65: 3.51 | EV65: 961.76 | EW65: 112.75 | EX65: 0.27 | EY65: 0 | FQ65: 0 | FR65: =ROUND(IF(AND(BH65=3,BI65=3),P65,0),2) -> 0 | FS65: 0 | FT65: *0,9 | FU65: *0,85 | FX65: 108 | FY65: 55.25 | GD65: 0 | GF65: -1197977700 | GG65: 1 | GH65: 1 | GI65: 4 | GJ65: 0 | GK65: =ROUND(R65*(S12)/100,2) -> 0 | GL65: =ROUND(IF(AND(BH65=3,BI65=3,FS65<>0),P65,0),2) -> 0 | GM65: =ROUND(O65+X65+Y65+GK65,2)+GX65 -> 3189.83 | GN65: =IF(OR(BI65=0,BI65=1),ROUND(O65+X65+Y65+GK65,2),0) -> 3189.83 | GO65: =IF(BI65=2,ROUND(O65+X65+Y65+GK65,2),0) -> 0 | GP65: =IF(BI65=4,ROUND(O65+X65+Y65+GK65,2)+GX65,0) -> 0 | GR65: 0 | GS65: 3 | GT65: 0 | GV65: =ROUND(GT65,6) -> 0 | GW65: 1 | GX65: =ROUND(GV65*GW65*I65,2) -> 0 | HA65: 0 | HB65: 0 | IK65: 0
A66: 17 | B66: 1 | C66: =ROW(SmtRes!A171) -> 171 | D66: =ROW(EtalonRes!A180) -> 180 | E66: 13 | F66: 15-01-050-04 | G66: Облицовка оконных и дверных откосов декоративным бумажно-слоистым пластиком или листами из синтетических материалов на клее | H66: 100 м2 | I66: =ROUND(19.17/100,9) -> 0.1917 | J66: 0 | O66: =ROUND(CP66,2) -> 345.44 | P66: =ROUND(CQ66*I66,2) -> 0.07 | Q66: =ROUND(CR66*I66,2) -> 8.47 | R66: =ROUND(CS66*I66,2) -> 1.65 | S66: =ROUND(CT66*I66,2) -> 336.9 | T66: =ROUND(CU66*I66,2) -> 0 | U66: =CV66*I66 -> 36.699144 | V66: =CW66*I66 -> 0.1389825 | W66: =ROUND(CX66*I66,2) -> 0 | X66: =ROUND(CY66,2) -> 321.62 | Y66: =ROUND(CZ66,2) -> 159.12 | AA66: 16671550 | AB66: =ROUND((AC66+AD66+AF66),6) -> 1801.9785 | AC66: =ROUND((ES66),6) -> 0.36 | AD66: =ROUND(((((ET66*1.25))-((EU66*1.25)))+AE66),6) -> 44.2 | AE66: =ROUND(((EU66*1.25)),6) -> 8.6 | AF66: =ROUND(((EV66*1.15)),6) -> 1757.4185 | AG66: =ROUND((AP66),6) -> 0 | AH66: =((EW66*1.15)) -> 191.4405 | AI66: =((EX66*1.25)) -> 0.725 | AJ66: =ROUND((AS66),6) -> 0 | AK66: 1563.91 | AL66: 0.36 | AM66: 35.36 | AN66: 6.88 | AO66: 1528.19 | AP66: 0 | AQ66: 166.47 | AR66: 0.58 | AS66: 0 | AT66: 95 | AU66: 47 | AV66: 1 | AW66: 1 | AZ66: 1 | BA66: 1 | BB66: 1 | BC66: 1 | BH66: 0 | BI66: 1 | BJ66: ФЕР-2001, 15-01-050-04, приказ Минстроя России №1039/пр от 30.12.2016г. | BM66: 15001 | BN66: 0 | BP66: 0 | BQ66: 2 | BR66: 0 | BS66: 1 | BT66: 1 | BU66: 1 | BV66: 1 | BW66: 1 | BX66: 1 | BZ66: 105 | CA66: 55 | CF66: 0 | CG66: 0 | CM66: 0 | CN66: Поправка: МДС 81-35.2004, п.4.7 Наименование: Работы, выполняемые при реконструкции зданий и сооружений работы, аналогичные технологическим процессам в новом строительстве (в том числе возведение новых конструктивных элементов) стоимость которых определена по соответствующим сборникам ФЕР, кроме сборника № 46 «Работы при реконструкции зданий и сооружений» | CO66: 0 | CP66: =(P66+Q66+S66) -> 345.44 | CQ66: =AC66*BC66 -> 0.36 | CR66: =AD66*BB66 -> 44.2 | CS66: =AE66*BS66 -> 8.6 | CT66: =AF66*BA66 -> 1757.4185 | CU66: =AG66 -> 0 | CV66: =AH66 -> 191.4405 | CW66: =AI66 -> 0.725 | CX66: =AJ66 -> 0 | CY66: =(((S66+R66)*AT66)/100) -> 321.6225 | CZ66: =(((S66+R66)*AU66)/100) -> 159.1185 | DE66: )*1,25 | DF66: )*1,25 | DG66: )*1,15 | DI66: )*1,15 | DJ66: )*1,25 | DN66: 0 | DO66: 0 | DP66: 1 | DQ66: 1 | DU66: 1005 | DV66: 100 м2 | DW66: 100 м2 | DX66: 100 | EE66: 16510513 | EF66: 2 | EG66: Общестроительные работы | EH66: 0 | EJ66: 1 | EK66: 15001 | EL66: Отделочные работы | EM66: ФЕР-15 | EO66: Поправка: МДС 81-35.2004, п.4.7 | EQ66: 0 | ER66: 1563.91 | ES66: 0.36 | ET66: 35.36 | EU66: 6.88 | EV66: 1528.19 | EW66: 166.47 | EX66: 0.58 | EY66: 0 | FQ66: 0 | FR66: =ROUND(IF(AND(BH66=3,BI66=3),P66,0),2) -> 0 | FS66: 0 | FT66: *0,9 | FU66: *0,85 | FX66: 94.5 | FY66: 46.75 | GD66: 0 | GF66: 251333065 | GG66: 2 | GH66: 1 | GI66: -2 | GJ66: 0 | GK66: =ROUND(R66*(R12)/100,2) -> 0 | GL66: =ROUND(IF(AND(BH66=3,BI66=3,FS66<>0),P66,0),2) -> 0 | GM66: =ROUND(O66+X66+Y66+GK66,2)+GX66 -> 826.18 | GN66: =IF(OR(BI66=0,BI66=1),ROUND(O66+X66+Y66+GK66,2),0) -> 826.18 | GO66: =IF(BI66=2,ROUND(O66+X66+Y66+GK66,2),0) -> 0 | GP66: =IF(BI66=4,ROUND(O66+X66+Y66+GK66,2)+GX66,0) -> 0 | GR66: 0 | GS66: 3 | GT66: 0 | GV66: =ROUND(GT66,6) -> 0 | GW66: 1 | GX66: =ROUND(GV66*GW66*I66,2) -> 0 | HA66: 0 | HB66: 0 | IK66: 0
A67: 17 | B67: 1 | C67: =ROW(SmtRes!A182) -> 182 | D67: =ROW(EtalonRes!A188) -> 188 | E67: 13 | F67: 15-01-050-04 | G67: Облицовка оконных и дверных откосов декоративным бумажно-слоистым пластиком или листами из синтетических материалов на клее | H67: 100 м2 | I67: =ROUND(19.17/100,9) -> 0.1917 | J67: 0 | O67: =ROUND(CP67,2) -> 2069.17 | P67: =ROUND(CQ67*I67,2) -> 0.41 | Q67: =ROUND(CR67*I67,2) -> 50.75 | R67: =ROUND(CS67*I67,2) -> 9.88 | S67: =ROUND(CT67*I67,2) -> 2018.01 | T67: =ROUND(CU67*I67,2) -> 0 | U67: =CV67*I67 -> 36.699144 | V67: =CW67*I67 -> 0.1389825 | W67: =ROUND(CX67*I67,2) -> 0 | X67: =ROUND(CY67,2) -> 1926.5 | Y67: =ROUND(CZ67,2) -> 953.11 | AA67: 16671551 | AB67: =ROUND((AC67+AD67+AF67),6) -> 1801.9785 | AC67: =ROUND((ES67),6) -> 0.36 | AD67: =ROUND(((((ET67*1.25))-((EU67*1.25)))+AE67),6) -> 44.2 | AE67: =ROUND(((EU67*1.25)),6) -> 8.6 | AF67: =ROUND(((EV67*1.15)),6) -> 1757.4185 | AG67: =ROUND((AP67),6) -> 0 | AH67: =((EW67*1.15)) -> 191.4405 | AI67: =((EX67*1.25)) -> 0.725 | AJ67: =ROUND((AS67),6) -> 0 | AK67: 1563.91 | AL67: 0.36 | AM67: 35.36 | AN67: 6.88 | AO67: 1528.19 | AP67: 0 | AQ67: 166.47 | AR67: 0.58 | AS67: 0 | AT67: 95 | AU67: 47 | AV67: 1 | AW67: 1 | AZ67: 5.99 | BA67: 5.99 | BB67: 5.99 | BC67: 5.99 | BH67: 0 | BI67: 1 | BJ67: ФЕР-2001, 15-01-050-04, приказ Минстроя России №1039/пр от 30.12.2016г. | BM67: 15001 | BN67: 0 | BP67: 0 | BQ67: 2 | BR67: 0 | BS67: 5.99 | BT67: 1 | BU67: 1 | BV67: 1 | BW67: 1 | BX67: 1 | BZ67: 105 | CA67: 55 | CF67: 0 | CG67: 0 | CM67: 0 | CN67: Поправка: МДС 81-35.2004, п.4.7 Наименование: Работы, выполняемые при реконструкции зданий и сооружений работы, аналогичные технологическим процессам в новом строительстве (в том числе возведение новых конструктивных элементов) стоимость которых определена по соответствующим сборникам ФЕР, кроме сборника № 46 «Работы при реконструкции зданий и сооружений» | CO67: 0 | CP67: =(P67+Q67+S67) -> 2069.17 | CQ67: =AC67*BC67 -> 2.1564 | CR67: =AD67*BB67 -> 264.758 | CS67: =AE67*BS67 -> 51.514 | CT67: =AF67*BA67 -> 10526.937 | CU67: =AG67 -> 0 | CV67: =AH67 -> 191.4405 | CW67: =AI67 -> 0.725 | CX67: =AJ67 -> 0 | CY67: =(((S67+R67)*AT67)/100) -> 1926.4955 | CZ67: =(((S67+R67)*AU67)/100) -> 953.1083 | DE67: )*1,25 | DF67: )*1,25 | DG67: )*1,15 | DI67: )*1,15 | DJ67: )*1,25 | DN67: 0 | DO67: 0 | DP67: 1 | DQ67: 1 | DU67: 1005 | DV67: 100 м2 | DW67: 100 м2 | DX67: 100 | EE67: 16510513 | EF67: 2 | EG67: Общестроительные работы | EH67: 0 | EJ67: 1 | EK67: 15001 | EL67: Отделочные работы | EM67: ФЕР-15 | EO67: Поправка: МДС 81-35.2004, п.4.7 | EQ67: 0 | ER67: 1563.91 | ES67: 0.36 | ET67: 35.36 | EU67: 6.88 | EV67: 1528.19 | EW67: 166.47 | EX67: 0.58 | EY67: 0 | FQ67: 0 | FR67: =ROUND(IF(AND(BH67=3,BI67=3),P67,0),2) -> 0 | FS67: 0 | FT67: *0,9 | FU67: *0,85 | FX67: 94.5 | FY67: 46.75 | GD67: 0 | GF67: 251333065 | GG67: 1 | GH67: 1 | GI67: 4 | GJ67: 0 | GK67: =ROUND(R67*(S12)/100,2) -> 0 | GL67: =ROUND(IF(AND(BH67=3,BI67=3,FS67<>0),P67,0),2) -> 0 | GM67: =ROUND(O67+X67+Y67+GK67,2)+GX67 -> 4948.78 | GN67: =IF(OR(BI67=0,BI67=1),ROUND(O67+X67+Y67+GK67,2),0) -> 4948.78 | GO67: =IF(BI67=2,ROUND(O67+X67+Y67+GK67,2),0) -> 0 | GP67: =IF(BI67=4,ROUND(O67+X67+Y67+GK67,2)+GX67,0) -> 0 | GR67: 0 | GS67: 3 | GT67: 0 | GV67: =ROUND(GT67,6) -> 0 | GW67: 1 | GX67: =ROUND(GV67*GW67*I67,2) -> 0 | HA67: 0 | HB67: 0 | IK67: 0
A68: 18 | B68: 1 | C68: 165 | E68: 13,1 | F68: 01.6.01.11 | G68: Листы облицовочные декоративные | H68: м2 | I68: =I66*J68 -> 20.1285 | J68: 105 | O68: =ROUND(CP68,2) -> 0 | P68: =ROUND(CQ68*I68,2) -> 0 | Q68: =ROUND(CR68*I68,2) -> 0 | R68: =ROUND(CS68*I68,2) -> 0 | S68: =ROUND(CT68*I68,2) -> 0 | T68: =ROUND(CU68*I68,2) -> 0 | U68: =CV68*I68 -> 0 | V68: =CW68*I68 -> 0 | W68: =ROUND(CX68*I68,2) -> 0 | X68: =ROUND(CY68,2) -> 0 | Y68: =ROUND(CZ68,2) -> 0 | AA68: 16671550 | AB68: =ROUND((AC68+AD68+AF68),6) -> 0 | AC68: =ROUND((ES68),6) -> 0 | AD68: =ROUND((((ET68)-(EU68))+AE68),6) -> 0 | AE68: =ROUND((EU68),6) -> 0 | AF68: =ROUND((EV68),6) -> 0 | AG68: =ROUND((AP68),6) -> 0 | AH68: =(EW68) -> 0 | AI68: =(EX68) -> 0 | AJ68: =ROUND((AS68),6) -> 0 | AK68: 0 | AL68: 0 | AM68: 0 | AN68: 0 | AO68: 0 | AP68: 0 | AQ68: 0 | AR68: 0 | AS68: 0 | AT68: 95 | AU68: 47 | AV68: 1 | AW68: 1 | AZ68: 1 | BA68: 1 | BB68: 1 | BC68: 1 | BH68: 3 | BI68: 1 | BM68: 15001 | BN68: 0 | BP68: 0 | BQ68: 2 | BR68: 0 | BS68: 1 | BT68: 1 | BU68: 1 | BV68: 1 | BW68: 1 | BX68: 1 | BZ68: 105 | CA68: 55 | CF68: 0 | CG68: 0 | CM68: 0 | CO68: 0 | CP68: =(P68+Q68+S68) -> 0 | CQ68: =AC68*BC68 -> 0 | CR68: =AD68*BB68 -> 0 | CS68: =AE68*BS68 -> 0 | CT68: =AF68*BA68 -> 0 | CU68: =AG68 -> 0 | CV68: =AH68 -> 0 | CW68: =AI68 -> 0 | CX68: =AJ68 -> 0 | CY68: =(((S68+R68)*AT68)/100) -> 0 | CZ68: =(((S68+R68)*AU68)/100) -> 0 | DN68: 0 | DO68: 0 | DP68: 1 | DQ68: 1 | DU68: 1005 | DV68: м2 | DW68: м2 | DX68: 1 | EE68: 16510513 | EF68: 2 | EG68: Общестроительные работы | EH68: 0 | EJ68: 1 | EK68: 15001 | EL68: Отделочные работы | EM68: ФЕР-15 | EQ68: 0 | ER68: 0 | ES68: 0 | ET68: 0 | EU68: 0 | EV68: 0 | EW68: 0 | EX68: 0 | FQ68: 0 | FR68: =ROUND(IF(AND(BH68=3,BI68=3),P68,0),2) -> 0 | FS68: 0 | FT68: *0,9 | FU68: *0,85 | FX68: 94.5 | FY68: 46.75 | GD68: 0 | GF68: -112006704 | GG68: 2 | GH68: 1 | GI68: -2 | GJ68: 0 | GK68: =ROUND(R68*(R12)/100,2) -> 0 | GL68: =ROUND(IF(AND(BH68=3,BI68=3,FS68<>0),P68,0),2) -> 0 | GM68: =ROUND(O68+X68+Y68+GK68,2)+GX68 -> 0 | GN68: =IF(OR(BI68=0,BI68=1),ROUND(O68+X68+Y68+GK68,2),0) -> 0 | GO68: =IF(BI68=2,ROUND(O68+X68+Y68+GK68,2),0) -> 0 | GP68: =IF(BI68=4,ROUND(O68+X68+Y68+GK68,2)+GX68,0) -> 0 | GR68: 0 | GS68: 3 | GT68: 0 | GV68: =ROUND(GT68,6) -> 0 | GW68: 1 | GX68: =ROUND(GV68*GW68*I68,2) -> 0 | HA68: 0 | HB68: 0 | IK68: 0
A69: 18 | B69: 1 | C69: 176 | E69: 13,1 | F69: 01.6.01.11 | G69: Листы облицовочные декоративные | H69: м2 | I69: =I67*J69 -> 20.1285 | J69: 105 | O69: =ROUND(CP69,2) -> 0 | P69: =ROUND(CQ69*I69,2) -> 0 | Q69: =ROUND(CR69*I69,2) -> 0 | R69: =ROUND(CS69*I69,2) -> 0 | S69: =ROUND(CT69*I69,2) -> 0 | T69: =ROUND(CU69*I69,2) -> 0 | U69: =CV69*I69 -> 0 | V69: =CW69*I69 -> 0 | W69: =ROUND(CX69*I69,2) -> 0 | X69: =ROUND(CY69,2) -> 0 | Y69: =ROUND(CZ69,2) -> 0 | AA69: 16671551 | AB69: =ROUND((AC69+AD69+AF69),6) -> 0 | AC69: =ROUND((ES69),6) -> 0 | AD69: =ROUND((((ET69)-(EU69))+AE69),6) -> 0 | AE69: =ROUND((EU69),6) -> 0 | AF69: =ROUND((EV69),6) -> 0 | AG69: =ROUND((AP69),6) -> 0 | AH69: =(EW69) -> 0 | AI69: =(EX69) -> 0 | AJ69: =ROUND((AS69),6) -> 0 | AK69: 0 | AL69: 0 | AM69: 0 | AN69: 0 | AO69: 0 | AP69: 0 | AQ69: 0 | AR69: 0 | AS69: 0 | AT69: 95 | AU69: 47 | AV69: 1 | AW69: 1 | AZ69: 5.99 | BA69: 1 | BB69: 1 | BC69: 5.99 | BH69: 3 | BI69: 1 | BM69: 15001 | BN69: 0 | BP69: 0 | BQ69: 2 | BR69: 0 | BS69: 1 | BT69: 1 | BU69: 1 | BV69: 1 | BW69: 1 | BX69: 1 | BZ69: 105 | CA69: 55 | CF69: 0 | CG69: 0 | CM69: 0 | CO69: 0 | CP69: =(P69+Q69+S69) -> 0 | CQ69: =AC69*BC69 -> 0 | CR69: =AD69*BB69 -> 0 | CS69: =AE69*BS69 -> 0 | CT69: =AF69*BA69 -> 0 | CU69: =AG69 -> 0 | CV69: =AH69 -> 0 | CW69: =AI69 -> 0 | CX69: =AJ69 -> 0 | CY69: =(((S69+R69)*AT69)/100) -> 0 | CZ69: =(((S69+R69)*AU69)/100) -> 0 | DN69: 0 | DO69: 0 | DP69: 1 | DQ69: 1 | DU69: 1005 | DV69: м2 | DW69: м2 | DX69: 1 | EE69: 16510513 | EF69: 2 | EG69: Общестроительные работы | EH69: 0 | EJ69: 1 | EK69: 15001 | EL69: Отделочные работы | EM69: ФЕР-15 | EQ69: 0 | ER69: 0 | ES69: 0 | ET69: 0 | EU69: 0 | EV69: 0 | EW69: 0 | EX69: 0 | FQ69: 0 | FR69: =ROUND(IF(AND(BH69=3,BI69=3),P69,0),2) -> 0 | FS69: 0 | FT69: *0,9 | FU69: *0,85 | FX69: 94.5 | FY69: 46.75 | GD69: 0 | GF69: -112006704 | GG69: 1 | GH69: 1 | GI69: 4 | GJ69: 0 | GK69: =ROUND(R69*(S12)/100,2) -> 0 | GL69: =ROUND(IF(AND(BH69=3,BI69=3,FS69<>0),P69,0),2) -> 0 | GM69: =ROUND(O69+X69+Y69+GK69,2)+GX69 -> 0 | GN69: =IF(OR(BI69=0,BI69=1),ROUND(O69+X69+Y69+GK69,2),0) -> 0 | GO69: =IF(BI69=2,ROUND(O69+X69+Y69+GK69,2),0) -> 0 | GP69: =IF(BI69=4,ROUND(O69+X69+Y69+GK69,2)+GX69,0) -> 0 | GR69: 0 | GS69: 3 | GT69: 0 | GV69: =ROUND(GT69,6) -> 0 | GW69: 1 | GX69: =ROUND(GV69*GW69*I69,2) -> 0 | HA69: 0 | HB69: 0 | IK69: 0
A70: 18 | B70: 1 | C70: 167 | E70: 13,2 | F70: 11.3.03.05-0001 | G70: Панели пластиковые для откосов "Реас Пласт" шириной 0,4 м, длиной 3,0 м, белые матовые, лакированные | H70: м2 | I70: =I66*J70 -> 20.1285 | J70: 105 | O70: =ROUND(CP70,2) -> 692.02 | P70: =ROUND(CQ70*I70,2) -> 692.02 | Q70: =ROUND(CR70*I70,2) -> 0 | R70: =ROUND(CS70*I70,2) -> 0 | S70: =ROUND(CT70*I70,2) -> 0 | T70: =ROUND(CU70*I70,2) -> 0 | U70: =CV70*I70 -> 0 | V70: =CW70*I70 -> 0 | W70: =ROUND(CX70*I70,2) -> 0 | X70: =ROUND(CY70,2) -> 0 | Y70: =ROUND(CZ70,2) -> 0 | AA70: 16671550 | AB70: =ROUND((AC70+AD70+AF70),6) -> 34.38 | AC70: =ROUND((ES70),6) -> 34.38 | AD70: =ROUND((((ET70)-(EU70))+AE70),6) -> 0 | AE70: =ROUND((EU70),6) -> 0 | AF70: =ROUND((EV70),6) -> 0 | AG70: =ROUND((AP70),6) -> 0 | AH70: =(EW70) -> 0 | AI70: =(EX70) -> 0 | AJ70: =ROUND((AS70),6) -> 0 | AK70: 34.38 | AL70: 34.38 | AM70: 0 | AN70: 0 | AO70: 0 | AP70: 0 | AQ70: 0 | AR70: 0 | AS70: 0 | AT70: 95 | AU70: 47 | AV70: 1 | AW70: 1 | AZ70: 1 | BA70: 1 | BB70: 1 | BC70: 1 | BH70: 3 | BI70: 1 | BJ70: ФССЦ-2001, 11.3.03.05-0001, приказ Минстроя России №1039/пр от 30.12.2016г. | BM70: 15001 | BN70: 0 | BP70: 0 | BQ70: 2 | BR70: 0 | BS70: 1 | BT70: 1 | BU70: 1 | BV70: 1 | BW70: 1 | BX70: 1 | BZ70: 105 | CA70: 55 | CF70: 0 | CG70: 0 | CM70: 0 | CO70: 0 | CP70: =(P70+Q70+S70) -> 692.02 | CQ70: =AC70*BC70 -> 34.38 | CR70: =AD70*BB70 -> 0 | CS70: =AE70*BS70 -> 0 | CT70: =AF70*BA70 -> 0 | CU70: =AG70 -> 0 | CV70: =AH70 -> 0 | CW70: =AI70 -> 0 | CX70: =AJ70 -> 0 | CY70: =(((S70+R70)*AT70)/100) -> 0 | CZ70: =(((S70+R70)*AU70)/100) -> 0 | DN70: 0 | DO70: 0 | DP70: 1 | DQ70: 1 | DU70: 1005 | DV70: м2 | DW70: м2 | DX70: 1 | EE70: 16510513 | EF70: 2 | EG70: Общестроительные работы | EH70: 0 | EJ70: 1 | EK70: 15001 | EL70: Отделочные работы | EM70: ФЕР-15 | EQ70: 0 | ER70: 34.38 | ES70: 34.38 | ET70: 0 | EU70: 0 | EV70: 0 | EW70: 0 | EX70: 0 | FQ70: 0 | FR70: =ROUND(IF(AND(BH70=3,BI70=3),P70,0),2) -> 0 | FS70: 0 | FT70: *0,9 | FU70: *0,85 | FX70: 94.5 | FY70: 46.75 | GD70: 0 | GF70: -956992290 | GG70: 2 | GH70: 1 | GI70: -2 | GJ70: 0 | GK70: =ROUND(R70*(R12)/100,2) -> 0 | GL70: =ROUND(IF(AND(BH70=3,BI70=3,FS70<>0),P70,0),2) -> 0 | GM70: =ROUND(O70+X70+Y70+GK70,2)+GX70 -> 692.02 | GN70: =IF(OR(BI70=0,BI70=1),ROUND(O70+X70+Y70+GK70,2),0) -> 692.02 | GO70: =IF(BI70=2,ROUND(O70+X70+Y70+GK70,2),0) -> 0 | GP70: =IF(BI70=4,ROUND(O70+X70+Y70+GK70,2)+GX70,0) -> 0 | GR70: 0 | GS70: 3 | GT70: 0 | GV70: =ROUND(GT70,6) -> 0 | GW70: 1 | GX70: =ROUND(GV70*GW70*I70,2) -> 0 | HA70: 0 | HB70: 0 | IK70: 0
A71: 18 | B71: 1 | C71: 178 | E71: 13,2 | F71: 11.3.03.05-0001 | G71: Панели пластиковые для откосов "Реас Пласт" шириной 0,4 м, длиной 3,0 м, белые матовые, лакированные | H71: м2 | I71: =I67*J71 -> 20.1285 | J71: 105 | O71: =ROUND(CP71,2) -> 4145.19 | P71: =ROUND(CQ71*I71,2) -> 4145.19 | Q71: =ROUND(CR71*I71,2) -> 0 | R71: =ROUND(CS71*I71,2) -> 0 | S71: =ROUND(CT71*I71,2) -> 0 | T71: =ROUND(CU71*I71,2) -> 0 | U71: =CV71*I71 -> 0 | V71: =CW71*I71 -> 0 | W71: =ROUND(CX71*I71,2) -> 0 | X71: =ROUND(CY71,2) -> 0 | Y71: =ROUND(CZ71,2) -> 0 | AA71: 16671551 | AB71: =ROUND((AC71+AD71+AF71),6) -> 34.38 | AC71: =ROUND((ES71),6) -> 34.38 | AD71: =ROUND((((ET71)-(EU71))+AE71),6) -> 0 | AE71: =ROUND((EU71),6) -> 0 | AF71: =ROUND((EV71),6) -> 0 | AG71: =ROUND((AP71),6) -> 0 | AH71: =(EW71) -> 0 | AI71: =(EX71) -> 0 | AJ71: =ROUND((AS71),6) -> 0 | AK71: 34.38 | AL71: 34.38 | AM71: 0 | AN71: 0 | AO71: 0 | AP71: 0 | AQ71: 0 | AR71: 0 | AS71: 0 | AT71: 95 | AU71: 47 | AV71: 1 | AW71: 1 | AZ71: 5.99 | BA71: 1 | BB71: 1 | BC71: 5.99 | BH71: 3 | BI71: 1 | BJ71: ФССЦ-2001, 11.3.03.05-0001, приказ Минстроя России №1039/пр от 30.12.2016г. | BM71: 15001 | BN71: 0 | BP71: 0 | BQ71: 2 | BR71: 0 | BS71: 1 | BT71: 1 | BU71: 1 | BV71: 1 | BW71: 1 | BX71: 1 | BZ71: 105 | CA71: 55 | CF71: 0 | CG71: 0 | CM71: 0 | CO71: 0 | CP71: =(P71+Q71+S71) -> 4145.19 | CQ71: =AC71*BC71 -> 205.9362 | CR71: =AD71*BB71 -> 0 | CS71: =AE71*BS71 -> 0 | CT71: =AF71*BA71 -> 0 | CU71: =AG71 -> 0 | CV71: =AH71 -> 0 | CW71: =AI71 -> 0 | CX71: =AJ71 -> 0 | CY71: =(((S71+R71)*AT71)/100) -> 0 | CZ71: =(((S71+R71)*AU71)/100) -> 0 | DN71: 0 | DO71: 0 | DP71: 1 | DQ71: 1 | DU71: 1005 | DV71: м2 | DW71: м2 | DX71: 1 | EE71: 16510513 | EF71: 2 | EG71: Общестроительные работы | EH71: 0 | EJ71: 1 | EK71: 15001 | EL71: Отделочные работы | EM71: ФЕР-15 | EQ71: 0 | ER71: 34.38 | ES71: 34.38 | ET71: 0 | EU71: 0 | EV71: 0 | EW71: 0 | EX71: 0 | FQ71: 0 | FR71: =ROUND(IF(AND(BH71=3,BI71=3),P71,0),2) -> 0 | FS71: 0 | FT71: *0,9 | FU71: *0,85 | FX71: 94.5 | FY71: 46.75 | GD71: 0 | GF71: -956992290 | GG71: 1 | GH71: 1 | GI71: 4 | GJ71: 0 | GK71: =ROUND(R71*(S12)/100,2) -> 0 | GL71: =ROUND(IF(AND(BH71=3,BI71=3,FS71<>0),P71,0),2) -> 0 | GM71: =ROUND(O71+X71+Y71+GK71,2)+GX71 -> 4145.19 | GN71: =IF(OR(BI71=0,BI71=1),ROUND(O71+X71+Y71+GK71,2),0) -> 4145.19 | GO71: =IF(BI71=2,ROUND(O71+X71+Y71+GK71,2),0) -> 0 | GP71: =IF(BI71=4,ROUND(O71+X71+Y71+GK71,2)+GX71,0) -> 0 | GR71: 0 | GS71: 3 | GT71: 0 | GV71: =ROUND(GT71,6) -> 0 | GW71: 1 | GX71: =ROUND(GV71*GW71*I71,2) -> 0 | HA71: 0 | HB71: 0 | IK71: 0
A72: 18 | B72: 1 | C72: 169 | E72: 13,3 | F72: 14.1.06.05 | G72: Клей | H72: кг | I72: =I66*J72 -> 5.751 | J72: 30 | O72: =ROUND(CP72,2) -> 0 | P72: =ROUND(CQ72*I72,2) -> 0 | Q72: =ROUND(CR72*I72,2) -> 0 | R72: =ROUND(CS72*I72,2) -> 0 | S72: =ROUND(CT72*I72,2) -> 0 | T72: =ROUND(CU72*I72,2) -> 0 | U72: =CV72*I72 -> 0 | V72: =CW72*I72 -> 0 | W72: =ROUND(CX72*I72,2) -> 0 | X72: =ROUND(CY72,2) -> 0 | Y72: =ROUND(CZ72,2) -> 0 | AA72: 16671550 | AB72: =ROUND((AC72+AD72+AF72),6) -> 0 | AC72: =ROUND((ES72),6) -> 0 | AD72: =ROUND((((ET72)-(EU72))+AE72),6) -> 0 | AE72: =ROUND((EU72),6) -> 0 | AF72: =ROUND((EV72),6) -> 0 | AG72: =ROUND((AP72),6) -> 0 | AH72: =(EW72) -> 0 | AI72: =(EX72) -> 0 | AJ72: =ROUND((AS72),6) -> 0 | AK72: 0 | AL72: 0 | AM72: 0 | AN72: 0 | AO72: 0 | AP72: 0 | AQ72: 0 | AR72: 0 | AS72: 0 | AT72: 95 | AU72: 47 | AV72: 1 | AW72: 1 | AZ72: 1 | BA72: 1 | BB72: 1 | BC72: 1 | BH72: 3 | BI72: 1 | BM72: 15001 | BN72: 0 | BP72: 0 | BQ72: 2 | BR72: 0 | BS72: 1 | BT72: 1 | BU72: 1 | BV72: 1 | BW72: 1 | BX72: 1 | BZ72: 105 | CA72: 55 | CF72: 0 | CG72: 0 | CM72: 0 | CO72: 0 | CP72: =(P72+Q72+S72) -> 0 | CQ72: =AC72*BC72 -> 0 | CR72: =AD72*BB72 -> 0 | CS72: =AE72*BS72 -> 0 | CT72: =AF72*BA72 -> 0 | CU72: =AG72 -> 0 | CV72: =AH72 -> 0 | CW72: =AI72 -> 0 | CX72: =AJ72 -> 0 | CY72: =(((S72+R72)*AT72)/100) -> 0 | CZ72: =(((S72+R72)*AU72)/100) -> 0 | DN72: 0 | DO72: 0 | DP72: 1 | DQ72: 1 | DU72: 1009 | DV72: кг | DW72: кг | DX72: 1 | EE72: 16510513 | EF72: 2 | EG72: Общестроительные работы | EH72: 0 | EJ72: 1 | EK72: 15001 | EL72: Отделочные работы | EM72: ФЕР-15 | EQ72: 0 | ER72: 0 | ES72: 0 | ET72: 0 | EU72: 0 | EV72: 0 | EW72: 0 | EX72: 0 | FQ72: 0 | FR72: =ROUND(IF(AND(BH72=3,BI72=3),P72,0),2) -> 0 | FS72: 0 | FT72: *0,9 | FU72: *0,85 | FX72: 94.5 | FY72: 46.75 | GD72: 0 | GF72: -1516100259 | GG72: 2 | GH72: 1 | GI72: -2 | GJ72: 0 | GK72: =ROUND(R72*(R12)/100,2) -> 0 | GL72: =ROUND(IF(AND(BH72=3,BI72=3,FS72<>0),P72,0),2) -> 0 | GM72: =ROUND(O72+X72+Y72+GK72,2)+GX72 -> 0 | GN72: =IF(OR(BI72=0,BI72=1),ROUND(O72+X72+Y72+GK72,2),0) -> 0 | GO72: =IF(BI72=2,ROUND(O72+X72+Y72+GK72,2),0) -> 0 | GP72: =IF(BI72=4,ROUND(O72+X72+Y72+GK72,2)+GX72,0) -> 0 | GR72: 0 | GS72: 3 | GT72: 0 | GV72: =ROUND(GT72,6) -> 0 | GW72: 1 | GX72: =ROUND(GV72*GW72*I72,2) -> 0 | HA72: 0 | HB72: 0 | IK72: 0
A73: 18 | B73: 1 | C73: 180 | E73: 13,3 | F73: 14.1.06.05 | G73: Клей | H73: кг | I73: =I67*J73 -> 5.751 | J73: 30 | O73: =ROUND(CP73,2) -> 0 | P73: =ROUND(CQ73*I73,2) -> 0 | Q73: =ROUND(CR73*I73,2) -> 0 | R73: =ROUND(CS73*I73,2) -> 0 | S73: =ROUND(CT73*I73,2) -> 0 | T73: =ROUND(CU73*I73,2) -> 0 | U73: =CV73*I73 -> 0 | V73: =CW73*I73 -> 0 | W73: =ROUND(CX73*I73,2) -> 0 | X73: =ROUND(CY73,2) -> 0 | Y73: =ROUND(CZ73,2) -> 0 | AA73: 16671551 | AB73: =ROUND((AC73+AD73+AF73),6) -> 0 | AC73: =ROUND((ES73),6) -> 0 | AD73: =ROUND((((ET73)-(EU73))+AE73),6) -> 0 | AE73: =ROUND((EU73),6) -> 0 | AF73: =ROUND((EV73),6) -> 0 | AG73: =ROUND((AP73),6) -> 0 | AH73: =(EW73) -> 0 | AI73: =(EX73) -> 0 | AJ73: =ROUND((AS73),6) -> 0 | AK73: 0 | AL73: 0 | AM73: 0 | AN73: 0 | AO73: 0 | AP73: 0 | AQ73: 0 | AR73: 0 | AS73: 0 | AT73: 95 | AU73: 47 | AV73: 1 | AW73: 1 | AZ73: 5.99 | BA73: 1 | BB73: 1 | BC73: 5.99 | BH73: 3 | BI73: 1 | BM73: 15001 | BN73: 0 | BP73: 0 | BQ73: 2 | BR73: 0 | BS73: 1 | BT73: 1 | BU73: 1 | BV73: 1 | BW73: 1 | BX73: 1 | BZ73: 105 | CA73: 55 | CF73: 0 | CG73: 0 | CM73: 0 | CO73: 0 | CP73: =(P73+Q73+S73) -> 0 | CQ73: =AC73*BC73 -> 0 | CR73: =AD73*BB73 -> 0 | CS73: =AE73*BS73 -> 0 | CT73: =AF73*BA73 -> 0 | CU73: =AG73 -> 0 | CV73: =AH73 -> 0 | CW73: =AI73 -> 0 | CX73: =AJ73 -> 0 | CY73: =(((S73+R73)*AT73)/100) -> 0 | CZ73: =(((S73+R73)*AU73)/100) -> 0 | DN73: 0 | DO73: 0 | DP73: 1 | DQ73: 1 | DU73: 1009 | DV73: кг | DW73: кг | DX73: 1 | EE73: 16510513 | EF73: 2 | EG73: Общестроительные работы | EH73: 0 | EJ73: 1 | EK73: 15001 | EL73: Отделочные работы | EM73: ФЕР-15 | EQ73: 0 | ER73: 0 | ES73: 0 | ET73: 0 | EU73: 0 | EV73: 0 | EW73: 0 | EX73: 0 | FQ73: 0 | FR73: =ROUND(IF(AND(BH73=3,BI73=3),P73,0),2) -> 0 | FS73: 0 | FT73: *0,9 | FU73: *0,85 | FX73: 94.5 | FY73: 46.75 | GD73: 0 | GF73: -1516100259 | GG73: 1 | GH73: 1 | GI73: 4 | GJ73: 0 | GK73: =ROUND(R73*(S12)/100,2) -> 0 | GL73: =ROUND(IF(AND(BH73=3,BI73=3,FS73<>0),P73,0),2) -> 0 | GM73: =ROUND(O73+X73+Y73+GK73,2)+GX73 -> 0 | GN73: =IF(OR(BI73=0,BI73=1),ROUND(O73+X73+Y73+GK73,2),0) -> 0 | GO73: =IF(BI73=2,ROUND(O73+X73+Y73+GK73,2),0) -> 0 | GP73: =IF(BI73=4,ROUND(O73+X73+Y73+GK73,2)+GX73,0) -> 0 | GR73: 0 | GS73: 3 | GT73: 0 | GV73: =ROUND(GT73,6) -> 0 | GW73: 1 | GX73: =ROUND(GV73*GW73*I73,2) -> 0 | HA73: 0 | HB73: 0 | IK73: 0
A74: 18 | B74: 1 | C74: 168 | E74: 13,4 | F74: 14.1.02.04-0102 | G74: Клей Forbo 522, для укладки ПВХ-покрытий | H74: кг | I74: =I66*J74 -> 5.751 | J74: 30 | O74: =ROUND(CP74,2) -> 147 | P74: =ROUND(CQ74*I74,2) -> 147 | Q74: =ROUND(CR74*I74,2) -> 0 | R74: =ROUND(CS74*I74,2) -> 0 | S74: =ROUND(CT74*I74,2) -> 0 | T74: =ROUND(CU74*I74,2) -> 0 | U74: =CV74*I74 -> 0 | V74: =CW74*I74 -> 0 | W74: =ROUND(CX74*I74,2) -> 0 | X74: =ROUND(CY74,2) -> 0 | Y74: =ROUND(CZ74,2) -> 0 | AA74: 16671550 | AB74: =ROUND((AC74+AD74+AF74),6) -> 25.56 | AC74: =ROUND((ES74),6) -> 25.56 | AD74: =ROUND((((ET74)-(EU74))+AE74),6) -> 0 | AE74: =ROUND((EU74),6) -> 0 | AF74: =ROUND((EV74),6) -> 0 | AG74: =ROUND((AP74),6) -> 0 | AH74: =(EW74) -> 0 | AI74: =(EX74) -> 0 | AJ74: =ROUND((AS74),6) -> 0 | AK74: 25.56 | AL74: 25.56 | AM74: 0 | AN74: 0 | AO74: 0 | AP74: 0 | AQ74: 0 | AR74: 0 | AS74: 0 | AT74: 95 | AU74: 47 | AV74: 1 | AW74: 1 | AZ74: 1 | BA74: 1 | BB74: 1 | BC74: 1 | BH74: 3 | BI74: 1 | BJ74: ФССЦ-2001, 14.1.02.04-0102, приказ Минстроя России №1039/пр от 30.12.2016г. | BM74: 15001 | BN74: 0 | BP74: 0 | BQ74: 2 | BR74: 0 | BS74: 1 | BT74: 1 | BU74: 1 | BV74: 1 | BW74: 1 | BX74: 1 | BZ74: 105 | CA74: 55 | CF74: 0 | CG74: 0 | CM74: 0 | CO74: 0 | CP74: =(P74+Q74+S74) -> 147 | CQ74: =AC74*BC74 -> 25.56 | CR74: =AD74*BB74 -> 0 | CS74: =AE74*BS74 -> 0 | CT74: =AF74*BA74 -> 0 | CU74: =AG74 -> 0 | CV74: =AH74 -> 0 | CW74: =AI74 -> 0 | CX74: =AJ74 -> 0 | CY74: =(((S74+R74)*AT74)/100) -> 0 | CZ74: =(((S74+R74)*AU74)/100) -> 0 | DN74: 0 | DO74: 0 | DP74: 1 | DQ74: 1 | DU74: 1009 | DV74: кг | DW74: кг | DX74: 1 | EE74: 16510513 | EF74: 2 | EG74: Общестроительные работы | EH74: 0 | EJ74: 1 | EK74: 15001 | EL74: Отделочные работы | EM74: ФЕР-15 | EQ74: 0 | ER74: 25.56 | ES74: 25.56 | ET74: 0 | EU74: 0 | EV74: 0 | EW74: 0 | EX74: 0 | FQ74: 0 | FR74: =ROUND(IF(AND(BH74=3,BI74=3),P74,0),2) -> 0 | FS74: 0 | FT74: *0,9 | FU74: *0,85 | FX74: 94.5 | FY74: 46.75 | GD74: 0 | GF74: -89726692 | GG74: 2 | GH74: 1 | GI74: -2 | GJ74: 0 | GK74: =ROUND(R74*(R12)/100,2) -> 0 | GL74: =ROUND(IF(AND(BH74=3,BI74=3,FS74<>0),P74,0),2) -> 0 | GM74: =ROUND(O74+X74+Y74+GK74,2)+GX74 -> 147 | GN74: =IF(OR(BI74=0,BI74=1),ROUND(O74+X74+Y74+GK74,2),0) -> 147 | GO74: =IF(BI74=2,ROUND(O74+X74+Y74+GK74,2),0) -> 0 | GP74: =IF(BI74=4,ROUND(O74+X74+Y74+GK74,2)+GX74,0) -> 0 | GR74: 0 | GS74: 3 | GT74: 0 | GV74: =ROUND(GT74,6) -> 0 | GW74: 1 | GX74: =ROUND(GV74*GW74*I74,2) -> 0 | HA74: 0 | HB74: 0 | IK74: 0
A75: 18 | B75: 1 | C75: 179 | E75: 13,4 | F75: 14.1.02.04-0102 | G75: Клей Forbo 522, для укладки ПВХ-покрытий | H75: кг | I75: =I67*J75 -> 5.751 | J75: 30 | O75: =ROUND(CP75,2) -> 880.5 | P75: =ROUND(CQ75*I75,2) -> 880.5 | Q75: =ROUND(CR75*I75,2) -> 0 | R75: =ROUND(CS75*I75,2) -> 0 | S75: =ROUND(CT75*I75,2) -> 0 | T75: =ROUND(CU75*I75,2) -> 0 | U75: =CV75*I75 -> 0 | V75: =CW75*I75 -> 0 | W75: =ROUND(CX75*I75,2) -> 0 | X75: =ROUND(CY75,2) -> 0 | Y75: =ROUND(CZ75,2) -> 0 | AA75: 16671551 | AB75: =ROUND((AC75+AD75+AF75),6) -> 25.56 | AC75: =ROUND((ES75),6) -> 25.56 | AD75: =ROUND((((ET75)-(EU75))+AE75),6) -> 0 | AE75: =ROUND((EU75),6) -> 0 | AF75: =ROUND((EV75),6) -> 0 | AG75: =ROUND((AP75),6) -> 0 | AH75: =(EW75) -> 0 | AI75: =(EX75) -> 0 | AJ75: =ROUND((AS75),6) -> 0 | AK75: 25.56 | AL75: 25.56 | AM75: 0 | AN75: 0 | AO75: 0 | AP75: 0 | AQ75: 0 | AR75: 0 | AS75: 0 | AT75: 95 | AU75: 47 | AV75: 1 | AW75: 1 | AZ75: 5.99 | BA75: 1 | BB75: 1 | BC75: 5.99 | BH75: 3 | BI75: 1 | BJ75: ФССЦ-2001, 14.1.02.04-0102, приказ Минстроя России №1039/пр от 30.12.2016г. | BM75: 15001 | BN75: 0 | BP75: 0 | BQ75: 2 | BR75: 0 | BS75: 1 | BT75: 1 | BU75: 1 | BV75: 1 | BW75: 1 | BX75: 1 | BZ75: 105 | CA75: 55 | CF75: 0 | CG75: 0 | CM75: 0 | CO75: 0 | CP75: =(P75+Q75+S75) -> 880.5 | CQ75: =AC75*BC75 -> 153.1044 | CR75: =AD75*BB75 -> 0 | CS75: =AE75*BS75 -> 0 | CT75: =AF75*BA75 -> 0 | CU75: =AG75 -> 0 | CV75: =AH75 -> 0 | CW75: =AI75 -> 0 | CX75: =AJ75 -> 0 | CY75: =(((S75+R75)*AT75)/100) -> 0 | CZ75: =(((S75+R75)*AU75)/100) -> 0 | DN75: 0 | DO75: 0 | DP75: 1 | DQ75: 1 | DU75: 1009 | DV75: кг | DW75: кг | DX75: 1 | EE75: 16510513 | EF75: 2 | EG75: Общестроительные работы | EH75: 0 | EJ75: 1 | EK75: 15001 | EL75: Отделочные работы | EM75: ФЕР-15 | EQ75: 0 | ER75: 25.56 | ES75: 25.56 | ET75: 0 | EU75: 0 | EV75: 0 | EW75: 0 | EX75: 0 | FQ75: 0 | FR75: =ROUND(IF(AND(BH75=3,BI75=3),P75,0),2) -> 0 | FS75: 0 | FT75: *0,9 | FU75: *0,85 | FX75: 94.5 | FY75: 46.75 | GD75: 0 | GF75: -89726692 | GG75: 1 | GH75: 1 | GI75: 4 | GJ75: 0 | GK75: =ROUND(R75*(S12)/100,2) -> 0 | GL75: =ROUND(IF(AND(BH75=3,BI75=3,FS75<>0),P75,0),2) -> 0 | GM75: =ROUND(O75+X75+Y75+GK75,2)+GX75 -> 880.5 | GN75: =IF(OR(BI75=0,BI75=1),ROUND(O75+X75+Y75+GK75,2),0) -> 880.5 | GO75: =IF(BI75=2,ROUND(O75+X75+Y75+GK75,2),0) -> 0 | GP75: =IF(BI75=4,ROUND(O75+X75+Y75+GK75,2)+GX75,0) -> 0 | GR75: 0 | GS75: 3 | GT75: 0 | GV75: =ROUND(GT75,6) -> 0 | GW75: 1 | GX75: =ROUND(GV75*GW75*I75,2) -> 0 | HA75: 0 | HB75: 0 | IK75: 0
A76: 18 | B76: 1 | C76: 171 | E76: 13,5 | F76: 14.4.01.21 | G76: Грунтовка | H76: т | I76: =I66*J76 -> 0.001706 | J76: 0.0088993219 | O76: =ROUND(CP76,2) -> 0 | P76: =ROUND(CQ76*I76,2) -> 0 | Q76: =ROUND(CR76*I76,2) -> 0 | R76: =ROUND(CS76*I76,2) -> 0 | S76: =ROUND(CT76*I76,2) -> 0 | T76: =ROUND(CU76*I76,2) -> 0 | U76: =CV76*I76 -> 0 | V76: =CW76*I76 -> 0 | W76: =ROUND(CX76*I76,2) -> 0 | X76: =ROUND(CY76,2) -> 0 | Y76: =ROUND(CZ76,2) -> 0 | AA76: 16671550 | AB76: =ROUND((AC76+AD76+AF76),6) -> 0 | AC76: =ROUND((ES76),6) -> 0 | AD76: =ROUND((((ET76)-(EU76))+AE76),6) -> 0 | AE76: =ROUND((EU76),6) -> 0 | AF76: =ROUND((EV76),6) -> 0 | AG76: =ROUND((AP76),6) -> 0 | AH76: =(EW76) -> 0 | AI76: =(EX76) -> 0 | AJ76: =ROUND((AS76),6) -> 0 | AK76: 0 | AL76: 0 | AM76: 0 | AN76: 0 | AO76: 0 | AP76: 0 | AQ76: 0 | AR76: 0 | AS76: 0 | AT76: 95 | AU76: 47 | AV76: 1 | AW76: 1 | AZ76: 1 | BA76: 1 | BB76: 1 | BC76: 1 | BH76: 3 | BI76: 1 | BM76: 15001 | BN76: 0 | BP76: 0 | BQ76: 2 | BR76: 0 | BS76: 1 | BT76: 1 | BU76: 1 | BV76: 1 | BW76: 1 | BX76: 1 | BZ76: 105 | CA76: 55 | CF76: 0 | CG76: 0 | CM76: 0 | CO76: 0 | CP76: =(P76+Q76+S76) -> 0 | CQ76: =AC76*BC76 -> 0 | CR76: =AD76*BB76 -> 0 | CS76: =AE76*BS76 -> 0 | CT76: =AF76*BA76 -> 0 | CU76: =AG76 -> 0 | CV76: =AH76 -> 0 | CW76: =AI76 -> 0 | CX76: =AJ76 -> 0 | CY76: =(((S76+R76)*AT76)/100) -> 0 | CZ76: =(((S76+R76)*AU76)/100) -> 0 | DN76: 0 | DO76: 0 | DP76: 1 | DQ76: 1 | DU76: 1009 | DV76: т | DW76: т | DX76: 1000 | EE76: 16510513 | EF76: 2 | EG76: Общестроительные работы | EH76: 0 | EJ76: 1 | EK76: 15001 | EL76: Отделочные работы | EM76: ФЕР-15 | EQ76: 0 | ER76: 0 | ES76: 0 | ET76: 0 | EU76: 0 | EV76: 0 | EW76: 0 | EX76: 0 | FQ76: 0 | FR76: =ROUND(IF(AND(BH76=3,BI76=3),P76,0),2) -> 0 | FS76: 0 | FT76: *0,9 | FU76: *0,85 | FX76: 94.5 | FY76: 46.75 | GD76: 0 | GF76: -1212923053 | GG76: 2 | GH76: 1 | GI76: -2 | GJ76: 0 | GK76: =ROUND(R76*(R12)/100,2) -> 0 | GL76: =ROUND(IF(AND(BH76=3,BI76=3,FS76<>0),P76,0),2) -> 0 | GM76: =ROUND(O76+X76+Y76+GK76,2)+GX76 -> 0 | GN76: =IF(OR(BI76=0,BI76=1),ROUND(O76+X76+Y76+GK76,2),0) -> 0 | GO76: =IF(BI76=2,ROUND(O76+X76+Y76+GK76,2),0) -> 0 | GP76: =IF(BI76=4,ROUND(O76+X76+Y76+GK76,2)+GX76,0) -> 0 | GR76: 0 | GS76: 3 | GT76: 0 | GV76: =ROUND(GT76,6) -> 0 | GW76: 1 | GX76: =ROUND(GV76*GW76*I76,2) -> 0 | HA76: 0 | HB76: 0 | IK76: 0
A77: 18 | B77: 1 | C77: 182 | E77: 13,5 | F77: 14.4.01.21 | G77: Грунтовка | H77: т | I77: =I67*J77 -> 0.001706 | J77: 0.0088993219 | O77: =ROUND(CP77,2) -> 0 | P77: =ROUND(CQ77*I77,2) -> 0 | Q77: =ROUND(CR77*I77,2) -> 0 | R77: =ROUND(CS77*I77,2) -> 0 | S77: =ROUND(CT77*I77,2) -> 0 | T77: =ROUND(CU77*I77,2) -> 0 | U77: =CV77*I77 -> 0 | V77: =CW77*I77 -> 0 | W77: =ROUND(CX77*I77,2) -> 0 | X77: =ROUND(CY77,2) -> 0 | Y77: =ROUND(CZ77,2) -> 0 | AA77: 16671551 | AB77: =ROUND((AC77+AD77+AF77),6) -> 0 | AC77: =ROUND((ES77),6) -> 0 | AD77: =ROUND((((ET77)-(EU77))+AE77),6) -> 0 | AE77: =ROUND((EU77),6) -> 0 | AF77: =ROUND((EV77),6) -> 0 | AG77: =ROUND((AP77),6) -> 0 | AH77: =(EW77) -> 0 | AI77: =(EX77) -> 0 | AJ77: =ROUND((AS77),6) -> 0 | AK77: 0 | AL77: 0 | AM77: 0 | AN77: 0 | AO77: 0 | AP77: 0 | AQ77: 0 | AR77: 0 | AS77: 0 | AT77: 95 | AU77: 47 | AV77: 1 | AW77: 1 | AZ77: 5.99 | BA77: 1 | BB77: 1 | BC77: 5.99 | BH77: 3 | BI77: 1 | BM77: 15001 | BN77: 0 | BP77: 0 | BQ77: 2 | BR77: 0 | BS77: 1 | BT77: 1 | BU77: 1 | BV77: 1 | BW77: 1 | BX77: 1 | BZ77: 105 | CA77: 55 | CF77: 0 | CG77: 0 | CM77: 0 | CO77: 0 | CP77: =(P77+Q77+S77) -> 0 | CQ77: =AC77*BC77 -> 0 | CR77: =AD77*BB77 -> 0 | CS77: =AE77*BS77 -> 0 | CT77: =AF77*BA77 -> 0 | CU77: =AG77 -> 0 | CV77: =AH77 -> 0 | CW77: =AI77 -> 0 | CX77: =AJ77 -> 0 | CY77: =(((S77+R77)*AT77)/100) -> 0 | CZ77: =(((S77+R77)*AU77)/100) -> 0 | DN77: 0 | DO77: 0 | DP77: 1 | DQ77: 1 | DU77: 1009 | DV77: т | DW77: т | DX77: 1000 | EE77: 16510513 | EF77: 2 | EG77: Общестроительные работы | EH77: 0 | EJ77: 1 | EK77: 15001 | EL77: Отделочные работы | EM77: ФЕР-15 | EQ77: 0 | ER77: 0 | ES77: 0 | ET77: 0 | EU77: 0 | EV77: 0 | EW77: 0 | EX77: 0 | FQ77: 0 | FR77: =ROUND(IF(AND(BH77=3,BI77=3),P77,0),2) -> 0 | FS77: 0 | FT77: *0,9 | FU77: *0,85 | FX77: 94.5 | FY77: 46.75 | GD77: 0 | GF77: -1212923053 | GG77: 1 | GH77: 1 | GI77: 4 | GJ77: 0 | GK77: =ROUND(R77*(S12)/100,2) -> 0 | GL77: =ROUND(IF(AND(BH77=3,BI77=3,FS77<>0),P77,0),2) -> 0 | GM77: =ROUND(O77+X77+Y77+GK77,2)+GX77 -> 0 | GN77: =IF(OR(BI77=0,BI77=1),ROUND(O77+X77+Y77+GK77,2),0) -> 0 | GO77: =IF(BI77=2,ROUND(O77+X77+Y77+GK77,2),0) -> 0 | GP77: =IF(BI77=4,ROUND(O77+X77+Y77+GK77,2)+GX77,0) -> 0 | GR77: 0 | GS77: 3 | GT77: 0 | GV77: =ROUND(GT77,6) -> 0 | GW77: 1 | GX77: =ROUND(GV77*GW77*I77,2) -> 0 | HA77: 0 | HB77: 0 | IK77: 0
A78: 18 | B78: 1 | C78: 170 | E78: 13,6 | F78: 14.3.01.01-0001 | G78: Грунтовка: «Бетоконтакт», КНАУФ | H78: кг | I78: =I66*J78 -> 1.706 | J78: 8.8993219 | O78: =ROUND(CP78,2) -> 25.74 | P78: =ROUND(CQ78*I78,2) -> 25.74 | Q78: =ROUND(CR78*I78,2) -> 0 | R78: =ROUND(CS78*I78,2) -> 0 | S78: =ROUND(CT78*I78,2) -> 0 | T78: =ROUND(CU78*I78,2) -> 0 | U78: =CV78*I78 -> 0 | V78: =CW78*I78 -> 0 | W78: =ROUND(CX78*I78,2) -> 0 | X78: =ROUND(CY78,2) -> 0 | Y78: =ROUND(CZ78,2) -> 0 | AA78: 16671550 | AB78: =ROUND((AC78+AD78+AF78),6) -> 15.09 | AC78: =ROUND((ES78),6) -> 15.09 | AD78: =ROUND((((ET78)-(EU78))+AE78),6) -> 0 | AE78: =ROUND((EU78),6) -> 0 | AF78: =ROUND((EV78),6) -> 0 | AG78: =ROUND((AP78),6) -> 0 | AH78: =(EW78) -> 0 | AI78: =(EX78) -> 0 | AJ78: =ROUND((AS78),6) -> 0 | AK78: 15.09 | AL78: 15.09 | AM78: 0 | AN78: 0 | AO78: 0 | AP78: 0 | AQ78: 0 | AR78: 0 | AS78: 0 | AT78: 95 | AU78: 47 | AV78: 1 | AW78: 1 | AZ78: 1 | BA78: 1 | BB78: 1 | BC78: 1 | BH78: 3 | BI78: 1 | BJ78: ФССЦ-2001, 14.3.01.01-0001, приказ Минстроя России №1039/пр от 30.12.2016г. | BM78: 15001 | BN78: 0 | BP78: 0 | BQ78: 2 | BR78: 0 | BS78: 1 | BT78: 1 | BU78: 1 | BV78: 1 | BW78: 1 | BX78: 1 | BZ78: 105 | CA78: 55 | CF78: 0 | CG78: 0 | CM78: 0 | CO78: 0 | CP78: =(P78+Q78+S78) -> 25.74 | CQ78: =AC78*BC78 -> 15.09 | CR78: =AD78*BB78 -> 0 | CS78: =AE78*BS78 -> 0 | CT78: =AF78*BA78 -> 0 | CU78: =AG78 -> 0 | CV78: =AH78 -> 0 | CW78: =AI78 -> 0 | CX78: =AJ78 -> 0 | CY78: =(((S78+R78)*AT78)/100) -> 0 | CZ78: =(((S78+R78)*AU78)/100) -> 0 | DN78: 0 | DO78: 0 | DP78: 1 | DQ78: 1 | DU78: 1009 | DV78: кг | DW78: кг | DX78: 1 | EE78: 16510513 | EF78: 2 | EG78: Общестроительные работы | EH78: 0 | EJ78: 1 | EK78: 15001 | EL78: Отделочные работы | EM78: ФЕР-15 | EQ78: 0 | ER78: 15.09 | ES78: 15.09 | ET78: 0 | EU78: 0 | EV78: 0 | EW78: 0 | EX78: 0 | FQ78: 0 | FR78: =ROUND(IF(AND(BH78=3,BI78=3),P78,0),2) -> 0 | FS78: 0 | FT78: *0,9 | FU78: *0,85 | FX78: 94.5 | FY78: 46.75 | GD78: 0 | GF78: 1453462043 | GG78: 2 | GH78: 1 | GI78: -2 | GJ78: 0 | GK78: =ROUND(R78*(R12)/100,2) -> 0 | GL78: =ROUND(IF(AND(BH78=3,BI78=3,FS78<>0),P78,0),2) -> 0 | GM78: =ROUND(O78+X78+Y78+GK78,2)+GX78 -> 25.74 | GN78: =IF(OR(BI78=0,BI78=1),ROUND(O78+X78+Y78+GK78,2),0) -> 25.74 | GO78: =IF(BI78=2,ROUND(O78+X78+Y78+GK78,2),0) -> 0 | GP78: =IF(BI78=4,ROUND(O78+X78+Y78+GK78,2)+GX78,0) -> 0 | GR78: 0 | GS78: 3 | GT78: 0 | GV78: =ROUND(GT78,6) -> 0 | GW78: 1 | GX78: =ROUND(GV78*GW78*I78,2) -> 0 | HA78: 0 | HB78: 0 | IK78: 0
A79: 18 | B79: 1 | C79: 181 | E79: 13,6 | F79: 14.3.01.01-0001 | G79: Грунтовка: «Бетоконтакт», КНАУФ | H79: кг | I79: =I67*J79 -> 1.706 | J79: 8.8993219 | O79: =ROUND(CP79,2) -> 154.2 | P79: =ROUND(CQ79*I79,2) -> 154.2 | Q79: =ROUND(CR79*I79,2) -> 0 | R79: =ROUND(CS79*I79,2) -> 0 | S79: =ROUND(CT79*I79,2) -> 0 | T79: =ROUND(CU79*I79,2) -> 0 | U79: =CV79*I79 -> 0 | V79: =CW79*I79 -> 0 | W79: =ROUND(CX79*I79,2) -> 0 | X79: =ROUND(CY79,2) -> 0 | Y79: =ROUND(CZ79,2) -> 0 | AA79: 16671551 | AB79: =ROUND((AC79+AD79+AF79),6) -> 15.09 | AC79: =ROUND((ES79),6) -> 15.09 | AD79: =ROUND((((ET79)-(EU79))+AE79),6) -> 0 | AE79: =ROUND((EU79),6) -> 0 | AF79: =ROUND((EV79),6) -> 0 | AG79: =ROUND((AP79),6) -> 0 | AH79: =(EW79) -> 0 | AI79: =(EX79) -> 0 | AJ79: =ROUND((AS79),6) -> 0 | AK79: 15.09 | AL79: 15.09 | AM79: 0 | AN79: 0 | AO79: 0 | AP79: 0 | AQ79: 0 | AR79: 0 | AS79: 0 | AT79: 95 | AU79: 47 | AV79: 1 | AW79: 1 | AZ79: 5.99 | BA79: 1 | BB79: 1 | BC79: 5.99 | BH79: 3 | BI79: 1 | BJ79: ФССЦ-2001, 14.3.01.01-0001, приказ Минстроя России №1039/пр от 30.12.2016г. | BM79: 15001 | BN79: 0 | BP79: 0 | BQ79: 2 | BR79: 0 | BS79: 1 | BT79: 1 | BU79: 1 | BV79: 1 | BW79: 1 | BX79: 1 | BZ79: 105 | CA79: 55 | CF79: 0 | CG79: 0 | CM79: 0 | CO79: 0 | CP79: =(P79+Q79+S79) -> 154.2 | CQ79: =AC79*BC79 -> 90.3891 | CR79: =AD79*BB79 -> 0 | CS79: =AE79*BS79 -> 0 | CT79: =AF79*BA79 -> 0 | CU79: =AG79 -> 0 | CV79: =AH79 -> 0 | CW79: =AI79 -> 0 | CX79: =AJ79 -> 0 | CY79: =(((S79+R79)*AT79)/100) -> 0 | CZ79: =(((S79+R79)*AU79)/100) -> 0 | DN79: 0 | DO79: 0 | DP79: 1 | DQ79: 1 | DU79: 1009 | DV79: кг | DW79: кг | DX79: 1 | EE79: 16510513 | EF79: 2 | EG79: Общестроительные работы | EH79: 0 | EJ79: 1 | EK79: 15001 | EL79: Отделочные работы | EM79: ФЕР-15 | EQ79: 0 | ER79: 15.09 | ES79: 15.09 | ET79: 0 | EU79: 0 | EV79: 0 | EW79: 0 | EX79: 0 | FQ79: 0 | FR79: =ROUND(IF(AND(BH79=3,BI79=3),P79,0),2) -> 0 | FS79: 0 | FT79: *0,9 | FU79: *0,85 | FX79: 94.5 | FY79: 46.75 | GD79: 0 | GF79: 1453462043 | GG79: 1 | GH79: 1 | GI79: 4 | GJ79: 0 | GK79: =ROUND(R79*(S12)/100,2) -> 0 | GL79: =ROUND(IF(AND(BH79=3,BI79=3,FS79<>0),P79,0),2) -> 0 | GM79: =ROUND(O79+X79+Y79+GK79,2)+GX79 -> 154.2 | GN79: =IF(OR(BI79=0,BI79=1),ROUND(O79+X79+Y79+GK79,2),0) -> 154.2 | GO79: =IF(BI79=2,ROUND(O79+X79+Y79+GK79,2),0) -> 0 | GP79: =IF(BI79=4,ROUND(O79+X79+Y79+GK79,2)+GX79,0) -> 0 | GR79: 0 | GS79: 3 | GT79: 0 | GV79: =ROUND(GT79,6) -> 0 | GW79: 1 | GX79: =ROUND(GV79*GW79*I79,2) -> 0 | HA79: 0 | HB79: 0 | IK79: 0
A80: 17 | B80: 1 | C80: =ROW(SmtRes!A186) -> 186 | D80: =ROW(EtalonRes!A191) -> 191 | E80: 14 | F80: 10-01-036-01 | G80: Установка уголков ПВХ на клее | H80: 100 м | I80: =ROUND(63.9/100,9) -> 0.639 | J80: 0 | O80: =ROUND(CP80,2) -> 65 | P80: =ROUND(CQ80*I80,2) -> 23 | Q80: =ROUND(CR80*I80,2) -> 0 | R80: =ROUND(CS80*I80,2) -> 0 | S80: =ROUND(CT80*I80,2) -> 42 | T80: =ROUND(CU80*I80,2) -> 0 | U80: =CV80*I80 -> 4.923495 | V80: =CW80*I80 -> 0 | W80: =ROUND(CX80*I80,2) -> 0 | X80: =ROUND(CY80,2) -> 44.52 | Y80: =ROUND(CZ80,2) -> 22.68 | AA80: 16671550 | AB80: =ROUND((AC80+AD80+AF80),6) -> 101.7225 | AC80: =ROUND((ES80),6) -> 36 | AD80: =ROUND(((((ET80*1.25))-((EU80*1.25)))+AE80),6) -> 0 | AE80: =ROUND(((EU80*1.25)),6) -> 0 | AF80: =ROUND(((EV80*1.15)),6) -> 65.7225 | AG80: =ROUND((AP80),6) -> 0 | AH80: =((EW80*1.15)) -> 7.705 | AI80: =((EX80*1.25)) -> 0 | AJ80: =ROUND((AS80),6) -> 0 | AK80: 93.15 | AL80: 36 | AM80: 0 | AN80: 0 | AO80: 57.15 | AP80: 0 | AQ80: 6.7 | AR80: 0 | AS80: 0 | AT80: 106 | AU80: 54 | AV80: 1 | AW80: 1 | AZ80: 1 | BA80: 1 | BB80: 1 | BC80: 1 | BH80: 0 | BI80: 1 | BJ80: ФЕР-2001, 10-01-036-01, приказ Минстроя России №1039/пр от 30.12.2016г. | BM80: 10001 | BN80: 0 | BP80: 0 | BQ80: 2 | BR80: 0 | BS80: 1 | BT80: 1 | BU80: 1 | BV80: 1 | BW80: 1 | BX80: 1 | BZ80: 118 | CA80: 63 | CF80: 0 | CG80: 0 | CM80: 0 | CN80: Поправка: МДС 81-35.2004, п.4.7 Наименование: Работы, выполняемые при реконструкции зданий и сооружений работы, аналогичные технологическим процессам в новом строительстве (в том числе возведение новых конструктивных элементов) стоимость которых определена по соответствующим сборникам ФЕР, кроме сборника № 46 «Работы при реконструкции зданий и сооружений» | CO80: 0 | CP80: =(P80+Q80+S80) -> 65 | CQ80: =AC80*BC80 -> 36 | CR80: =AD80*BB80 -> 0 | CS80: =AE80*BS80 -> 0 | CT80: =AF80*BA80 -> 65.7225 | CU80: =AG80 -> 0 | CV80: =AH80 -> 7.705 | CW80: =AI80 -> 0 | CX80: =AJ80 -> 0 | CY80: =(((S80+R80)*AT80)/100) -> 44.52 | CZ80: =(((S80+R80)*AU80)/100) -> 22.68 | DE80: )*1,25 | DF80: )*1,25 | DG80: )*1,15 | DI80: )*1,15 | DJ80: )*1,25 | DN80: 0 | DO80: 0 | DP80: 1 | DQ80: 1 | DU80: 1003 | DV80: 100 м | DW80: 100 м | DX80: 100 | EE80: 16510487 | EF80: 2 | EG80: Общестроительные работы | EH80: 0 | EJ80: 1 | EK80: 10001 | EL80: Деревянные конструкции | EM80: ФЕР-10 | EO80: Поправка: МДС 81-35.2004, п.4.7 | EQ80: 0 | ER80: 93.15 | ES80: 36 | ET80: 0 | EU80: 0 | EV80: 57.15 | EW80: 6.7 | EX80: 0 | EY80: 0 | FQ80: 0 | FR80: =ROUND(IF(AND(BH80=3,BI80=3),P80,0),2) -> 0 | FS80: 0 | FT80: *0,9 | FU80: *0,85 | FX80: 106.2 | FY80: 53.55 | GD80: 0 | GF80: -1862938563 | GG80: 2 | GH80: 1 | GI80: -2 | GJ80: 0 | GK80: =ROUND(R80*(R12)/100,2) -> 0 | GL80: =ROUND(IF(AND(BH80=3,BI80=3,FS80<>0),P80,0),2) -> 0 | GM80: =ROUND(O80+X80+Y80+GK80,2)+GX80 -> 132.2 | GN80: =IF(OR(BI80=0,BI80=1),ROUND(O80+X80+Y80+GK80,2),0) -> 132.2 | GO80: =IF(BI80=2,ROUND(O80+X80+Y80+GK80,2),0) -> 0 | GP80: =IF(BI80=4,ROUND(O80+X80+Y80+GK80,2)+GX80,0) -> 0 | GR80: 0 | GS80: 3 | GT80: 0 | GV80: =ROUND(GT80,6) -> 0 | GW80: 1 | GX80: =ROUND(GV80*GW80*I80,2) -> 0 | HA80: 0 | HB80: 0 | IK80: 0
A81: 17 | B81: 1 | C81: =ROW(SmtRes!A190) -> 190 | D81: =ROW(EtalonRes!A194) -> 194 | E81: 14 | F81: 10-01-036-01 | G81: Установка уголков ПВХ на клее | H81: 100 м | I81: =ROUND(63.9/100,9) -> 0.639 | J81: 0 | O81: =ROUND(CP81,2) -> 389.35 | P81: =ROUND(CQ81*I81,2) -> 137.79 | Q81: =ROUND(CR81*I81,2) -> 0 | R81: =ROUND(CS81*I81,2) -> 0 | S81: =ROUND(CT81*I81,2) -> 251.56 | T81: =ROUND(CU81*I81,2) -> 0 | U81: =CV81*I81 -> 4.923495 | V81: =CW81*I81 -> 0 | W81: =ROUND(CX81*I81,2) -> 0 | X81: =ROUND(CY81,2) -> 266.65 | Y81: =ROUND(CZ81,2) -> 135.84 | AA81: 16671551 | AB81: =ROUND((AC81+AD81+AF81),6) -> 101.7225 | AC81: =ROUND((ES81),6) -> 36 | AD81: =ROUND(((((ET81*1.25))-((EU81*1.25)))+AE81),6) -> 0 | AE81: =ROUND(((EU81*1.25)),6) -> 0 | AF81: =ROUND(((EV81*1.15)),6) -> 65.7225 | AG81: =ROUND((AP81),6) -> 0 | AH81: =((EW81*1.15)) -> 7.705 | AI81: =((EX81*1.25)) -> 0 | AJ81: =ROUND((AS81),6) -> 0 | AK81: 93.15 | AL81: 36 | AM81: 0 | AN81: 0 | AO81: 57.15 | AP81: 0 | AQ81: 6.7 | AR81: 0 | AS81: 0 | AT81: 106 | AU81: 54 | AV81: 1 | AW81: 1 | AZ81: 5.99 | BA81: 5.99 | BB81: 5.99 | BC81: 5.99 | BH81: 0 | BI81: 1 | BJ81: ФЕР-2001, 10-01-036-01, приказ Минстроя России №1039/пр от 30.12.2016г. | BM81: 10001 | BN81: 0 | BP81: 0 | BQ81: 2 | BR81: 0 | BS81: 5.99 | BT81: 1 | BU81: 1 | BV81: 1 | BW81: 1 | BX81: 1 | BZ81: 118 | CA81: 63 | CF81: 0 | CG81: 0 | CM81: 0 | CN81: Поправка: МДС 81-35.2004, п.4.7 Наименование: Работы, выполняемые при реконструкции зданий и сооружений работы, аналогичные технологическим процессам в новом строительстве (в том числе возведение новых конструктивных элементов) стоимость которых определена по соответствующим сборникам ФЕР, кроме сборника № 46 «Работы при реконструкции зданий и сооружений» | CO81: 0 | CP81: =(P81+Q81+S81) -> 389.35 | CQ81: =AC81*BC81 -> 215.64 | CR81: =AD81*BB81 -> 0 | CS81: =AE81*BS81 -> 0 | CT81: =AF81*BA81 -> 393.67777 | CU81: =AG81 -> 0 | CV81: =AH81 -> 7.705 | CW81: =AI81 -> 0 | CX81: =AJ81 -> 0 | CY81: =(((S81+R81)*AT81)/100) -> 266.6536 | CZ81: =(((S81+R81)*AU81)/100) -> 135.8424 | DE81: )*1,25 | DF81: )*1,25 | DG81: )*1,15 | DI81: )*1,15 | DJ81: )*1,25 | DN81: 0 | DO81: 0 | DP81: 1 | DQ81: 1 | DU81: 1003 | DV81: 100 м | DW81: 100 м | DX81: 100 | EE81: 16510487 | EF81: 2 | EG81: Общестроительные работы | EH81: 0 | EJ81: 1 | EK81: 10001 | EL81: Деревянные конструкции | EM81: ФЕР-10 | EO81: Поправка: МДС 81-35.2004, п.4.7 | EQ81: 0 | ER81: 93.15 | ES81: 36 | ET81: 0 | EU81: 0 | EV81: 57.15 | EW81: 6.7 | EX81: 0 | EY81: 0 | FQ81: 0 | FR81: =ROUND(IF(AND(BH81=3,BI81=3),P81,0),2) -> 0 | FS81: 0 | FT81: *0,9 | FU81: *0,85 | FX81: 106.2 | FY81: 53.55 | GD81: 0 | GF81: -1862938563 | GG81: 1 | GH81: 1 | GI81: 4 | GJ81: 0 | GK81: =ROUND(R81*(S12)/100,2) -> 0 | GL81: =ROUND(IF(AND(BH81=3,BI81=3,FS81<>0),P81,0),2) -> 0 | GM81: =ROUND(O81+X81+Y81+GK81,2)+GX81 -> 791.84 | GN81: =IF(OR(BI81=0,BI81=1),ROUND(O81+X81+Y81+GK81,2),0) -> 791.84 | GO81: =IF(BI81=2,ROUND(O81+X81+Y81+GK81,2),0) -> 0 | GP81: =IF(BI81=4,ROUND(O81+X81+Y81+GK81,2)+GX81,0) -> 0 | GR81: 0 | GS81: 3 | GT81: 0 | GV81: =ROUND(GT81,6) -> 0 | GW81: 1 | GX81: =ROUND(GV81*GW81*I81,2) -> 0 | HA81: 0 | HB81: 0 | IK81: 0
A82: 18 | B82: 1 | C82: 184 | E82: 14,1 | F82: 11.3.03.13 | G82: Уголок ПВХ | H82: П.М | I82: =I80*J82 -> 63.9 | J82: 100 | O82: =ROUND(CP82,2) -> 0 | P82: =ROUND(CQ82*I82,2) -> 0 | Q82: =ROUND(CR82*I82,2) -> 0 | R82: =ROUND(CS82*I82,2) -> 0 | S82: =ROUND(CT82*I82,2) -> 0 | T82: =ROUND(CU82*I82,2) -> 0 | U82: =CV82*I82 -> 0 | V82: =CW82*I82 -> 0 | W82: =ROUND(CX82*I82,2) -> 0 | X82: =ROUND(CY82,2) -> 0 | Y82: =ROUND(CZ82,2) -> 0 | AA82: 16671550 | AB82: =ROUND((AC82+AD82+AF82),6) -> 0 | AC82: =ROUND((ES82),6) -> 0 | AD82: =ROUND((((ET82)-(EU82))+AE82),6) -> 0 | AE82: =ROUND((EU82),6) -> 0 | AF82: =ROUND((EV82),6) -> 0 | AG82: =ROUND((AP82),6) -> 0 | AH82: =(EW82) -> 0 | AI82: =(EX82) -> 0 | AJ82: =ROUND((AS82),6) -> 0 | AK82: 0 | AL82: 0 | AM82: 0 | AN82: 0 | AO82: 0 | AP82: 0 | AQ82: 0 | AR82: 0 | AS82: 0 | AT82: 106 | AU82: 54 | AV82: 1 | AW82: 1 | AZ82: 1 | BA82: 1 | BB82: 1 | BC82: 1 | BH82: 3 | BI82: 1 | BM82: 10001 | BN82: 0 | BP82: 0 | BQ82: 2 | BR82: 0 | BS82: 1 | BT82: 1 | BU82: 1 | BV82: 1 | BW82: 1 | BX82: 1 | BZ82: 118 | CA82: 63 | CF82: 0 | CG82: 0 | CM82: 0 | CO82: 0 | CP82: =(P82+Q82+S82) -> 0 | CQ82: =AC82*BC82 -> 0 | CR82: =AD82*BB82 -> 0 | CS82: =AE82*BS82 -> 0 | CT82: =AF82*BA82 -> 0 | CU82: =AG82 -> 0 | CV82: =AH82 -> 0 | CW82: =AI82 -> 0 | CX82: =AJ82 -> 0 | CY82: =(((S82+R82)*AT82)/100) -> 0 | CZ82: =(((S82+R82)*AU82)/100) -> 0 | DN82: 0 | DO82: 0 | DP82: 1 | DQ82: 1 | DU82: 1013 | DV82: П.М | DW82: П.М | DX82: 1 | EE82: 16510487 | EF82: 2 | EG82: Общестроительные работы | EH82: 0 | EJ82: 1 | EK82: 10001 | EL82: Деревянные конструкции | EM82: ФЕР-10 | EQ82: 0 | ER82: 0 | ES82: 0 | ET82: 0 | EU82: 0 | EV82: 0 | EW82: 0 | EX82: 0 | FQ82: 0 | FR82: =ROUND(IF(AND(BH82=3,BI82=3),P82,0),2) -> 0 | FS82: 0 | FT82: *0,9 | FU82: *0,85 | FX82: 106.2 | FY82: 53.55 | GD82: 0 | GF82: -1710570218 | GG82: 2 | GH82: 1 | GI82: -2 | GJ82: 0 | GK82: =ROUND(R82*(R12)/100,2) -> 0 | GL82: =ROUND(IF(AND(BH82=3,BI82=3,FS82<>0),P82,0),2) -> 0 | GM82: =ROUND(O82+X82+Y82+GK82,2)+GX82 -> 0 | GN82: =IF(OR(BI82=0,BI82=1),ROUND(O82+X82+Y82+GK82,2),0) -> 0 | GO82: =IF(BI82=2,ROUND(O82+X82+Y82+GK82,2),0) -> 0 | GP82: =IF(BI82=4,ROUND(O82+X82+Y82+GK82,2)+GX82,0) -> 0 | GR82: 0 | GS82: 3 | GT82: 0 | GV82: =ROUND(GT82,6) -> 0 | GW82: 1 | GX82: =ROUND(GV82*GW82*I82,2) -> 0 | HA82: 0 | HB82: 0 | IK82: 0
A83: 18 | B83: 1 | C83: 188 | E83: 14,1 | F83: 11.3.03.13 | G83: Уголок ПВХ | H83: П.М | I83: =I81*J83 -> 63.9 | J83: 100 | O83: =ROUND(CP83,2) -> 0 | P83: =ROUND(CQ83*I83,2) -> 0 | Q83: =ROUND(CR83*I83,2) -> 0 | R83: =ROUND(CS83*I83,2) -> 0 | S83: =ROUND(CT83*I83,2) -> 0 | T83: =ROUND(CU83*I83,2) -> 0 | U83: =CV83*I83 -> 0 | V83: =CW83*I83 -> 0 | W83: =ROUND(CX83*I83,2) -> 0 | X83: =ROUND(CY83,2) -> 0 | Y83: =ROUND(CZ83,2) -> 0 | AA83: 16671551 | AB83: =ROUND((AC83+AD83+AF83),6) -> 0 | AC83: =ROUND((ES83),6) -> 0 | AD83: =ROUND((((ET83)-(EU83))+AE83),6) -> 0 | AE83: =ROUND((EU83),6) -> 0 | AF83: =ROUND((EV83),6) -> 0 | AG83: =ROUND((AP83),6) -> 0 | AH83: =(EW83) -> 0 | AI83: =(EX83) -> 0 | AJ83: =ROUND((AS83),6) -> 0 | AK83: 0 | AL83: 0 | AM83: 0 | AN83: 0 | AO83: 0 | AP83: 0 | AQ83: 0 | AR83: 0 | AS83: 0 | AT83: 106 | AU83: 54 | AV83: 1 | AW83: 1 | AZ83: 5.99 | BA83: 1 | BB83: 1 | BC83: 5.99 | BH83: 3 | BI83: 1 | BM83: 10001 | BN83: 0 | BP83: 0 | BQ83: 2 | BR83: 0 | BS83: 1 | BT83: 1 | BU83: 1 | BV83: 1 | BW83: 1 | BX83: 1 | BZ83: 118 | CA83: 63 | CF83: 0 | CG83: 0 | CM83: 0 | CO83: 0 | CP83: =(P83+Q83+S83) -> 0 | CQ83: =AC83*BC83 -> 0 | CR83: =AD83*BB83 -> 0 | CS83: =AE83*BS83 -> 0 | CT83: =AF83*BA83 -> 0 | CU83: =AG83 -> 0 | CV83: =AH83 -> 0 | CW83: =AI83 -> 0 | CX83: =AJ83 -> 0 | CY83: =(((S83+R83)*AT83)/100) -> 0 | CZ83: =(((S83+R83)*AU83)/100) -> 0 | DN83: 0 | DO83: 0 | DP83: 1 | DQ83: 1 | DU83: 1013 | DV83: П.М | DW83: П.М | DX83: 1 | EE83: 16510487 | EF83: 2 | EG83: Общестроительные работы | EH83: 0 | EJ83: 1 | EK83: 10001 | EL83: Деревянные конструкции | EM83: ФЕР-10 | EQ83: 0 | ER83: 0 | ES83: 0 | ET83: 0 | EU83: 0 | EV83: 0 | EW83: 0 | EX83: 0 | FQ83: 0 | FR83: =ROUND(IF(AND(BH83=3,BI83=3),P83,0),2) -> 0 | FS83: 0 | FT83: *0,9 | FU83: *0,85 | FX83: 106.2 | FY83: 53.55 | GD83: 0 | GF83: -1710570218 | GG83: 1 | GH83: 1 | GI83: 4 | GJ83: 0 | GK83: =ROUND(R83*(S12)/100,2) -> 0 | GL83: =ROUND(IF(AND(BH83=3,BI83=3,FS83<>0),P83,0),2) -> 0 | GM83: =ROUND(O83+X83+Y83+GK83,2)+GX83 -> 0 | GN83: =IF(OR(BI83=0,BI83=1),ROUND(O83+X83+Y83+GK83,2),0) -> 0 | GO83: =IF(BI83=2,ROUND(O83+X83+Y83+GK83,2),0) -> 0 | GP83: =IF(BI83=4,ROUND(O83+X83+Y83+GK83,2)+GX83,0) -> 0 | GR83: 0 | GS83: 3 | GT83: 0 | GV83: =ROUND(GT83,6) -> 0 | GW83: 1 | GX83: =ROUND(GV83*GW83*I83,2) -> 0 | HA83: 0 | HB83: 0 | IK83: 0
A84: 18 | B84: 1 | C84: 185 | E84: 14,2 | F84: 11.3.03.13-0044 | G84: Уголок ПВХ, размером 25х25 мм | H84: 10 м | I84: =I80*J84 -> 6.39 | J84: 10 | O84: =ROUND(CP84,2) -> 191.06 | P84: =ROUND(CQ84*I84,2) -> 191.06 | Q84: =ROUND(CR84*I84,2) -> 0 | R84: =ROUND(CS84*I84,2) -> 0 | S84: =ROUND(CT84*I84,2) -> 0 | T84: =ROUND(CU84*I84,2) -> 0 | U84: =CV84*I84 -> 0 | V84: =CW84*I84 -> 0 | W84: =ROUND(CX84*I84,2) -> 0 | X84: =ROUND(CY84,2) -> 0 | Y84: =ROUND(CZ84,2) -> 0 | AA84: 16671550 | AB84: =ROUND((AC84+AD84+AF84),6) -> 29.9 | AC84: =ROUND((ES84),6) -> 29.9 | AD84: =ROUND((((ET84)-(EU84))+AE84),6) -> 0 | AE84: =ROUND((EU84),6) -> 0 | AF84: =ROUND((EV84),6) -> 0 | AG84: =ROUND((AP84),6) -> 0 | AH84: =(EW84) -> 0 | AI84: =(EX84) -> 0 | AJ84: =ROUND((AS84),6) -> 0 | AK84: 29.9 | AL84: 29.9 | AM84: 0 | AN84: 0 | AO84: 0 | AP84: 0 | AQ84: 0 | AR84: 0 | AS84: 0 | AT84: 106 | AU84: 54 | AV84: 1 | AW84: 1 | AZ84: 1 | BA84: 1 | BB84: 1 | BC84: 1 | BH84: 3 | BI84: 1 | BJ84: ФССЦ-2001, 11.3.03.13-0044, приказ Минстроя России №1039/пр от 30.12.2016г. | BM84: 10001 | BN84: 0 | BP84: 0 | BQ84: 2 | BR84: 0 | BS84: 1 | BT84: 1 | BU84: 1 | BV84: 1 | BW84: 1 | BX84: 1 | BZ84: 118 | CA84: 63 | CF84: 0 | CG84: 0 | CM84: 0 | CO84: 0 | CP84: =(P84+Q84+S84) -> 191.06 | CQ84: =AC84*BC84 -> 29.9 | CR84: =AD84*BB84 -> 0 | CS84: =AE84*BS84 -> 0 | CT84: =AF84*BA84 -> 0 | CU84: =AG84 -> 0 | CV84: =AH84 -> 0 | CW84: =AI84 -> 0 | CX84: =AJ84 -> 0 | CY84: =(((S84+R84)*AT84)/100) -> 0 | CZ84: =(((S84+R84)*AU84)/100) -> 0 | DN84: 0 | DO84: 0 | DP84: 1 | DQ84: 1 | DU84: 1003 | DV84: 10 м | DW84: 10 м | DX84: 10 | EE84: 16510487 | EF84: 2 | EG84: Общестроительные работы | EH84: 0 | EJ84: 1 | EK84: 10001 | EL84: Деревянные конструкции | EM84: ФЕР-10 | EQ84: 0 | ER84: 29.9 | ES84: 29.9 | ET84: 0 | EU84: 0 | EV84: 0 | EW84: 0 | EX84: 0 | FQ84: 0 | FR84: =ROUND(IF(AND(BH84=3,BI84=3),P84,0),2) -> 0 | FS84: 0 | FT84: *0,9 | FU84: *0,85 | FX84: 106.2 | FY84: 53.55 | GD84: 0 | GF84: -1113193828 | GG84: 2 | GH84: 1 | GI84: -2 | GJ84: 0 | GK84: =ROUND(R84*(R12)/100,2) -> 0 | GL84: =ROUND(IF(AND(BH84=3,BI84=3,FS84<>0),P84,0),2) -> 0 | GM84: =ROUND(O84+X84+Y84+GK84,2)+GX84 -> 191.06 | GN84: =IF(OR(BI84=0,BI84=1),ROUND(O84+X84+Y84+GK84,2),0) -> 191.06 | GO84: =IF(BI84=2,ROUND(O84+X84+Y84+GK84,2),0) -> 0 | GP84: =IF(BI84=4,ROUND(O84+X84+Y84+GK84,2)+GX84,0) -> 0 | GR84: 0 | GS84: 3 | GT84: 0 | GV84: =ROUND(GT84,6) -> 0 | GW84: 1 | GX84: =ROUND(GV84*GW84*I84,2) -> 0 | HA84: 0 | HB84: 0 | IK84: 0
A85: 18 | B85: 1 | C85: 189 | E85: 14,2 | F85: 11.3.03.13-0044 | G85: Уголок ПВХ, размером 25х25 мм | H85: 10 м | I85: =I81*J85 -> 6.39 | J85: 10 | O85: =ROUND(CP85,2) -> 1144.46 | P85: =ROUND(CQ85*I85,2) -> 1144.46 | Q85: =ROUND(CR85*I85,2) -> 0 | R85: =ROUND(CS85*I85,2) -> 0 | S85: =ROUND(CT85*I85,2) -> 0 | T85: =ROUND(CU85*I85,2) -> 0 | U85: =CV85*I85 -> 0 | V85: =CW85*I85 -> 0 | W85: =ROUND(CX85*I85,2) -> 0 | X85: =ROUND(CY85,2) -> 0 | Y85: =ROUND(CZ85,2) -> 0 | AA85: 16671551 | AB85: =ROUND((AC85+AD85+AF85),6) -> 29.9 | AC85: =ROUND((ES85),6) -> 29.9 | AD85: =ROUND((((ET85)-(EU85))+AE85),6) -> 0 | AE85: =ROUND((EU85),6) -> 0 | AF85: =ROUND((EV85),6) -> 0 | AG85: =ROUND((AP85),6) -> 0 | AH85: =(EW85) -> 0 | AI85: =(EX85) -> 0 | AJ85: =ROUND((AS85),6) -> 0 | AK85: 29.9 | AL85: 29.9 | AM85: 0 | AN85: 0 | AO85: 0 | AP85: 0 | AQ85: 0 | AR85: 0 | AS85: 0 | AT85: 106 | AU85: 54 | AV85: 1 | AW85: 1 | AZ85: 5.99 | BA85: 1 | BB85: 1 | BC85: 5.99 | BH85: 3 | BI85: 1 | BJ85: ФССЦ-2001, 11.3.03.13-0044, приказ Минстроя России №1039/пр от 30.12.2016г. | BM85: 10001 | BN85: 0 | BP85: 0 | BQ85: 2 | BR85: 0 | BS85: 1 | BT85: 1 | BU85: 1 | BV85: 1 | BW85: 1 | BX85: 1 | BZ85: 118 | CA85: 63 | CF85: 0 | CG85: 0 | CM85: 0 | CO85: 0 | CP85: =(P85+Q85+S85) -> 1144.46 | CQ85: =AC85*BC85 -> 179.101 | CR85: =AD85*BB85 -> 0 | CS85: =AE85*BS85 -> 0 | CT85: =AF85*BA85 -> 0 | CU85: =AG85 -> 0 | CV85: =AH85 -> 0 | CW85: =AI85 -> 0 | CX85: =AJ85 -> 0 | CY85: =(((S85+R85)*AT85)/100) -> 0 | CZ85: =(((S85+R85)*AU85)/100) -> 0 | DN85: 0 | DO85: 0 | DP85: 1 | DQ85: 1 | DU85: 1003 | DV85: 10 м | DW85: 10 м | DX85: 10 | EE85: 16510487 | EF85: 2 | EG85: Общестроительные работы | EH85: 0 | EJ85: 1 | EK85: 10001 | EL85: Деревянные конструкции | EM85: ФЕР-10 | EQ85: 0 | ER85: 29.9 | ES85: 29.9 | ET85: 0 | EU85: 0 | EV85: 0 | EW85: 0 | EX85: 0 | FQ85: 0 | FR85: =ROUND(IF(AND(BH85=3,BI85=3),P85,0),2) -> 0 | FS85: 0 | FT85: *0,9 | FU85: *0,85 | FX85: 106.2 | FY85: 53.55 | GD85: 0 | GF85: -1113193828 | GG85: 1 | GH85: 1 | GI85: 4 | GJ85: 0 | GK85: =ROUND(R85*(S12)/100,2) -> 0 | GL85: =ROUND(IF(AND(BH85=3,BI85=3,FS85<>0),P85,0),2) -> 0 | GM85: =ROUND(O85+X85+Y85+GK85,2)+GX85 -> 1144.46 | GN85: =IF(OR(BI85=0,BI85=1),ROUND(O85+X85+Y85+GK85,2),0) -> 1144.46 | GO85: =IF(BI85=2,ROUND(O85+X85+Y85+GK85,2),0) -> 0 | GP85: =IF(BI85=4,ROUND(O85+X85+Y85+GK85,2)+GX85,0) -> 0 | GR85: 0 | GS85: 3 | GT85: 0 | GV85: =ROUND(GT85,6) -> 0 | GW85: 1 | GX85: =ROUND(GV85*GW85*I85,2) -> 0 | HA85: 0 | HB85: 0 | IK85: 0
